Workbook
Name Adj_EPS: '[1]Main Worksheet'!$A$98:$AY$98
Name Adjusted_Earnings_Per_Share__attributable_to_Leidos: '[2]Main Worksheet'!$A$138:$AQ$138
Name Adjusted_EBITDA: '[3]Main Worksheet'!$A$60:$AY$60
Name Adjusted_EBITDA_Margin: '[3]Main Worksheet'!$A$61:$AY$61
Name Adjusted_EPS: '[4]Main Worksheet'!$A$124:$BP$124
Name AEBIT: '[1]Main Worksheet'!$A$60:$AY$60
Name AEBIT_margin: '[1]Main Worksheet'!$A$61:$AY$61
Name AEBITDA: '[1]Main Worksheet'!$A$77:$AY$77
Name AEBITDA_margin: '[1]Main Worksheet'!$A$80:$AY$80
Name Aerospace: #REF!
Name Capex: #REF!
Name Cash: '[4]Main Worksheet'!$A$284:$FJ$284
Name Cash_EPS__excl._intangible_amortization: '[3]Main Worksheet'!$A$91:$AY$91
Name Cash_Net_Income__excl._intangible_amortization: '[3]Main Worksheet'!$A$88:$AY$88
Name Cash_used__provided__by_MARPA: '[3]Main Worksheet'!$A$137:$AY$137
Name CFO: '[1]Main Worksheet'!$A$124:$AY$124
Name Combat_Systems: #REF!
Name Core_EPS: [5]Main!$A$88:$AH$88
Name Core_Operating_Income: [5]Main!$A$54:$AD$55
Name date: #REF!
Name Diluted_EPS: #REF!
Name diluted_shares: '[1]Main Worksheet'!$A$46:$AY$46
Name Diluted_Shares_Outstanding: #REF!
Name Div_Per_Share: [5]Main!$A$90:$AJ$90
Name Dividends_per_Share: #REF!
Name EBIT_Margin: #REF!
Name EBITDA_as_Defined: '[4]Main Worksheet'!$A$145:$BO$145
Name EPS___Diluted: '[2]Main Worksheet'!$A$80:$AQ$80
Name FCF: '[1]Main Worksheet'!$A$152:$AY$152
Name FCF_Net_Income: #REF!
Name Free_Cash_Flow: #REF!
Name Free_Cash_Flow__ex._MARPA: '[3]Main Worksheet'!$A$138:$AY$138
Name Free_Cash_Flow_per_Share: #REF!
Name FY: '[1]Main Worksheet'!$A$2:$AY$2
Name GAAP_EPS: '[1]Main Worksheet'!$A$42:$AY$42
Name gross_debt: '[1]Main Worksheet'!$A$222:$AY$222
Name Gross_Profit: '[1]Main Worksheet'!$A$19:$AY$19
Name Gulfstream_Deliveries: #REF!
Name Leverage__Net_Debt_EBITDA: #REF!
Name Leverage_Data: [5]Main!$A$244:$AQ$250
Name Marine: #REF!
Name Net_Debt: #REF!
Name Net_Income: #REF!
Name net_leverage: '[1]Main Worksheet'!$A$229:$AY$229
Name Net_sales: '[1]Main Worksheet'!$A$8:$AY$8
Name Operating_cash_flow: #REF!
Name Operating_CF: '[4]Main Worksheet'!$A$178:$BH$178
Name Operating_income: #REF!
Name Operating_Income___GAAP: '[3]Main Worksheet'!$A$26:$AY$26
Name Operating_Margin___GAAP: '[3]Main Worksheet'!$A$27:$AY$27
Name Period_End: [5]Main!$A$4:$AQ$5
Name Period_Ended: '[1]Main Worksheet'!$A$3:$AY$3
Name Reported_Sales: '[2]Main Worksheet'!$A$11:$AQ$11
Name Rev_ex_billable: '[1]Main Worksheet'!$A$50:$AY$50
Name Sales: #REF!
Name Segment_EBIT: [5]Main!$A$29:$AB$40
Name Segment_Sales: [5]Main!$A$7:$AB$13
Name Sharecount: '[2]Main Worksheet'!$C$86:$AQ$86
Name Technologies: #REF!
Name Total_Adjusted_Operating_Income: '[2]Main Worksheet'!$A$112:$AQ$112

Sheet Model
A1: HWM
A2: ='HWM- TSM'!C5 -> 110.83
A3: 45646 | C3: Q1 '21 | D3: Q2 '21 | E3: Q3 '21 | F3: Q4 '21 | G3: Q1 '22 | H3: Q2 '22 | I3: Q3 '22 | J3: Q4 '22 | K3: Q1 '23 | L3: Q2 '23 | M3: Q3 '23 | N3: Q4 '23 | O3: Q1 '24 | P3: Q2 '24 | Q3: Q3 '24 | R3: Q4 '24 | S3: Q1 '25 | T3: Q2 '25 | U3: Q3 '25 | V3: Q4 '25 | X3: 2021 | Y3: =X3+1 -> 2022 | Z3: =Y3+1 -> 2023 | AA3: =Z3+1 -> 2024 | AB3: =AA3+1 -> 2025 | AC3: =AB3+1 -> 2026 | AD3: =AC3+1 -> 2027 | AE3: =AD3+1 -> 2028 | AF3: =AE3+1 -> 2029 | AG3: =AF3+1 -> 2030 | AI3: CAGR
C4: Actual | D4: Actual | E4: Actual | F4: Actual | G4: Actual | H4: Actual | I4: Actual | J4: Actual | K4: Actual | L4: Actual | M4: Actual | N4: Actual | O4: Actual | P4: Actual | Q4: Actual | R4: Est | S4: Est | T4: Est | U4: Est | V4: Est | X4: Actual | Y4: Actual | Z4: Actual | AA4: Est | AB4: Est | AC4: Est | AD4: Est | AE4: Est | AF4: Est | AG4: Est | AI4: '24E - '30E
B6: Revenue Build
B8: Aerospace Deliveries (Units)
B10: Boeing
B11: 737 | C11: 63 | D11: 50 | E11: 66 | F11: 84 | G11: 86 | H11: 103 | I11: 88 | J11: 110 | K11: 113 | L11: 103 | M11: 70 | N11: 110 | O11: 67 | P11: 70 | Q11: 92 | R11: =20*3 -> 60 | S11: =20*3 -> 60 | T11: =20*3 -> 60 | U11: =20*3 -> 60 | V11: =20*3 -> 60 | X11: =SUM(C11:F11) -> 263 | Y11: =SUM(G11:J11) -> 387 | Z11: =SUM(K11:N11) -> 396 | AA11: =SUM(O11:R11) -> 289 | AB11: =SUM(S11:V11) -> 240
B12: 747 | C12: 1 | D12: 1 | E12: 2 | F12: 3 | G12: 1 | H12: 2 | I12: 0 | J12: 2 | K12: 1 | L12: 0 | M12: 0 | N12: 0 | O12: 0 | P12: 0 | Q12: 0 | R12: =ROUND(N12*(1+R$17),0) -> 0 | S12: =ROUND(O12*(1+S$17),0) -> 0 | T12: =ROUND(P12*(1+T$17),0) -> 0 | U12: =ROUND(Q12*(1+U$17),0) -> 0 | V12: =ROUND(R12*(1+V$17),0) -> 0 | X12: =SUM(C12:F12) -> 7 | Y12: =SUM(G12:J12) -> 5 | Z12: =SUM(K12:N12) -> 1 | AA12: =SUM(O12:R12) -> 0 | AB12: =SUM(S12:V12) -> 0
B13: 767 | C13: 5 | D13: 8 | E13: 11 | F13: 8 | G13: 5 | H13: 7 | I13: 9 | J13: 12 | K13: 1 | L13: 8 | M13: 8 | N13: 15 | O13: 3 | P13: 6 | Q13: 6 | R13: =ROUND(N13*(1+R$17),0) -> 11 | S13: =ROUND(O13*(1+S$17),0) -> 4 | T13: =ROUND(P13*(1+T$17),0) -> 7 | U13: =ROUND(Q13*(1+U$17),0) -> 7 | V13: =ROUND(R13*(1+V$17),0) -> 15 | X13: =SUM(C13:F13) -> 32 | Y13: =SUM(G13:J13) -> 33 | Z13: =SUM(K13:N13) -> 32 | AA13: =SUM(O13:R13) -> 26 | AB13: =SUM(S13:V13) -> 33
B14: 777 | C14: 6 | D14: 8 | E14: 6 | F14: 4 | G14: 3 | H14: 9 | I14: 6 | J14: 6 | K14: 4 | L14: 5 | M14: 8 | N14: 9 | O14: 0 | P14: 7 | Q14: 4 | R14: =ROUND(N14*(1+R$17),0) -> 7 | S14: =ROUND(O14*(1+S$17),0) -> 0 | T14: =ROUND(P14*(1+T$17),0) -> 9 | U14: =ROUND(Q14*(1+U$17),0) -> 5 | V14: =ROUND(R14*(1+V$17),0) -> 10 | X14: =SUM(C14:F14) -> 24 | Y14: =SUM(G14:J14) -> 24 | Z14: =SUM(K14:N14) -> 26 | AA14: =SUM(O14:R14) -> 18 | AB14: =SUM(S14:V14) -> 24
B15: 787 | C15: 2 | D15: 12 | E15: 0 | F15: 0 | G15: 0 | H15: 0 | I15: 9 | J15: 22 | K15: 11 | L15: 20 | M15: 19 | N15: 23 | O15: 13 | P15: 9 | Q15: 14 | R15: =ROUND(N15*(1+R$17),0) -> 17 | S15: =ROUND(O15*(1+S$17),0) -> 15 | T15: =ROUND(P15*(1+T$17),0) -> 11 | U15: =ROUND(Q15*(1+U$17),0) -> 17 | V15: =ROUND(R15*(1+V$17),0) -> 24 | X15: =SUM(C15:F15) -> 14 | Y15: =SUM(G15:J15) -> 31 | Z15: =SUM(K15:N15) -> 73 | AA15: =SUM(O15:R15) -> 53 | AB15: =SUM(S15:V15) -> 67
B16: Total Boeing | C16: =SUM(C11:C15) -> 77 | D16: =SUM(D11:D15) -> 79 | E16: =SUM(E11:E15) -> 85 | F16: =SUM(F11:F15) -> 99 | G16: =SUM(G11:G15) -> 95 | H16: =SUM(H11:H15) -> 121 | I16: =SUM(I11:I15) -> 112 | J16: =SUM(J11:J15) -> 152 | ... V16: =SUM(V11:V15) -> 109 | X16: =SUM(X11:X15) -> 340 | Y16: =SUM(Y11:Y15) -> 480 | Z16: =SUM(Z11:Z15) -> 528 | AA16: =SUM(AA11:AA15) -> 386 | AB16: =AA16*(1+AB17) -> 486.36 | AC16: =AB16*(1+AC17) -> 515.5416 | AD16: =AC16*(1+AD17) -> 546.4741 | AE16: =AD16*(1+AE17) -> 579.26254 | AF16: =AE16*(1+AF17) -> 614.01829 | AG16: =AF16*(1+AG17) -> 650.85939 | AI16: =RATE(7,,-Z16,AG16) -> 0.030336384
B17: Growth YoY | G17: =G16/C16-1 -> 0.23376623 | H17: =H16/D16-1 -> 0.53164557 | I17: =I16/E16-1 -> 0.31764706 | J17: =J16/F16-1 -> 0.53535354 | K17: =K16/G16-1 -> 0.36842105 | L17: =L16/H16-1 -> 0.12396694 | M17: =M16/I16-1 -> -0.0625 | N17: =N16/J16-1 -> 0.032894737 | ... Q17: =Q16/M16-1 -> 0.1047619 | R17: -0.24 | S17: 0.18 | T17: 0.23 | U17: 0.23 | V17: 0.4 | Y17: =Y16/X16-1 -> 0.41176471 | Z17: =Z16/Y16-1 -> 0.1 | AA17: =AA16/Z16-1 -> -0.26893939 | AB17: 0.26 | AC17: 0.06 | AD17: =AC17 -> 0.06 | AE17: =AD17 -> 0.06 | AF17: =AE17 -> 0.06 | AG17: =AF17 -> 0.06
B19: Airbus
B20: A320neo | X20: =SUM(C20:F20) -> 0 | Y20: =SUM(G20:J20) -> 0 | Z20: =SUM(K20:N20) -> 0 | AA20: =SUM(O20:R20) -> 0 | AB20: =SUM(S20:V20) -> 0
B21: A220 | X21: =SUM(C21:F21) -> 0 | Y21: =SUM(G21:J21) -> 0 | Z21: =SUM(K21:N21) -> 0 | AA21: =SUM(O21:R21) -> 0 | AB21: =SUM(S21:V21) -> 0
B22: A350 | X22: =SUM(C22:F22) -> 0 | Y22: =SUM(G22:J22) -> 0 | Z22: =SUM(K22:N22) -> 0 | AA22: =SUM(O22:R22) -> 0 | AB22: =SUM(S22:V22) -> 0
B23: A330neo | X23: =SUM(C23:F23) -> 0 | Y23: =SUM(G23:J23) -> 0 | Z23: =SUM(K23:N23) -> 0 | AA23: =SUM(O23:R23) -> 0 | AB23: =SUM(S23:V23) -> 0
B24: Total Airbus | C24: 125 | D24: =297-C24 -> 172 | E24: =424-SUM(C24:D24) -> 127 | F24: =611-SUM(C24:E24) -> 187 | G24: 142 | H24: =297-G24 -> 155 | I24: =437-SUM(G24:H24) -> 140 | J24: =661-SUM(G24:I24) -> 224 | K24: 127 | L24: =316-K24 -> 189 | M24: =488-SUM(K24:L24) -> 172 | N24: =735-SUM(K24:M24) -> 247 | O24: 142 | P24: =323-O24 -> 181 | Q24: =497-SUM(O24:P24) -> 174 | R24: =770-SUM(O24:Q24) -> 273 | S24: =820/4 -> 205 | T24: =S24 -> 205 | U24: =T24 -> 205 | V24: =U24 -> 205 | X24: =SUM(C24:F24) -> 611 | Y24: =SUM(G24:J24) -> 661 | Z24: =SUM(K24:N24) -> 735 | AA24: =SUM(O24:R24) -> 770 | AB24: =SUM(S24:V24) -> 820 | AC24: =AB24*(1+AC25) -> 869.2 | AD24: =AC24*(1+AD25) -> 921.352 | AE24: =AD24*(1+AE25) -> 976.63312 | AF24: =AE24*(1+AF25) -> 1035.2311 | AG24: =AF24*(1+AG25) -> 1097.345 | AI24: =RATE(7,,-Z24,AG24) -> 0.058924801
AC25: 0.06 | AD25: =AC25 -> 0.06 | AE25: =AD25 -> 0.06 | AF25: =AE25 -> 0.06 | AG25: =AF25 -> 0.06
B26: Embraer
B27: Total Embraer | C27: =48/4 -> 12 | D27: =48/4 -> 12 | E27: =48/4 -> 12 | F27: =48/4 -> 12 | G27: =ROUND(57/4,0) -> 14 | H27: =ROUND(57/4,0) -> 14 | I27: =ROUND(57/4,0) -> 14 | J27: =ROUND(57/4,0) -> 14 | K27: =64/4 -> 16 | L27: =64/4 -> 16 | M27: =64/4 -> 16 | N27: =64/4 -> 16 | O27: 18 | P27: 18 | Q27: 18 | R27: 18 | S27: 20 | T27: 20 | U27: 20 | V27: 20 | X27: =SUM(C27:F27) -> 48 | Y27: =SUM(G27:J27) -> 56 | Z27: =SUM(K27:N27) -> 64 | AA27: =SUM(O27:R27) -> 72 | AB27: =SUM(S27:V27) -> 80 | AC27: =AB27*(1+AC28) -> 84.8 | AD27: =AC27*(1+AD28) -> 89.888 | AE27: =AD27*(1+AE28) -> 95.28128 | AF27: =AE27*(1+AF28) -> 100.99816 | AG27: =AF27*(1+AG28) -> 107.05805 | AI27: =RATE(7,,-Z27,AG27) -> 0.076266706
Y28: =Y27/X27-1 -> 0.16666667 | Z28: =Z27/Y27-1 -> 0.14285714 | AA28: =AA27/Z27-1 -> 0.125 | AB28: =AB27/AA27-1 -> 0.11111111 | AC28: 0.06 | AD28: =AC28 -> 0.06 | AE28: =AD28 -> 0.06 | AF28: =AE28 -> 0.06 | AG28: =AF28 -> 0.06
B29: Bombardier
B30: Light | C30: 1 | D30: 3 | E30: 4 | F30: 2 | G30: 3 | H30: 0 | I30: 0 | J30: 0 | K30: 0 | L30: 0 | M30: 0 | N30: 0 | X30: =SUM(C30:F30) -> 10 | Y30: =SUM(G30:J30) -> 3 | Z30: =SUM(K30:N30) -> 0 | AA30: =SUM(O30:R30) -> 0 | AB30: =SUM(S30:V30) -> 0
B31: Medium | C31: 9 | D31: 9 | E31: 8 | F31: 18 | G31: 6 | H31: 12 | I31: 12 | J31: 20 | K31: 8 | L31: 15 | M31: 16 | N31: 24 | O31: 12 | P31: 20 | Q31: 13 | X31: =SUM(C31:F31) -> 44 | Y31: =SUM(G31:J31) -> 50 | Z31: =SUM(K31:N31) -> 63 | AA31: =SUM(O31:R31) -> 45 | AB31: =SUM(S31:V31) -> 0
B32: Large | C32: 16 | D32: 17 | E32: 15 | F32: 18 | G32: 12 | H32: 16 | I32: 13 | J32: 29 | K32: 14 | L32: 14 | M32: 15 | N32: 52 | O32: 8 | P32: 19 | Q32: 17 | X32: =SUM(C32:F32) -> 66 | Y32: =SUM(G32:J32) -> 70 | Z32: =SUM(K32:N32) -> 95 | AA32: =SUM(O32:R32) -> 44 | AB32: =SUM(S32:V32) -> 0
B33: Total Bombardier | C33: =SUM(C30:C32) -> 26 | D33: =SUM(D30:D32) -> 29 | E33: =SUM(E30:E32) -> 27 | F33: =SUM(F30:F32) -> 38 | G33: =SUM(G30:G32) -> 21 | H33: =SUM(H30:H32) -> 28 | I33: =SUM(I30:I32) -> 25 | J33: =SUM(J30:J32) -> 49 | ... Q33: =SUM(Q30:Q32) -> 30 | R33: =150-SUM(O33:Q33) -> 61 | S33: =O33 -> 20 | T33: =P33 -> 39 | U33: =Q33 -> 30 | V33: =R33 -> 61 | X33: =SUM(X30:X32) -> 120 | Y33: =SUM(Y30:Y32) -> 123 | Z33: =SUM(Z30:Z32) -> 158 | AA33: =SUM(O33:R33) -> 150 | AB33: =SUM(R33:U33) -> 150 | AC33: =AB33*(1+AC34) -> 159 | AD33: =AC33*(1+AD34) -> 168.54 | AE33: =AD33*(1+AE34) -> 178.6524 | AF33: =AE33*(1+AF34) -> 189.37154 | AG33: =AF33*(1+AG34) -> 200.73384 | AI33: =RATE(7,,-Z33,AG33) -> 0.034789298
AC34: 0.06 | AD34: =AC34 -> 0.06 | AE34: =AD34 -> 0.06 | AF34: =AE34 -> 0.06 | AG34: =AF34 -> 0.06
B36: Total Commercial Aero Units | C36: =SUM(C16,C24,C27,C33) -> 240 | D36: =SUM(D16,D24,D27,D33) -> 292 | E36: =SUM(E16,E24,E27,E33) -> 251 | F36: =SUM(F16,F24,F27,F33) -> 336 | G36: =SUM(G16,G24,G27,G33) -> 272 | H36: =SUM(H16,H24,H27,H33) -> 318 | I36: =SUM(I16,I24,I27,I33) -> 291 | J36: =SUM(J16,J24,J27,J33) -> 439 | ... V36: =SUM(V16,V24,V27,V33) -> 395 | X36: =SUM(X16,X24,X27,X33) -> 1119 | Y36: =SUM(Y16,Y24,Y27,Y33) -> 1320 | Z36: =SUM(Z16,Z24,Z27,Z33) -> 1485 | AA36: =SUM(AA16,AA24,AA27,AA33) -> 1378 | AB36: =SUM(AB16,AB24,AB27,AB33) -> 1536.36 | AC36: =SUM(AC16,AC24,AC27,AC33) -> 1628.5416 | AD36: =SUM(AD16,AD24,AD27,AD33) -> 1726.2541 | AE36: =SUM(AE16,AE24,AE27,AE33) -> 1829.8293 | ... AG36: =SUM(AG16,AG24,AG27,AG33) -> 2055.9962 | AI36: =RATE(7,,-Z36,AG36) -> 0.047574995
B38: Defense Platforms - Deliveries
B39: Boeing
B40: AH-64 Apache (New) | C40: 9 | D40: 6 | E40: 4 | F40: 8 | G40: 7 | H40: 6 | I40: 7 | J40: 5 | K40: 7 | L40: 5 | M40: 5 | N40: 3 | O40: 0 | P40: 3 | Q40: 7 | R40: =Q40*(1+R$17) -> 5.32 | S40: =R40*(1+S$17) -> 6.2776 | T40: =S40*(1+T$17) -> 7.721448 | U40: =T40*(1+U$17) -> 9.497381 | V40: =U40*(1+V$17) -> 13.296333 | X40: =SUM(C40:F40) -> 27 | Y40: =SUM(G40:J40) -> 25 | Z40: =SUM(K40:N40) -> 20 | AA40: =SUM(O40:R40) -> 15.32 | AB40: =SUM(S40:V40) -> 36.792762 | AC40: =ROUND(AB40*(1+AC$17),0) -> 39 | AD40: =ROUND(AC40*(1+AD$17),0) -> 41 | AE40: =ROUND(AD40*(1+AE$17),0) -> 43 | AF40: =ROUND(AE40*(1+AF$17),0) -> 46 | AG40: =ROUND(AF40*(1+AG$17),0) -> 49
B41: AH-64 Apache (Remanufactured) | C41: 15 | D41: 16 | E41: 11 | F41: 14 | G41: 15 | H41: 13 | I41: 8 | J41: 14 | K41: 13 | L41: 16 | M41: 9 | N41: 19 | O41: 6 | P41: 7 | Q41: 11 | R41: =Q41*(1+R$17) -> 8.36 | S41: =R41*(1+S$17) -> 9.8648 | T41: =S41*(1+T$17) -> 12.133704 | U41: =T41*(1+U$17) -> 14.924456 | V41: =U41*(1+V$17) -> 20.894238 | X41: =SUM(C41:F41) -> 56 | Y41: =SUM(G41:J41) -> 50 | Z41: =SUM(K41:N41) -> 57 | AA41: =SUM(O41:R41) -> 32.36 | AB41: =SUM(S41:V41) -> 57.817198 | AC41: =ROUND(AB41*(1+AC$17),0) -> 61 | AD41: =ROUND(AC41*(1+AD$17),0) -> 65 | AE41: =ROUND(AD41*(1+AE$17),0) -> 69 | AF41: =ROUND(AE41*(1+AF$17),0) -> 73 | AG41: =ROUND(AF41*(1+AG$17),0) -> 77
B42: CH-47 Chinook (New) | C42: 3 | D42: 3 | E42: 6 | F42: 3 | G42: 4 | H42: 5 | I42: 1 | J42: 9 | K42: 5 | L42: 2 | M42: 1 | N42: 3 | O42: 1 | P42: 1 | Q42: 0 | R42: =Q42*(1+R$17) -> 0 | S42: =R42*(1+S$17) -> 0 | T42: =S42*(1+T$17) -> 0 | U42: =T42*(1+U$17) -> 0 | V42: =U42*(1+V$17) -> 0 | AB42: =SUM(S42:V42) -> 0 | AC42: =ROUND(AB42*(1+AC$17),0) -> 0 | AD42: =ROUND(AC42*(1+AD$17),0) -> 0 | AE42: =ROUND(AD42*(1+AE$17),0) -> 0 | AF42: =ROUND(AE42*(1+AF$17),0) -> 0 | AG42: =ROUND(AF42*(1+AG$17),0) -> 0
B43: CH-47 Chinook (Renewed) | C43: 3 | D43: 1 | E43: 1 | F43: 0 | G43: 3 | H43: 1 | I43: 2 | J43: 3 | K43: 1 | L43: 3 | M43: 3 | N43: 2 | O43: 1 | P43: 4 | Q43: 2 | R43: =Q43*(1+R$17) -> 1.52 | S43: =R43*(1+S$17) -> 1.7936 | T43: =S43*(1+T$17) -> 2.206128 | U43: =T43*(1+U$17) -> 2.7135374 | V43: =U43*(1+V$17) -> 3.7989524 | AB43: =SUM(S43:V43) -> 10.512218 | AC43: =ROUND(AB43*(1+AC$17),0) -> 11 | AD43: =ROUND(AC43*(1+AD$17),0) -> 12 | AE43: =ROUND(AD43*(1+AE$17),0) -> 13 | AF43: =ROUND(AE43*(1+AF$17),0) -> 14 | AG43: =ROUND(AF43*(1+AG$17),0) -> 15
B44: F-15 Models | C44: 3 | D44: 5 | E44: 3 | F44: 5 | G44: 1 | H44: 4 | I44: 4 | J44: 3 | K44: 2 | L44: 4 | M44: 0 | N44: 3 | O44: 1 | P44: 6 | Q44: 3 | R44: =Q44*(1+R$17) -> 2.28 | S44: =R44*(1+S$17) -> 2.6904 | T44: =S44*(1+T$17) -> 3.309192 | U44: =T44*(1+U$17) -> 4.0703062 | V44: =U44*(1+V$17) -> 5.6984286 | AB44: =SUM(S44:V44) -> 15.768327 | AC44: =ROUND(AB44*(1+AC$17),0) -> 17 | AD44: =ROUND(AC44*(1+AD$17),0) -> 18 | AE44: =ROUND(AD44*(1+AE$17),0) -> 19 | AF44: =ROUND(AE44*(1+AF$17),0) -> 20 | AG44: =ROUND(AF44*(1+AG$17),0) -> 21
B45: F/A-18 Models | C45: 4 | D45: 7 | E45: 4 | F45: 6 | G45: 4 | H45: 4 | I45: 3 | J45: 3 | K45: 7 | L45: 6 | M45: 3 | N45: 6 | O45: 1 | P45: 3 | Q45: 1 | R45: =Q45*(1+R$17) -> 0.76 | S45: =R45*(1+S$17) -> 0.8968 | T45: =S45*(1+T$17) -> 1.103064 | U45: =T45*(1+U$17) -> 1.3567687 | V45: =U45*(1+V$17) -> 1.8994762 | X45: =SUM(C45:F45) -> 21 | Y45: =SUM(G45:J45) -> 14 | Z45: =SUM(K45:N45) -> 22 | AA45: =SUM(O45:R45) -> 5.76 | AB45: =SUM(S45:V45) -> 5.2561089 | AC45: =ROUND(AB45*(1+AC$17),0) -> 6 | AD45: =ROUND(AC45*(1+AD$17),0) -> 6 | AE45: =ROUND(AD45*(1+AE$17),0) -> 6 | AF45: =ROUND(AE45*(1+AF$17),0) -> 6 | AG45: =ROUND(AF45*(1+AG$17),0) -> 6
B46: KC-46 Tanker | C46: 2 | D46: 2 | E46: 3 | F46: 6 | G46: 4 | H46: 4 | I46: 1 | J46: 6 | K46: 1 | L46: 0 | M46: 3 | N46: 9 | O46: 3 | P46: 2 | Q46: 5 | R46: =Q46*(1+R$17) -> 3.8 | S46: =R46*(1+S$17) -> 4.484 | T46: =S46*(1+T$17) -> 5.51532 | U46: =T46*(1+U$17) -> 6.7838436 | V46: =U46*(1+V$17) -> 9.497381 | X46: =SUM(C46:F46) -> 13 | Y46: =SUM(G46:J46) -> 15 | Z46: =SUM(K46:N46) -> 13 | AA46: =SUM(O46:R46) -> 13.8 | AB46: =SUM(S46:V46) -> 26.280545 | AC46: =ROUND(AB46*(1+AC$17),0) -> 28 | AD46: =ROUND(AC46*(1+AD$17),0) -> 30 | AE46: =ROUND(AD46*(1+AE$17),0) -> 32 | AF46: =ROUND(AE46*(1+AF$17),0) -> 34 | AG46: =ROUND(AF46*(1+AG$17),0) -> 36
B47: P-8 Models | C47: 3 | D47: 3 | E47: 5 | F47: 5 | G47: 3 | H47: 3 | I47: 4 | J47: 2 | K47: 3 | L47: 2 | M47: 1 | N47: 4 | O47: 1 | P47: 2 | Q47: 3 | R47: =Q47*(1+R$17) -> 2.28 | S47: =R47*(1+S$17) -> 2.6904 | T47: =S47*(1+T$17) -> 3.309192 | U47: =T47*(1+U$17) -> 4.0703062 | V47: =U47*(1+V$17) -> 5.6984286 | X47: =SUM(C47:F47) -> 16 | Y47: =SUM(G47:J47) -> 12 | Z47: =SUM(K47:N47) -> 10 | AA47: =SUM(O47:R47) -> 8.28 | AB47: =SUM(S47:V47) -> 15.768327 | AC47: =ROUND(AB47*(1+AC$17),0) -> 17 | AD47: =ROUND(AC47*(1+AD$17),0) -> 18 | AE47: =ROUND(AD47*(1+AE$17),0) -> 19 | AF47: =ROUND(AE47*(1+AF$17),0) -> 20 | AG47: =ROUND(AF47*(1+AG$17),0) -> 21
B48: MH-139 | E48: 0 | F48: 0 | I48: 4 | J48: 0 | K48: 3 | L48: 0 | M48: 2 | N48: 1 | O48: 0 | P48: 0 | Q48: 1 | R48: =Q48*(1+R$17) -> 0.76 | S48: =R48*(1+S$17) -> 0.8968 | T48: =S48*(1+T$17) -> 1.103064 | U48: =T48*(1+U$17) -> 1.3567687 | V48: =U48*(1+V$17) -> 1.8994762 | X48: =SUM(C48:F48) -> 0 | Y48: =SUM(G48:J48) -> 4 | Z48: =SUM(K48:N48) -> 6 | AA48: =SUM(O48:R48) -> 1.76 | AB48: =SUM(S48:V48) -> 5.2561089 | AC48: =ROUND(AB48*(1+AC$17),0) -> 6 | AD48: =ROUND(AC48*(1+AD$17),0) -> 6 | AE48: =ROUND(AD48*(1+AE$17),0) -> 6 | AF48: =ROUND(AE48*(1+AF$17),0) -> 6 | AG48: =ROUND(AF48*(1+AG$17),0) -> 6
B49: T-7A Red Hawk | N49: 2 | X49: =SUM(C49:F49) -> 0 | Y49: =SUM(G49:J49) -> 0 | Z49: =SUM(K49:N49) -> 2 | AA49: =SUM(O49:R49) -> 0 | AB49: =SUM(S49:V49) -> 0 | AC49: =ROUND(AB49*(1+AC$17),0) -> 0 | AD49: =ROUND(AC49*(1+AD$17),0) -> 0 | AE49: =ROUND(AD49*(1+AE$17),0) -> 0 | AF49: =ROUND(AE49*(1+AF$17),0) -> 0 | AG49: =ROUND(AF49*(1+AG$17),0) -> 0
B50: Lockheed
B51: F-35 | C51: 17 | D51: 37 | E51: 36 | F51: 52 | G51: 26 | H51: 35 | I51: 27 | J51: 53 | K51: 5 | L51: 45 | M51: 30 | N51: 18 | O51: 0 | P51: 0 | Q51: 48 | R51: =(100)-SUM(O51:Q51) -> 52 | S51: =ROUND(156/4,0) -> 39 | T51: =ROUND(156/4,0) -> 39 | U51: =ROUND(156/4,0) -> 39 | V51: =ROUND(156/4,0) -> 39 | X51: =SUM(C51:F51) -> 142 | Y51: =SUM(G51:J51) -> 141 | Z51: =SUM(K51:N51) -> 98 | AA51: =SUM(O51:R51) -> 100 | AB51: =SUM(S51:V51) -> 156 | AC51: =AB51 -> 156 | AD51: =AC51 -> 156 | AE51: =AD51 -> 156 | AF51: =AE51 -> 156 | AG51: =AF51 -> 156
B52: F-16 | C52: 0 | D52: 0 | E52: 0 | F52: 0 | G52: 0 | H52: 0 | I52: 0 | J52: 0 | K52: 1 | L52: 0 | M52: 1 | N52: 3 | O52: 6 | P52: 4 | Q52: 2 | R52: =20-SUM(O52:Q52) -> 8 | S52: =ROUND(30/4,0) -> 8 | T52: =ROUND(30/4,0) -> 8 | U52: =ROUND(30/4,0) -> 8 | V52: =ROUND(30/4,0) -> 8 | Z52: =SUM(K52:N52) -> 5 | AA52: =SUM(O52:R52) -> 20 | AB52: =SUM(S52:V52) -> 32 | AC52: 48 | AD52: =AC52 -> 48 | AE52: =AD52 -> 48 | AF52: =AE52 -> 48 | AG52: =AF52 -> 48
B53: C-130J | C53: 2 | D53: 6 | E53: 7 | F53: 7 | G53: 5 | H53: 6 | I53: 7 | J53: 6 | K53: 2 | L53: 4 | M53: 7 | N53: 8 | O53: 4 | P53: 5 | Q53: 4 | R53: =ROUND(AVERAGE(O53:Q53),0) -> 4 | S53: 5 | T53: 5 | U53: 5 | V53: 5 | X53: =SUM(C53:F53) -> 22 | Y53: =SUM(G53:J53) -> 24 | Z53: =SUM(K53:N53) -> 21 | AA53: =SUM(O53:R53) -> 17 | AB53: =SUM(S53:V53) -> 20 | AC53: =AB53 -> 20 | AD53: =AC53 -> 20 | AE53: =AD53 -> 20 | AF53: =AE53 -> 20 | AG53: =AF53 -> 20
B54: Government helicopter programs | C54: 15 | D54: 20 | E54: 18 | F54: 37 | G54: 17 | H54: 25 | I54: 20 | J54: 24 | K54: 10 | L54: 11 | M54: 3 | N54: 28 | O54: 13 | P54: 10 | Q54: 24 | R54: =ROUND(AVERAGE(O54:Q54),0) -> 16 | S54: =ROUND(N54*(1+2%),0) -> 29 | T54: =ROUND(O54*(1+2%),0) -> 13 | U54: =ROUND(P54*(1+2%),0) -> 10 | V54: =ROUND(Q54*(1+2%),0) -> 24 | X54: =SUM(C54:F54) -> 90 | Y54: =SUM(G54:J54) -> 86 | Z54: =SUM(K54:N54) -> 52 | AA54: =SUM(O54:R54) -> 63 | AB54: =SUM(S54:V54) -> 76 | AC54: =ROUND(AB54*(1+2%),0) -> 78 | AD54: =ROUND(AC54*(1+2%),0) -> 80 | AE54: =ROUND(AD54*(1+2%),0) -> 82 | AF54: =ROUND(AE54*(1+2%),0) -> 84 | AG54: =ROUND(AF54*(1+2%),0) -> 86
B55: International military helicopter programs | C55: 1 | D55: 7 | E55: 1 | F55: 8 | G55: 0 | H55: 5 | I55: 0 | J55: 4 | K55: 0 | L55: 0 | M55: 1 | N55: 10 | P55: 5 | Q55: 4 | R55: =ROUND(AVERAGE(O55:Q55),0) -> 5 | S55: =ROUND(N55*(1+2%),0) -> 10 | T55: =ROUND(O55*(1+2%),0) -> 0 | U55: =ROUND(P55*(1+2%),0) -> 5 | V55: =ROUND(Q55*(1+2%),0) -> 4 | X55: =SUM(C55:F55) -> 17 | Y55: =SUM(G55:J55) -> 9 | Z55: =SUM(K55:N55) -> 11 | AA55: =SUM(O55:R55) -> 14 | AB55: =SUM(S55:V55) -> 19 | AC55: =ROUND(AB55*(1+2%),0) -> 19 | AD55: =ROUND(AC55*(1+2%),0) -> 19 | AE55: =ROUND(AD55*(1+2%),0) -> 19 | AF55: =ROUND(AE55*(1+2%),0) -> 19 | AG55: =ROUND(AF55*(1+2%),0) -> 19
B56: Total | C56: =SUM(C40:C55) -> 77 | D56: =SUM(D40:D55) -> 113 | E56: =SUM(E40:E55) -> 99 | F56: =SUM(F40:F55) -> 151 | G56: =SUM(G40:G55) -> 89 | H56: =SUM(H40:H55) -> 111 | I56: =SUM(I40:I55) -> 88 | J56: =SUM(J40:J55) -> 132 | ... V56: =SUM(V40:V55) -> 142.68271 | X56: =SUM(X40:X55) -> 404 | Y56: =SUM(Y40:Y55) -> 380 | Z56: =SUM(Z40:Z55) -> 317 | AA56: =SUM(AA40:AA55) -> 291.28 | AB56: =SUM(AB40:AB55) -> 476.45159 | AC56: =SUM(AC40:AC55) -> 506 | AD56: =SUM(AD40:AD55) -> 519 | AE56: =SUM(AE40:AE55) -> 532 | ... AG56: =SUM(AG40:AG55) -> 560 | AI56: =RATE(7,,-Z56,AG56) -> 0.084686186
B58: Revenue By Segment
B60: Aerospace - Commercial
B61: Engine Products | C61: 227 | D61: 260 | E61: 299 | F61: 319 | G61: 329 | H61: 362 | I61: 388 | J61: 416 | K61: 432 | L61: 446 | M61: 446 | N61: 474 | O61: 492 | P61: 528 | Q61: 534 | R61: =N61*(1+R62) -> 543.88324 | S61: =O61*(1+S62) -> 545.16032 | T61: =P61*(1+T62) -> 570.30635 | U61: =Q61*(1+U62) -> 577.65238 | V61: =R61*(1+V62) -> 596.86508 | X61: =SUM(C61:F61) -> 1105 | Y61: =SUM(G61:J61) -> 1495 | Z61: =SUM(K61:N61) -> 1798 | AA61: =SUM(O61:R61) -> 2097.8832 | AB61: =SUM(S61:V61) -> 2289.9841 | AC61: =AB61*(1+AC62) -> 2629.9585 | AD61: =AC61*(1+AD62) -> 2800.1095 | AE61: =AD61*(1+AE62) -> 3241.2952 | AF61: =AE61*(1+AF62) -> 3403.36 | AG61: =AF61*(1+AG62) -> 3573.528
B62: % Growth YoY | G62: =IFERROR(G61/C61-1,0) -> 0.44933921 | H62: =IFERROR(H61/D61-1,0) -> 0.39230769 | I62: =IFERROR(I61/E61-1,0) -> 0.29765886 | J62: =IFERROR(J61/F61-1,0) -> 0.30407524 | K62: =IFERROR(K61/G61-1,0) -> 0.31306991 | L62: =IFERROR(L61/H61-1,0) -> 0.2320442 | M62: =IFERROR(M61/I61-1,0) -> 0.14948454 | N62: =IFERROR(N61/J61-1,0) -> 0.13942308 | ... Q62: =IFERROR(Q61/M61-1,0) -> 0.19730942 | R62: ='vs. Consensus'!G100 -> 0.14743299 | S62: ='vs. Consensus'!H100 -> 0.10804943 | T62: ='vs. Consensus'!I100 -> 0.080125661 | U62: ='vs. Consensus'!J100 -> 0.081746032 | V62: ='vs. Consensus'!K100 -> 0.097413999 | Y62: =IFERROR(Y61/X61-1,0) -> 0.35294118 | Z62: =IFERROR(Z61/Y61-1,0) -> 0.20267559 | AA62: =IFERROR(AA61/Z61-1,0) -> 0.16678712 | AB62: =IFERROR(AB61/AA61-1,0) -> 0.091568914 | AC62: ='vs. Consensus'!T100 -> 0.14846144 | AD62: ='vs. Consensus'!U100 -> 0.064697237 | AE62: ='vs. Consensus'!V100 -> 0.15756016 | AF62: 0.05 | AG62: 0.05
B63: Fastening Systems | C63: 148 | D63: 129 | E63: 126 | F63: 134 | G63: 148 | H63: 155 | I63: 156 | J63: 157 | K63: 170 | L63: 184 | M63: 209 | N63: 227 | O63: 244 | P63: 251 | Q63: 245 | R63: =N63*(1+R64) -> 244.65 | S63: =O63*(1+S64) -> 255.78125 | T63: =P63*(1+T64) -> 260.78125 | U63: =Q63*(1+U64) -> 260.9375 | V63: =R63*(1+V64) -> 268.75 | X63: =SUM(C63:F63) -> 537 | Y63: =SUM(G63:J63) -> 616 | Z63: =SUM(K63:N63) -> 790 | AA63: =SUM(O63:R63) -> 984.65 | AB63: =SUM(S63:V63) -> 1046.25 | AC63: =AB63*(1+AC64) -> 1179.2875 | AD63: =AC63*(1+AD64) -> 1265.9375 | AE63: =AD63*(1+AE64) -> 1388.125 | AF63: =AE63*(1+AF64) -> 1457.5312 | AG63: =AF63*(1+AG64) -> 1530.4078
B64: % Growth YoY | G64: =IFERROR(G63/C63-1,0) -> 0 | H64: =IFERROR(H63/D63-1,0) -> 0.20155039 | I64: =IFERROR(I63/E63-1,0) -> 0.23809524 | J64: =IFERROR(J63/F63-1,0) -> 0.17164179 | K64: =IFERROR(K63/G63-1,0) -> 0.14864865 | L64: =IFERROR(L63/H63-1,0) -> 0.18709677 | M64: =IFERROR(M63/I63-1,0) -> 0.33974359 | N64: =IFERROR(N63/J63-1,0) -> 0.44585987 | ... Q64: =IFERROR(Q63/M63-1,0) -> 0.1722488 | R64: ='vs. Consensus'!G101 -> 0.077753304 | S64: ='vs. Consensus'!H101 -> 0.048283811 | T64: ='vs. Consensus'!I101 -> 0.038969124 | U64: ='vs. Consensus'!J101 -> 0.06505102 | V64: ='vs. Consensus'!K101 -> 0.098508073 | Y64: =IFERROR(Y63/X63-1,0) -> 0.14711359 | Z64: =IFERROR(Z63/Y63-1,0) -> 0.28246753 | AA64: =IFERROR(AA63/Z63-1,0) -> 0.24639241 | AB64: =IFERROR(AB63/AA63-1,0) -> 0.062560301 | AC64: ='vs. Consensus'!T101 -> 0.12715651 | AD64: ='vs. Consensus'!U101 -> 0.07347657 | AE64: ='vs. Consensus'!V101 -> 0.096519378 | AF64: 0.05 | AG64: 0.05
B65: Engineered Structures | C65: 80 | D65: 79 | E65: 118 | F65: 110 | G65: 109 | H65: 108 | I65: 124 | J65: 154 | K65: 152 | L65: 141 | M65: 165 | N65: 183 | O65: 192 | P65: 200 | Q65: 183 | R65: =N65*(1+R66) -> 191.79557 | S65: =O65*(1+S66) -> 195.29644 | T65: =P65*(1+T66) -> 203.61462 | U65: =Q65*(1+U66) -> 200.72134 | V65: =R65*(1+V66) -> 212.11364 | X65: =SUM(C65:F65) -> 387 | Y65: =SUM(G65:J65) -> 495 | Z65: =SUM(K65:N65) -> 641 | AA65: =SUM(O65:R65) -> 766.79557 | AB65: =SUM(S65:V65) -> 811.74605 | AC65: =AB65*(1+AC66) -> 912.10672 | AD65: =AC65*(1+AD66) -> 972.14229 | AE65: =AD65*(1+AE66) -> 1067.6206 | AF65: =AE65*(1+AF66) -> 1121.0016 | AG65: =AF65*(1+AG66) -> 1177.0517
B66: % Growth YoY | G66: =IFERROR(G65/C65-1,0) -> 0.3625 | H66: =IFERROR(H65/D65-1,0) -> 0.36708861 | I66: =IFERROR(I65/E65-1,0) -> 0.050847458 | J66: =IFERROR(J65/F65-1,0) -> 0.4 | K66: =IFERROR(K65/G65-1,0) -> 0.39449541 | L66: =IFERROR(L65/H65-1,0) -> 0.30555556 | M66: =IFERROR(M65/I65-1,0) -> 0.33064516 | N66: =IFERROR(N65/J65-1,0) -> 0.18831169 | ... Q66: =IFERROR(Q65/M65-1,0) -> 0.10909091 | R66: ='vs. Consensus'!G102 -> 0.048063241 | S66: ='vs. Consensus'!H102 -> 0.017168972 | T66: ='vs. Consensus'!I102 -> 0.018073123 | U66: ='vs. Consensus'!J102 -> 0.096837945 | V66: ='vs. Consensus'!K102 -> 0.10593604 | Y66: =IFERROR(Y65/X65-1,0) -> 0.27906977 | Z66: =IFERROR(Z65/Y65-1,0) -> 0.29494949 | AA66: =IFERROR(AA65/Z65-1,0) -> 0.19624894 | AB66: =IFERROR(AB65/AA65-1,0) -> 0.058621197 | AC66: ='vs. Consensus'!T102 -> 0.12363555 | AD66: ='vs. Consensus'!U102 -> 0.065820777 | AE66: ='vs. Consensus'!V102 -> 0.098214286 | AF66: 0.05 | AG66: 0.05
B67: Forged Wheels | D67: 0 | E67: 0 | F67: 0 | G67: 0 | H67: 0 | I67: 0 | J67: 0 | K67: 0 | L67: 0 | M67: 0 | N67: 0 | O67: 0 | P67: 0 | Q67: 0 | R67: =N67*(1+R68) -> 0 | S67: =O67*(1+S68) -> 0 | T67: =P67*(1+T68) -> 0 | U67: =Q67*(1+U68) -> 0 | V67: =R67*(1+V68) -> 0 | X67: =SUM(C67:F67) -> 0 | Y67: =SUM(G67:J67) -> 0 | Z67: =SUM(K67:N67) -> 0 | AA67: =SUM(O67:R67) -> 0 | AB67: =SUM(S67:V67) -> 0 | AC67: 0 | AD67: 0 | AE67: 0 | AF67: 0 | AG67: 0
B68: % Growth YoY | G68: =IFERROR(G67/C67-1,0) -> 0 | H68: =IFERROR(H67/D67-1,0) -> 0 | I68: =IFERROR(I67/E67-1,0) -> 0 | J68: =IFERROR(J67/F67-1,0) -> 0 | K68: =IFERROR(K67/G67-1,0) -> 0 | L68: =IFERROR(L67/H67-1,0) -> 0 | M68: =IFERROR(M67/I67-1,0) -> 0 | N68: =IFERROR(N67/J67-1,0) -> 0 | ... Q68: =IFERROR(Q67/M67-1,0) -> 0 | Y68: =IFERROR(Y67/X67-1,0) -> 0 | Z68: =IFERROR(Z67/Y67-1,0) -> 0 | AA68: =IFERROR(AA67/Z67-1,0) -> 0 | AB68: =IFERROR(AB67/AA67-1,0) -> 0
B69: Total Aerospace - Commercial | C69: =SUM(C61,C63,C65,C67) -> 455 | D69: =SUM(D61,D63,D65,D67) -> 468 | E69: =SUM(E61,E63,E65,E67) -> 543 | F69: =SUM(F61,F63,F65,F67) -> 563 | G69: =SUM(G61,G63,G65,G67) -> 586 | H69: =SUM(H61,H63,H65,H67) -> 625 | I69: =SUM(I61,I63,I65,I67) -> 668 | J69: =SUM(J61,J63,J65,J67) -> 727 | ... V69: =SUM(V61,V63,V65,V67) -> 1077.7287 | X69: =SUM(X61,X63,X65,X67) -> 2029 | Y69: =SUM(Y61,Y63,Y65,Y67) -> 2606 | Z69: =SUM(Z61,Z63,Z65,Z67) -> 3229 | AA69: =SUM(AA61,AA63,AA65,AA67) -> 3849.3288 | AB69: =SUM(AB61,AB63,AB65,AB67) -> 4147.9802 | AC69: =SUM(AC61,AC63,AC65,AC67) -> 4721.3527 | AD69: =SUM(AD61,AD63,AD65,AD67) -> 5038.1893 | AE69: =SUM(AE61,AE63,AE65,AE67) -> 5697.0408 | ... AG69: =SUM(AG61,AG63,AG65,AG67) -> 6280.9875 | AI69: =RATE(7,,-Z69,AG69) -> 0.099714581
B70: % Growth YoY | AA70: =IFERROR(AA69/Z69-1,0) -> 0.19211174 | AB70: =IFERROR(AB69/AA69-1,0) -> 0.077585308 | AC70: =IFERROR(AC69/AB69-1,0) -> 0.13822933 | AD70: =IFERROR(AD69/AC69-1,0) -> 0.067107171 | AE70: =IFERROR(AE69/AD69-1,0) -> 0.13077148 | AF70: =IFERROR(AF69/AE69-1,0) -> 0.05 | AG70: =IFERROR(AG69/AF69-1,0) -> 0.05
B72: Commercial Aero Ship Set | C72: =C69/C36 -> 1.8958333 | D72: =D69/D36 -> 1.6027397 | E72: =E69/E36 -> 2.1633466 | F72: =F69/F36 -> 1.6755952 | G72: =G69/G36 -> 2.1544118 | H72: =H69/H36 -> 1.9654088 | I72: =I69/I36 -> 2.2955326 | J72: =J69/J36 -> 1.6560364 | ... V72: =V69/V36 -> 2.7284271 | X72: =X69/X36 -> 1.8132261 | Y72: =Y69/Y36 -> 1.9742424 | Z72: =Z69/Z36 -> 2.1744108 | AA72: =AA69/AA36 -> 2.7934171 | AB72: =AB69/AB36 -> 2.6998751 | AC72: =AC69/AC36 -> 2.8991293 | AD72: =AD69/AD36 -> 2.9185676 | AE72: =AE69/AE36 -> 3.1134274 | ... AG72: =AG69/AG36 -> 3.0549606 | AI72: Ship Set Growth p/a | AK72: 0.03
B73: Growth % | Y73: =Y72/X72-1 -> 0.088801022 | Z73: =Z72/Y72-1 -> 0.10138995 | AA73: =AA72/Z72-1 -> 0.28467775 | AB73: =AB72/AA72-1 -> -0.033486582 | AC73: =AC72/AB72-1 -> 0.073801255 | AD73: =AD72/AC72-1 -> 0.0067048779 | AE73: =AE72/AD72-1 -> 0.066765547 | AF73: =AF72/AE72-1 -> -0.0094339623 | AG73: =AG72/AF72-1 -> -0.0094339623 | AI73: Avg. '22A-'23E | AK73: =AVERAGE(Y73:Z73) -> 0.095095488
B74: Memo: Commercial Aero Engine Products Ship Set | C74: =C61/C36 -> 0.94583333 | D74: =D61/D36 -> 0.89041096 | E74: =E61/E36 -> 1.1912351 | F74: =F61/F36 -> 0.94940476 | G74: =G61/G36 -> 1.2095588 | H74: =H61/H36 -> 1.1383648 | I74: =I61/I36 -> 1.3333333 | J74: =J61/J36 -> 0.9476082 | ... V74: =V61/V36 -> 1.5110508 | X74: =X61/X36 -> 0.98748883 | Y74: =Y61/Y36 -> 1.1325758 | Z74: =Z61/Z36 -> 1.2107744 | AA74: =AA61/AA36 -> 1.5224116 | AB74: =AB61/AB36 -> 1.4905257 | AC74: =AC61/AC36 -> 1.6149164 | AD74: =AD61/AD36 -> 1.6220726 | AE74: =AE61/AE36 -> 1.7713648 | ... AG74: =AG61/AG36 -> 1.7381004
B76: Aerospace - Defense
B77: Engine Products | C77: 151 | D77: 121 | E77: 130 | F77: 121 | G77: 137 | H77: 123 | I77: 124 | J77: 142 | K77: 163 | L77: 174 | M77: 165 | N77: 168 | O77: 185 | P77: 192 | Q77: 189 | R77: =N77*(1+R78) -> 192.498 | S77: =O77*(1+S78) -> 192.95 | T77: =P77*(1+T78) -> 201.85 | U77: =Q77*(1+U78) -> 204.45 | V77: =R77*(1+V78) -> 211.25 | X77: =SUM(C77:F77) -> 523 | Y77: =SUM(G77:J77) -> 526 | Z77: =SUM(K77:N77) -> 670 | AA77: =SUM(O77:R77) -> 758.498 | AB77: =SUM(S77:V77) -> 810.5 | AC77: =AB77*(1+AC78) -> 930.828 | AD77: =AC77*(1+AD78) -> 991.05 | AE77: =AD77*(1+AE78) -> 1147.2 | AF77: =AE77*(1+AF78) -> 1204.56 | AG77: =AF77*(1+AG78) -> 1264.788
B78: % Growth YoY | G78: =IFERROR(G77/C77-1,0) -> -0.092715232 | H78: =IFERROR(H77/D77-1,0) -> 0.016528926 | I78: =IFERROR(I77/E77-1,0) -> -0.046153846 | J78: =IFERROR(J77/F77-1,0) -> 0.17355372 | K78: =IFERROR(K77/G77-1,0) -> 0.18978102 | L78: =IFERROR(L77/H77-1,0) -> 0.41463415 | M78: =IFERROR(M77/I77-1,0) -> 0.33064516 | N78: =IFERROR(N77/J77-1,0) -> 0.18309859 | ... Q78: =IFERROR(Q77/M77-1,0) -> 0.14545455 | R78: ='vs. Consensus'!G105 -> 0.14582143 | S78: ='vs. Consensus'!H105 -> 0.042972973 | T78: ='vs. Consensus'!I105 -> 0.051302083 | U78: ='vs. Consensus'!J105 -> 0.081746032 | V78: ='vs. Consensus'!K105 -> 0.097413999 | Y78: =IFERROR(Y77/X77-1,0) -> 0.0057361377 | Z78: =IFERROR(Z77/Y77-1,0) -> 0.27376426 | AA78: =IFERROR(AA77/Z77-1,0) -> 0.13208657 | AB78: =IFERROR(AB77/AA77-1,0) -> 0.068559179 | AC78: ='vs. Consensus'!T105 -> 0.14846144 | AD78: ='vs. Consensus'!U105 -> 0.064697237 | AE78: ='vs. Consensus'!V105 -> 0.15756016 | AF78: 0.05 | AG78: 0.05
B79: Fastening Systems | C79: 42 | D79: 41 | E79: 37 | F79: 38 | G79: 32 | H79: 37 | I79: 43 | J79: 46 | K79: 44 | L79: 46 | M79: 41 | N79: 42 | O79: 39 | P79: 37 | Q79: 43 | R79: =N79*(1+R80) -> 42.938571 | S79: =O79*(1+S80) -> 44.892219 | T79: =P79*(1+T80) -> 45.76977 | U79: =Q79*(1+U80) -> 45.797194 | V79: =R79*(1+V80) -> 47.168367 | X79: =SUM(C79:F79) -> 158 | Y79: =SUM(G79:J79) -> 158 | Z79: =SUM(K79:N79) -> 173 | AA79: =SUM(O79:R79) -> 161.93857 | AB79: =SUM(S79:V79) -> 183.62755 | AC79: =AB79*(1+AC80) -> 206.97699 | AD79: =AC79*(1+AD80) -> 222.18495 | AE79: =AD79*(1+AE80) -> 243.6301 | AF79: =AE79*(1+AF80) -> 255.81161 | AG79: =AF79*(1+AG80) -> 268.60219
B80: % Growth YoY | G80: =IFERROR(G79/C79-1,0) -> -0.23809524 | H80: =IFERROR(H79/D79-1,0) -> -0.097560976 | I80: =IFERROR(I79/E79-1,0) -> 0.16216216 | J80: =IFERROR(J79/F79-1,0) -> 0.21052632 | K80: =IFERROR(K79/G79-1,0) -> 0.375 | L80: =IFERROR(L79/H79-1,0) -> 0.24324324 | M80: =IFERROR(M79/I79-1,0) -> -0.046511628 | N80: =IFERROR(N79/J79-1,0) -> -0.086956522 | ... Q80: =IFERROR(Q79/M79-1,0) -> 0.048780488 | R80: ='vs. Consensus'!G106 -> 0.022346939 | S80: ='vs. Consensus'!H106 -> 0.15108255 | T80: ='vs. Consensus'!I106 -> 0.23702082 | U80: ='vs. Consensus'!J106 -> 0.06505102 | V80: ='vs. Consensus'!K106 -> 0.098508073 | Y80: =IFERROR(Y79/X79-1,0) -> 0 | Z80: =IFERROR(Z79/Y79-1,0) -> 0.094936709 | AA80: =IFERROR(AA79/Z79-1,0) -> -0.063938893 | AB80: =IFERROR(AB79/AA79-1,0) -> 0.13393338 | AC80: ='vs. Consensus'!T106 -> 0.12715651 | AD80: ='vs. Consensus'!U106 -> 0.07347657 | AE80: ='vs. Consensus'!V106 -> 0.096519378 | AF80: 0.05 | AG80: 0.05
B81: Engineered Structures | C81: 77 | D81: 64 | E81: 65 | F81: 64 | G81: 57 | H81: 63 | I81: 56 | J81: 63 | K81: 44 | L81: 42 | M81: 45 | N81: 41 | O81: 56 | P81: 61 | Q81: 57 | R81: =N81*(1+R82) -> 59.739605 | S81: =O81*(1+S82) -> 60.83004 | T81: =P81*(1+T82) -> 63.420949 | U81: =Q81*(1+U82) -> 62.519763 | V81: =R81*(1+V82) -> 66.068182 | X81: =SUM(C81:F81) -> 270 | Y81: =SUM(G81:J81) -> 239 | Z81: =SUM(K81:N81) -> 172 | AA81: =SUM(O81:R81) -> 233.7396 | AB81: =SUM(S81:V81) -> 252.83893 | AC81: =AB81*(1+AC82) -> 284.09881 | AD81: =AC81*(1+AD82) -> 302.79842 | AE81: =AD81*(1+AE82) -> 332.53755 | AF81: =AE81*(1+AF82) -> 349.16443 | AG81: =AF81*(1+AG82) -> 366.62265
B82: % Growth YoY | G82: =IFERROR(G81/C81-1,0) -> -0.25974026 | H82: =IFERROR(H81/D81-1,0) -> -0.015625 | I82: =IFERROR(I81/E81-1,0) -> -0.13846154 | J82: =IFERROR(J81/F81-1,0) -> -0.015625 | K82: =IFERROR(K81/G81-1,0) -> -0.22807018 | L82: =IFERROR(L81/H81-1,0) -> -0.33333333 | M82: =IFERROR(M81/I81-1,0) -> -0.19642857 | N82: =IFERROR(N81/J81-1,0) -> -0.34920635 | ... Q82: =IFERROR(Q81/M81-1,0) -> 0.26666667 | R82: ='vs. Consensus'!G107 -> 0.45706353 | S82: ='vs. Consensus'!H107 -> 0.086250706 | T82: ='vs. Consensus'!I107 -> 0.039687682 | U82: ='vs. Consensus'!J107 -> 0.096837945 | V82: ='vs. Consensus'!K107 -> 0.10593604 | Y82: =IFERROR(Y81/X81-1,0) -> -0.11481481 | Z82: =IFERROR(Z81/Y81-1,0) -> -0.28033473 | AA82: =IFERROR(AA81/Z81-1,0) -> 0.35895119 | AB82: =IFERROR(AB81/AA81-1,0) -> 0.081711989 | AC82: ='vs. Consensus'!T107 -> 0.12363555 | AD82: ='vs. Consensus'!U107 -> 0.065820777 | AE82: ='vs. Consensus'!V107 -> 0.098214286 | AF82: 0.05 | AG82: 0.05
B83: Forged Wheels | C83: 0 | D83: 0 | E83: 0 | F83: 0 | G83: 0 | H83: 0 | I83: 0 | J83: 0 | K83: 0 | L83: 0 | M83: 0 | N83: 0 | O83: 0 | P83: 0 | Q83: 0 | R83: =N83*(1+R84) -> 0 | S83: =O83*(1+S84) -> 0 | T83: =P83*(1+T84) -> 0 | U83: =Q83*(1+U84) -> 0 | V83: =R83*(1+V84) -> 0 | X83: =SUM(C83:F83) -> 0 | Y83: =SUM(G83:J83) -> 0 | Z83: =SUM(K83:N83) -> 0 | AA83: =SUM(O83:R83) -> 0 | AB83: =SUM(S83:V83) -> 0 | AC83: 0 | AD83: 0 | AE83: 0 | AF83: 0 | AG83: 0
B84: % Growth YoY | G84: =IFERROR(G83/C83-1,0) -> 0 | H84: =IFERROR(H83/D83-1,0) -> 0 | I84: =IFERROR(I83/E83-1,0) -> 0 | J84: =IFERROR(J83/F83-1,0) -> 0 | K84: =IFERROR(K83/G83-1,0) -> 0 | L84: =IFERROR(L83/H83-1,0) -> 0 | M84: =IFERROR(M83/I83-1,0) -> 0 | N84: =IFERROR(N83/J83-1,0) -> 0 | ... Q84: =IFERROR(Q83/M83-1,0) -> 0 | Y84: =IFERROR(Y83/X83-1,0) -> 0 | Z84: =IFERROR(Z83/Y83-1,0) -> 0 | AA84: =IFERROR(AA83/Z83-1,0) -> 0 | AB84: =IFERROR(AB83/AA83-1,0) -> 0
B85: Total Aerospace - Defense | C85: =SUM(C77,C79,C81,C83) -> 270 | D85: =SUM(D77,D79,D81,D83) -> 226 | E85: =SUM(E77,E79,E81,E83) -> 232 | F85: =SUM(F77,F79,F81,F83) -> 223 | G85: =SUM(G77,G79,G81,G83) -> 226 | H85: =SUM(H77,H79,H81,H83) -> 223 | I85: =SUM(I77,I79,I81,I83) -> 223 | J85: =SUM(J77,J79,J81,J83) -> 251 | ... V85: =SUM(V77,V79,V81,V83) -> 324.48655 | X85: =SUM(X77,X79,X81,X83) -> 951 | Y85: =SUM(Y77,Y79,Y81,Y83) -> 923 | Z85: =SUM(Z77,Z79,Z81,Z83) -> 1015 | AA85: =SUM(AA77,AA79,AA81,AA83) -> 1154.1762 | AB85: =SUM(AB77,AB79,AB81,AB83) -> 1246.9665 | AC85: =SUM(AC77,AC79,AC81,AC83) -> 1421.9038 | AD85: =SUM(AD77,AD79,AD81,AD83) -> 1516.0334 | AE85: =SUM(AE77,AE79,AE81,AE83) -> 1723.3677 | ... AG85: =SUM(AG77,AG79,AG81,AG83) -> 1900.0128 | AI85: =RATE(7,,-Z85,AG85) -> 0.093701082
B86: % Growth YoY | AA86: =IFERROR(AA85/Z85-1,0) -> 0.13711939 | AB86: =IFERROR(AB85/AA85-1,0) -> 0.080395272 | AC86: =IFERROR(AC85/AB85-1,0) -> 0.14029031 | AD86: =IFERROR(AD85/AC85-1,0) -> 0.066199671 | AE86: =IFERROR(AE85/AD85-1,0) -> 0.13676103 | AF86: =IFERROR(AF85/AE85-1,0) -> 0.05 | AG86: =IFERROR(AG85/AF85-1,0) -> 0.05
B88: Defense Aero Ship Set | C88: =C85/C56 -> 3.5064935 | D88: =D85/D56 -> 2 | E88: =E85/E56 -> 2.3434343 | F88: =F85/F56 -> 1.4768212 | G88: =G85/G56 -> 2.5393258 | H88: =H85/H56 -> 2.009009 | I88: =I85/I56 -> 2.5340909 | J88: =J85/J56 -> 1.9015152 | ... V88: =V85/V56 -> 2.2741826 | X88: =X85/X56 -> 2.3539604 | Y88: =Y85/Y56 -> 2.4289474 | Z88: =Z85/Z56 -> 3.2018927 | AA88: =AA85/AA56 -> 3.9624285 | AB88: =AB85/AB56 -> 2.6171945 | AC88: =AC85/AC56 -> 2.8100866 | AD88: =AD85/AD56 -> 2.9210662 | AE88: =AE85/AE56 -> 3.2394129 | ... AG88: =AG85/AG56 -> 3.3928801 | AI88: =RATE(7,,-Z88,AG88) -> 0.0083110638
B89: % Growth | G89: =IFERROR(G88/C88-1,0) -> -0.27582189 | H89: =IFERROR(H88/D88-1,0) -> 0.0045045045 | I89: =IFERROR(I88/E88-1,0) -> 0.081357759 | J89: =IFERROR(J88/F88-1,0) -> 0.28757304 | K89: =IFERROR(K88/G88-1,0) -> 0.64741888 | L89: =IFERROR(L88/H88-1,0) -> 0.33074037 | M89: =IFERROR(M88/I88-1,0) -> 0.4354975 | N89: =IFERROR(N88/J88-1,0) -> 0.1092437 | ... V89: =IFERROR(V88/R88-1,0) -> -0.15188947 | Y89: =Y88/X88-1 -> 0.031855664 | Z89: =Z88/Y88-1 -> 0.31822237 | AA89: =AA88/Z88-1 -> 0.23752693 | AB89: =AB88/AA88-1 -> -0.33949736 | AC89: =AC88/AB88-1 -> 0.073701855 | AD89: =AD88/AC88-1 -> 0.039493321 | AE89: =AE88/AD88-1 -> 0.10898303 | AF89: =AF88/AE88-1 -> 0.023076923 | AG89: =AG88/AF88-1 -> 0.02375
B91: Commercial Transportation
B92: Engine Products | C92: 0 | D92: 0 | E92: 0 | F92: 0 | G92: 0 | H92: 0 | I92: 0 | J92: 0 | K92: 0 | L92: 0 | M92: 0 | N92: 0 | O92: 0 | P92: 0 | Q92: 0 | R92: 0 | S92: 0 | T92: 0 | U92: 0 | V92: 0 | X92: =SUM(C92:F92) -> 0 | Y92: =SUM(G92:J92) -> 0 | Z92: =SUM(K92:N92) -> 0 | AA92: =SUM(O92:R92) -> 0 | AB92: =SUM(S92:V92) -> 0 | AC92: =IFERROR(AB92*(1+AC93),0) -> 0 | AD92: =IFERROR(AC92*(1+AD93),0) -> 0 | AE92: =IFERROR(AD92*(1+AE93),0) -> 0 | AF92: =IFERROR(AE92*(1+AF93),0) -> 0 | AG92: =IFERROR(AF92*(1+AG93),0) -> 0
B93: % Growth YoY | G93: =IFERROR(G92/C92-1,0) -> 0 | H93: =IFERROR(H92/D92-1,0) -> 0 | I93: =IFERROR(I92/E92-1,0) -> 0 | J93: =IFERROR(J92/F92-1,0) -> 0 | K93: =IFERROR(K92/G92-1,0) -> 0 | L93: =IFERROR(L92/H92-1,0) -> 0 | M93: =IFERROR(M92/I92-1,0) -> 0 | N93: =IFERROR(N92/J92-1,0) -> 0 | ... V93: =IFERROR(V92/R92-1,0) -> 0 | Y93: =IFERROR(Y92/X92-1,0) -> 0 | Z93: =IFERROR(Z92/Y92-1,0) -> 0 | AA93: =IFERROR(AA92/Z92-1,0) -> 0 | AB93: =IFERROR(AB92/AA92-1,0) -> 0 | AC93: =AB93 -> 0 | AD93: =AC93 -> 0 | AE93: =AD93 -> 0 | AF93: =AE93 -> 0 | AG93: =AF93 -> 0
B94: Fastening Systems | C94: 46 | D94: 49 | E94: 59 | F94: 54 | G94: 53 | H94: 53 | I94: 63 | J94: 56 | K94: 63 | L94: 62 | M94: 67 | N94: 63 | O94: 66 | P94: 68 | Q94: 65 | R94: =IFERROR(N94*(1+R95),0) -> 64.907143 | S94: =IFERROR(O94*(1+S95),0) -> 67.860332 | T94: =IFERROR(P94*(1+T95),0) -> 69.186862 | U94: =IFERROR(Q94*(1+U95),0) -> 69.228316 | V94: =IFERROR(R94*(1+V95),0) -> 71.30102 | X94: =SUM(C94:F94) -> 208 | Y94: =SUM(G94:J94) -> 225 | Z94: =SUM(K94:N94) -> 255 | AA94: =SUM(O94:R94) -> 263.90714 | AB94: =SUM(S94:V94) -> 277.57653 | AC94: =IFERROR(AB94*(1+AC95),0) -> 312.87219 | AD94: =IFERROR(AC94*(1+AD95),0) -> 335.86097 | AE94: =IFERROR(AD94*(1+AE95),0) -> 368.27806 | AF94: =IFERROR(AE94*(1+AF95),0) -> 386.69196 | AG94: =IFERROR(AF94*(1+AG95),0) -> 406.02656
B95: % Growth YoY | G95: =IFERROR(G94/C94-1,0) -> 0.15217391 | H95: =IFERROR(H94/D94-1,0) -> 0.081632653 | I95: =IFERROR(I94/E94-1,0) -> 0.06779661 | J95: =IFERROR(J94/F94-1,0) -> 0.037037037 | K95: =IFERROR(K94/G94-1,0) -> 0.18867925 | L95: =IFERROR(L94/H94-1,0) -> 0.16981132 | M95: =IFERROR(M94/I94-1,0) -> 0.063492063 | N95: =IFERROR(N94/J94-1,0) -> 0.125 | ... Q95: =IFERROR(Q94/M94-1,0) -> -0.029850746 | R95: ='vs. Consensus'!G111 -> 0.030272109 | S95: ='vs. Consensus'!H111 -> 0.028186843 | T95: ='vs. Consensus'!I111 -> 0.017453857 | U95: ='vs. Consensus'!J111 -> 0.06505102 | V95: ='vs. Consensus'!K111 -> 0.098508073 | Y95: =IFERROR(Y94/X94-1,0) -> 0.081730769 | Z95: =IFERROR(Z94/Y94-1,0) -> 0.13333333 | AA95: =IFERROR(AA94/Z94-1,0) -> 0.034929972 | AB95: =IFERROR(AB94/AA94-1,0) -> 0.051796202 | AC95: ='vs. Consensus'!T111 -> 0.12715651 | AD95: ='vs. Consensus'!U111 -> 0.07347657 | AE95: ='vs. Consensus'!V111 -> 0.096519378 | AF95: 0.05 | AG95: 0.05
B96: Engineered Structures | C96: 0 | D96: 0 | E96: 0 | F96: 0 | G96: 0 | H96: 0 | I96: 0 | J96: 0 | K96: 0 | L96: 0 | M96: 0 | N96: 0 | O96: 0 | P96: 0 | Q96: 0 | R96: 0 | S96: 0 | T96: 0 | U96: 0 | V96: 0 | X96: =SUM(C96:F96) -> 0 | Y96: =SUM(G96:J96) -> 0 | Z96: =SUM(K96:N96) -> 0 | AA96: =SUM(O96:R96) -> 0 | AB96: =SUM(S96:V96) -> 0 | AC96: =IFERROR(AB96*(1+AC97),0) -> 0 | AD96: =IFERROR(AC96*(1+AD97),0) -> 0 | AE96: =IFERROR(AD96*(1+AE97),0) -> 0 | AF96: =IFERROR(AE96*(1+AF97),0) -> 0 | AG96: =IFERROR(AF96*(1+AG97),0) -> 0
B97: % Growth YoY | G97: =IFERROR(G96/C96-1,0) -> 0 | H97: =IFERROR(H96/D96-1,0) -> 0 | I97: =IFERROR(I96/E96-1,0) -> 0 | J97: =IFERROR(J96/F96-1,0) -> 0 | K97: =IFERROR(K96/G96-1,0) -> 0 | L97: =IFERROR(L96/H96-1,0) -> 0 | M97: =IFERROR(M96/I96-1,0) -> 0 | N97: =IFERROR(N96/J96-1,0) -> 0 | ... V97: =IFERROR(V96/R96-1,0) -> 0 | Y97: =IFERROR(Y96/X96-1,0) -> 0 | Z97: =IFERROR(Z96/Y96-1,0) -> 0 | AA97: =IFERROR(AA96/Z96-1,0) -> 0 | AB97: =IFERROR(AB96/AA96-1,0) -> 0 | AC97: =AB97 -> 0 | AD97: =AC97 -> 0 | AE97: =AD97 -> 0 | AF97: =AE97 -> 0 | AG97: =AF97 -> 0
B98: Forged Wheels | C98: 227 | D98: 229 | E98: 231 | F98: 234 | G98: 247 | H98: 279 | I98: 266 | J98: 266 | K98: 289 | L98: 298 | M98: 285 | N98: 275 | O98: 288 | P98: 278 | Q98: 245 | R98: =IFERROR(N98*(1+R99),0) -> 246.744 | S98: =IFERROR(O98*(1+S99),0) -> 251 | T98: =IFERROR(P98*(1+T99),0) -> 252.333 | U98: =IFERROR(Q98*(1+U99),0) -> 250 | V98: =IFERROR(R98*(1+V99),0) -> 272.667 | X98: =SUM(C98:F98) -> 921 | Y98: =SUM(G98:J98) -> 1058 | Z98: =SUM(K98:N98) -> 1147 | AA98: =SUM(O98:R98) -> 1057.744 | AB98: =SUM(S98:V98) -> 1026 | AC98: =IFERROR(AB98*(1+AC99),0) -> 1132 | AD98: =IFERROR(AC98*(1+AD99),0) -> 1125.67 | AE98: =IFERROR(AD98*(1+AE99),0) -> 1178 | AF98: =IFERROR(AE98*(1+AF99),0) -> 1236.9 | AG98: =IFERROR(AF98*(1+AG99),0) -> 1298.745
B99: % Growth YoY | G99: =IFERROR(G98/C98-1,0) -> 0.088105727 | H99: =IFERROR(H98/D98-1,0) -> 0.21834061 | I99: =IFERROR(I98/E98-1,0) -> 0.15151515 | J99: =IFERROR(J98/F98-1,0) -> 0.13675214 | K99: =IFERROR(K98/G98-1,0) -> 0.17004049 | L99: =IFERROR(L98/H98-1,0) -> 0.068100358 | M99: =IFERROR(M98/I98-1,0) -> 0.071428571 | N99: =IFERROR(N98/J98-1,0) -> 0.033834586 | ... Q99: =IFERROR(Q98/M98-1,0) -> -0.14035088 | R99: ='vs. Consensus'!G113 -> -0.10274909 | S99: ='vs. Consensus'!H113 -> -0.12847222 | T99: ='vs. Consensus'!I113 -> -0.092327338 | U99: ='vs. Consensus'!J113 -> 0.020408163 | V99: ='vs. Consensus'!K113 -> 0.10506031 | Y99: =IFERROR(Y98/X98-1,0) -> 0.14875136 | Z99: =IFERROR(Z98/Y98-1,0) -> 0.084120983 | AA99: =IFERROR(AA98/Z98-1,0) -> -0.077816914 | AB99: =IFERROR(AB98/AA98-1,0) -> -0.030011042 | AC99: ='vs. Consensus'!T113 -> 0.10331384 | AD99: ='vs. Consensus'!U113 -> -0.0055918728 | AE99: ='vs. Consensus'!V113 -> 0.046487869 | AF99: 0.05 | AG99: 0.05
B100: Total Commercial Transportation | C100: =SUM(C92,C94,C96,C98) -> 273 | D100: =SUM(D92,D94,D96,D98) -> 278 | E100: =SUM(E92,E94,E96,E98) -> 290 | F100: =SUM(F92,F94,F96,F98) -> 288 | G100: =SUM(G92,G94,G96,G98) -> 300 | H100: =SUM(H92,H94,H96,H98) -> 332 | I100: =SUM(I92,I94,I96,I98) -> 329 | J100: =SUM(J92,J94,J96,J98) -> 322 | ... V100: =SUM(V92,V94,V96,V98) -> 343.96802 | X100: =SUM(I100:L100) -> 1363 | Y100: =SUM(J100:M100) -> 1386 | Z100: =SUM(K100:N100) -> 1402 | AA100: =SUM(O100:R100) -> 1321.6511 | AB100: =SUM(S100:V100) -> 1303.5765 | AC100: =SUM(AC92,AC94,AC96,AC98) -> 1444.8722 | AD100: =SUM(AD92,AD94,AD96,AD98) -> 1461.531 | AE100: =SUM(AE92,AE94,AE96,AE98) -> 1546.2781 | AF100: =SUM(AF92,AF94,AF96,AF98) -> 1623.592 | AG100: =SUM(AG92,AG94,AG96,AG98) -> 1704.7716 | AI100: =RATE(7,,-Z100,AG100) -> 0.028326833
B101: % Growth YoY | AA101: =IFERROR(AA100/Z100-1,0) -> -0.057310169 | AB101: =IFERROR(AB100/AA100-1,0) -> -0.013675781 | AC101: =IFERROR(AC100/AB100-1,0) -> 0.10839077 | AD101: =IFERROR(AD100/AC100-1,0) -> 0.011529584 | AE101: =IFERROR(AE100/AD100-1,0) -> 0.05798515 | AF101: =IFERROR(AF100/AE100-1,0) -> 0.05 | AG101: =IFERROR(AG100/AF100-1,0) -> 0.05
B104: Data Center Impact
AJ106: Consensus? | AL106: No
B107: Industrial and Other | R107: 0.25 | S107: =R107 -> 0.25 | T107: =S107 -> 0.25 | U107: =T107 -> 0.25 | V107: =U107 -> 0.25 | AC107: 0.25 | AD107: =AC107 -> 0.25 | AE107: =AD107 -> 0.25 | AF107: =AE107 -> 0.25 | AG107: =AF107 -> 0.25
B108: Engine Products | C108: =C111 -> 156 | D108: =D111 -> 163 | E108: =E111 -> 170 | F108: =F111 -> 165 | G108: =G111 -> 165 | H108: =H111 -> 167 | I108: =I111 -> 171 | J108: =J111 -> 174 | ... Q108: =Q111 -> 222 | R108: =IFERROR(N108*(1+R109),0) -> 262.5 | S108: =IFERROR(O108*(1+S109),0) -> 260 | T108: =IFERROR(P108*(1+T109),0) -> 266.25 | U108: =IFERROR(Q108*(1+U109),0) -> 277.5 | V108: =IFERROR(R108*(1+V109),0) -> 328.125 | X108: =SUM(C108:F108) -> 654 | Y108: =SUM(G108:J108) -> 677 | Z108: =SUM(K108:N108) -> 798 | AA108: =SUM(O108:R108) -> 905.5 | AB108: =SUM(S108:V108) -> 1131.875 | AC108: =IFERROR(AB108*(1+AC109),0) -> 1414.8438 | AD108: =IFERROR(AC108*(1+AD109),0) -> 1768.5547 | AE108: =IFERROR(AD108*(1+AE109),0) -> 2210.6934 | AF108: =IFERROR(AE108*(1+AF109),0) -> 2763.3667 | AG108: =IFERROR(AF108*(1+AG109),0) -> 3454.2084 | AI108: =RATE(6,,-AA108,AG108) -> 0.25
B109: % Growth YoY | G109: =IFERROR(G108/C108-1,0) -> 0.057692308 | H109: =IFERROR(H108/D108-1,0) -> 0.024539877 | I109: =IFERROR(I108/E108-1,0) -> 0.0058823529 | J109: =IFERROR(J108/F108-1,0) -> 0.054545455 | K109: =IFERROR(K108/G108-1,0) -> 0.21212121 | L109: =IFERROR(L108/H108-1,0) -> 0.20359281 | M109: =IFERROR(M108/I108-1,0) -> 0.093567251 | N109: =IFERROR(N108/J108-1,0) -> 0.20689655 | ... Q109: =IFERROR(Q108/M108-1,0) -> 0.18716578 | R109: =IF($AL$106="Yes",'vs. Consensus'!G115,R107) -> 0.25 | S109: =IF($AL$106="Yes",'vs. Consensus'!H115,S107) -> 0.25 | T109: =IF($AL$106="Yes",'vs. Consensus'!I115,T107) -> 0.25 | U109: =IF($AL$106="Yes",'vs. Consensus'!J115,U107) -> 0.25 | V109: =IF($AL$106="Yes",'vs. Consensus'!K115,V107) -> 0.25 | Y109: =IFERROR(Y108/X108-1,0) -> 0.035168196 | Z109: =IFERROR(Z108/Y108-1,0) -> 0.17872969 | AA109: =IFERROR(AA108/Z108-1,0) -> 0.13471178 | AB109: =IFERROR(AB108/AA108-1,0) -> 0.25 | AC109: =IF($AL$106="Yes",'vs. Consensus'!T115,AC107) -> 0.25 | AD109: =IF($AL$106="Yes",'vs. Consensus'!U115,AD107) -> 0.25 | AE109: =IF($AL$106="Yes",'vs. Consensus'!V115,AE107) -> 0.25 | AF109: =IF($AL$106="Yes",'vs. Consensus'!W115,AF107) -> 0.25 | AG109: =IF($AL$106="Yes",'vs. Consensus'!X115,AG107) -> 0.25
B110: Data Center Impact | AB110: =IF($AL$106="Yes",0,'Data Center Demand Build'!E25) -> 76.038584 | AC110: =IF($AL$106="Yes",0,'Data Center Demand Build'!F25) -> 200.72455 | AD110: =IF($AL$106="Yes",0,'Data Center Demand Build'!G25) -> 491.22071 | AE110: =IF($AL$106="Yes",0,'Data Center Demand Build'!H25) -> 653.49202 | AF110: =IF($AL$106="Yes",0,'Data Center Demand Build'!I25) -> 788.58705 | AG110: =IF($AL$106="Yes",0,'Data Center Demand Build'!J25) -> 951.61
B111: Total Engine Products | C111: 156 | D111: 163 | E111: 170 | F111: 165 | G111: 165 | H111: 167 | I111: 171 | J111: 174 | K111: 200 | L111: 201 | M111: 187 | N111: 210 | O111: 208 | P111: 213 | Q111: 222 | R111: =SUM(R108,R110) -> 262.5 | S111: =SUM(S108,S110) -> 260 | T111: =SUM(T108,T110) -> 266.25 | U111: =SUM(U108,U110) -> 277.5 | V111: =SUM(V108,V110) -> 328.125 | X111: =SUM(C111:F111) -> 654 | Y111: =SUM(G111:J111) -> 677 | Z111: =SUM(K111:N111) -> 798 | AA111: =SUM(O111:R111) -> 905.5 | AB111: =SUM(S111:V111) -> 1131.875 | AC111: =SUM(AC108,AC110) -> 1615.5683 | AD111: =SUM(AD108,AD110) -> 2259.7754 | AE111: =SUM(AE108,AE110) -> 2864.1854 | AF111: =SUM(AF108,AF110) -> 3551.9538 | AG111: =SUM(AG108,AG110) -> 4405.8184 | AI111: =RATE(6,,-AA111,AG111) -> 0.30173632
B112: % Growth YoY | G112: =IFERROR(G111/C111-1,0) -> 0.057692308 | H112: =IFERROR(H111/D111-1,0) -> 0.024539877 | I112: =IFERROR(I111/E111-1,0) -> 0.0058823529 | J112: =IFERROR(J111/F111-1,0) -> 0.054545455 | K112: =IFERROR(K111/G111-1,0) -> 0.21212121 | L112: =IFERROR(L111/H111-1,0) -> 0.20359281 | M112: =IFERROR(M111/I111-1,0) -> 0.093567251 | N112: =IFERROR(N111/J111-1,0) -> 0.20689655 | ... V112: =IFERROR(V111/R111-1,0) -> 0.25 | Y112: =IFERROR(Y111/X111-1,0) -> 0.035168196 | Z112: =IFERROR(Z111/Y111-1,0) -> 0.17872969 | AA112: =IFERROR(AA111/Z111-1,0) -> 0.13471178 | AB112: =IFERROR(AB111/AA111-1,0) -> 0.25 | AC112: =IFERROR(AC111/AB111-1,0) -> 0.42733809 | AD112: =IFERROR(AD111/AC111-1,0) -> 0.39874953 | AE112: =IFERROR(AE111/AD111-1,0) -> 0.26746463 | AF112: =IFERROR(AF111/AE111-1,0) -> 0.24012704 | AG112: =IFERROR(AG111/AF111-1,0) -> 0.24039294
B113: Fastening Systems | C113: 36 | D113: 43 | E113: 32 | F113: 30 | G113: 31 | H113: 32 | I113: 29 | J113: 26 | K113: 35 | L113: 37 | M113: 31 | N113: 28 | O113: 40 | P113: 38 | Q113: 39 | R113: =IFERROR(N113*(1+R114),0) -> 38.944286 | S113: =IFERROR(O113*(1+S114),0) -> 40.716199 | T113: =IFERROR(P113*(1+T114),0) -> 41.512117 | U113: =IFERROR(Q113*(1+U114),0) -> 41.53699 | V113: =IFERROR(R113*(1+V114),0) -> 42.780612 | X113: =SUM(C113:F113) -> 141 | Y113: =SUM(G113:J113) -> 118 | Z113: =SUM(K113:N113) -> 131 | AA113: =SUM(O113:R113) -> 155.94429 | AB113: =SUM(S113:V113) -> 166.54592 | AC113: =IFERROR(AB113*(1+AC114),0) -> 187.72332 | AD113: =IFERROR(AC113*(1+AD114),0) -> 201.51658 | AE113: =IFERROR(AD113*(1+AE114),0) -> 220.96684 | AF113: =IFERROR(AE113*(1+AF114),0) -> 232.01518 | AG113: =IFERROR(AF113*(1+AG114),0) -> 243.61594 | AI113: =RATE(6,,-AA113,AG113) -> 0.077182705
B114: % Growth YoY | G114: =IFERROR(G113/C113-1,0) -> -0.13888889 | H114: =IFERROR(H113/D113-1,0) -> -0.25581395 | I114: =IFERROR(I113/E113-1,0) -> -0.09375 | J114: =IFERROR(J113/F113-1,0) -> -0.13333333 | K114: =IFERROR(K113/G113-1,0) -> 0.12903226 | L114: =IFERROR(L113/H113-1,0) -> 0.15625 | M114: =IFERROR(M113/I113-1,0) -> 0.068965517 | N114: =IFERROR(N113/J113-1,0) -> 0.076923077 | ... Q114: =IFERROR(Q113/M113-1,0) -> 0.25806452 | R114: ='vs. Consensus'!G116 -> 0.39086735 | S114: ='vs. Consensus'!H116 -> 0.017904974 | T114: ='vs. Consensus'!I116 -> 0.092424141 | U114: ='vs. Consensus'!J116 -> 0.06505102 | V114: ='vs. Consensus'!K116 -> 0.098508073 | Y114: =IFERROR(Y113/X113-1,0) -> -0.16312057 | Z114: =IFERROR(Z113/Y113-1,0) -> 0.11016949 | AA114: =IFERROR(AA113/Z113-1,0) -> 0.19041439 | AB114: =IFERROR(AB113/AA113-1,0) -> 0.067983463 | AC114: ='vs. Consensus'!T116 -> 0.12715651 | AD114: ='vs. Consensus'!U116 -> 0.07347657 | AE114: ='vs. Consensus'!V116 -> 0.096519378 | AF114: 0.05 | AG114: 0.05
B115: Engineered Structures | C115: 19 | D115: 17 | E115: 16 | F115: 16 | G115: 16 | H115: 14 | I115: 13 | J115: 13 | K115: 11 | L115: 17 | M115: 17 | N115: 20 | O115: 14 | P115: 14 | Q115: 13 | R115: =IFERROR(N115*(1+R116),0) -> 13.624822 | S115: =IFERROR(O115*(1+S116),0) -> 13.873518 | T115: =IFERROR(P115*(1+T116),0) -> 14.464427 | U115: =IFERROR(Q115*(1+U116),0) -> 14.258893 | V115: =IFERROR(R115*(1+V116),0) -> 15.068182 | X115: =SUM(C115:F115) -> 68 | Y115: =SUM(G115:J115) -> 56 | Z115: =SUM(K115:N115) -> 65 | AA115: =SUM(O115:R115) -> 54.624822 | AB115: =SUM(S115:V115) -> 57.66502 | AC115: =IFERROR(AB115*(1+AC116),0) -> 64.794466 | AD115: =IFERROR(AC115*(1+AD116),0) -> 69.059289 | AE115: =IFERROR(AD115*(1+AE116),0) -> 75.841897 | AF115: =IFERROR(AE115*(1+AF116),0) -> 79.633992 | AG115: =IFERROR(AF115*(1+AG116),0) -> 83.615692 | AI115: =RATE(6,,-AA115,AG115) -> 0.073535207
...

Sheet Charts
C3: Model | F3: Consensus Est. | I3: ∆
C4: '26E | D4: '27E | F4: '26E | G4: '27E | I4: '26E | J4: '27E
B6: Aero-Commercial | C6: =Model!AC127 -> 4721.3527 | D6: =Model!AD127 -> 5038.1893 | F6: 4721.3527 | G6: 5038.1893 | I6: =C6-F6 -> 0 | J6: =D6-G6 -> 0
B7: Aero- Defense | C7: =Model!AC128 -> 1421.9038 | D7: =Model!AD128 -> 1516.0334 | F7: 1421.9038 | G7: 1516.0334 | I7: =C7-F7 -> 0 | J7: =D7-G7 -> 0
B8: Commercial Transport | C8: =Model!AC129 -> 1444.8722 | D8: =Model!AD129 -> 1461.531 | F8: 1444.8722 | G8: 1461.531 | I8: =C8-F8 -> 0 | J8: =D8-G8 -> 0
B9: Industrial and Other | C9: =Model!AC130 -> 1868.0861 | D9: =Model!AD130 -> 2530.3513 | F9: 1345.8713 | G9: 1434.6663 | I9: =C9-F9 -> 522.21478 | J9: =D9-G9 -> 1095.6849
B10: Total Revenue by End Market | C10: =SUM(C6:C9) -> 9456.2148 | D10: =SUM(D6:D9) -> 10546.105 | F10: =SUM(F6:F9) -> 8934 | G10: =SUM(G6:G9) -> 9450.42 | I10: =C10-F10 -> 522.21478 | J10: =D10-G10 -> 1095.6849
B12: Engine Products | C12: =Model!AC151 -> 5176.3548 | D12: =Model!AD151 -> 6050.9349 | F12: 4654.14 | G12: 4955.25 | I12: =C12-F12 -> 522.21478 | J12: =D12-G12 -> 1095.6849
B13: Fastening Systems | C13: =Model!AC152 -> 1886.86 | D13: =Model!AD152 -> 2025.5 | F13: 1886.86 | G13: 2025.5 | I13: =C13-F13 -> 0 | J13: =D13-G13 -> 0
B14: Engineered Structures | C14: =Model!AC153 -> 1261 | D14: =Model!AD153 -> 1344 | F14: 1261 | G14: 1344 | I14: =C14-F14 -> 0 | J14: =D14-G14 -> 0
B15: Forged Wheels | C15: =Model!AC154 -> 1132 | D15: =Model!AD154 -> 1125.67 | F15: 1132 | G15: 1125.67 | I15: =C15-F15 -> 0 | J15: =D15-G15 -> 0
B16: Total Revenue by End Market | C16: =SUM(C12:C15) -> 9456.2148 | D16: =SUM(D12:D15) -> 10546.105 | F16: =SUM(F12:F15) -> 8934 | G16: =SUM(G12:G15) -> 9450.42 | I16: =C16-F16 -> 522.21478 | J16: =D16-G16 -> 1095.6849
B18: Engine Products | C18: =Model!AC158 -> 1817.3419 | D18: =Model!AD158 -> 2245.4128 | F18: 1634 | G18: 1610 | I18: =C18-F18 -> 183.34192 | J18: =D18-G18 -> 635.41282
B19: Fastening Systems | C19: =Model!AC160 -> 528 | D19: =Model!AD160 -> 587 | F19: 528 | G19: 587 | I19: =C19-F19 -> 0 | J19: =D19-G19 -> 0
B20: Engineered Structures | C20: =Model!AC162 -> 209.333 | D20: =Model!AD162 -> 233 | F20: 209.333 | G20: 233 | I20: =C20-F20 -> 0 | J20: =D20-G20 -> 0
B21: Forged Wheels | C21: =Model!AC164 -> 328 | D21: =Model!AD164 -> 331.79422 | F21: 328 | G21: 331.79422 | I21: =C21-F21 -> 0 | J21: =D21-G21 -> 0
B22: Total EBITDA by End Market | C22: =SUM(C18:C21) -> 2882.6749 | D22: =SUM(D18:D21) -> 3397.207 | F22: =SUM(F18:F21) -> 2699.333 | G22: =SUM(G18:G21) -> 2761.7942 | I22: =C22-F22 -> 183.34192 | J22: =D22-G22 -> 635.41282
B24: Engine Products | C24: =C18/C12 -> 0.35108527 | D24: =D18/D12 -> 0.37108527 | F24: =F18/F12 -> 0.35108527 | G24: =G18/G12 -> 0.32490793 | I24: =(C24-F24)*10000 -> 0 | J24: =(D24-G24)*10000 -> 461.77344
B25: Fastening Systems | C25: =C19/C13 -> 0.27982998 | D25: =D19/D13 -> 0.28980499 | F25: =F19/F13 -> 0.27982998 | G25: =G19/G13 -> 0.28980499 | I25: =(C25-F25)*10000 -> 0 | J25: =(D25-G25)*10000 -> 0
B26: Engineered Structures | C26: =C20/C14 -> 0.16600555 | D26: =D20/D14 -> 0.1733631 | F26: =F20/F14 -> 0.16600555 | G26: =G20/G14 -> 0.1733631 | I26: =(C26-F26)*10000 -> 0 | J26: =(D26-G26)*10000 -> 0
B27: Forged Wheels | C27: =C21/C15 -> 0.28975265 | D27: =D21/D15 -> 0.29475265 | F27: =F21/F15 -> 0.28975265 | G27: =G21/G15 -> 0.29475265 | I27: =(C27-F27)*10000 -> 0 | J27: =(D27-G27)*10000 -> 0
B28: Total Segment EBITDA Margin | C28: =C22/C16 -> 0.30484448 | D28: =D22/D16 -> 0.32212908 | F28: =F22/F16 -> 0.30214159 | G28: =G22/G16 -> 0.29224037 | I28: =(C28-F28)*10000 -> 27.028903 | J28: =(D28-G28)*10000 -> 298.88709

Sheet Historical EIA Data
B3: Natural Gas Combined Cycle and Combustion Turbine | L3: EIA Data
AG4: Planned | AH4: Planned | AI4: Planned | AJ4: Planned
B5: Year | C5: 1995 | D5: 1996 | E5: 1997 | F5: 1998 | G5: 1999 | H5: =G5+1 -> 2000 | I5: =H5+1 -> 2001 | J5: =I5+1 -> 2002 | K5: =J5+1 -> 2003 | L5: =K5+1 -> 2004 | M5: =L5+1 -> 2005 | N5: =M5+1 -> 2006 | O5: =N5+1 -> 2007 | ... AJ5: =AI5+1 -> 2028
B6: Nameplate Power (kW) | C6: 6829.3 | D6: 4272.6 | E6: 3844.7 | F6: 2065.7 | G6: 8855 | H6: 29639 | I6: 42377.2 | J6: 61157.6 | K6: 53636.7 | L6: 24797.8 | M6: 16809.6 | N6: 10070.6 | O6: 7701.5 | P6: 8613.4 | Q6: 10304.1 | R6: 6626.7 | S6: 10671.8 | T6: 10136 | U6: 7505.1 | V6: 8827.3 | W6: 6852.9 | X6: 8875.3 | Y6: 10311.4 | Z6: 21244 | AA6: 7676.1 | AB6: 6747.3 | AC6: 7135.7 | AD6: 6851.6 | AE6: 9529 | AF6: 61313.8 | AG6: 32677.4 | AH6: 26829 | AI6: 15125.4 | AJ6: 4821.7
D7: =IF(D6-C6<0,0,D6-C6) -> 0 | E7: =IF(E6-D6<0,0,E6-D6) -> 0 | F7: =IF(F6-E6<0,0,F6-E6) -> 0 | G7: =IF(G6-F6<0,0,G6-F6) -> 6789.3 | H7: =IF(H6-G6<0,0,H6-G6) -> 20784 | I7: =IF(I6-H6<0,0,I6-H6) -> 12738.2 | J7: =IF(J6-I6<0,0,J6-I6) -> 18780.4 | K7: =IF(K6-J6<0,0,K6-J6) -> 0 | ... AJ7: =IF(AJ6-AI6<0,0,AJ6-AI6) -> 0
AF8: =AF6/AE6-1 -> 5.4344422
B26: GE Power System Sales
M27: '98-'22 CAGR
B28: GE power system sales | C28: 6.962 | D28: 7.704 | E28: 7.986 | F28: 8.5 | G28: 10.099 | H28: 14.861 | I28: 20.211 | J28: 22.926 | K28: 18.462 | M28: =RATE(4,,-F28,J28) -> 0.28152576
B29: Growth | D29: =D28/C28-1 -> 0.10657857 | E29: =E28/D28-1 -> 0.036604361 | F29: =F28/E28-1 -> 0.064362635 | G29: =G28/F28-1 -> 0.18811765 | H29: =H28/G28-1 -> 0.47153183 | I29: =I28/H28-1 -> 0.36000269 | J29: =J28/I28-1 -> 0.13433279 | K29: =K28/J28-1 -> -0.19471343
B30: Unit sales | I30: 264 | J30: 323 | K30: 175 | L30: 122
B32: Sales / unit | I32: =I28/I30 -> 0.076556818 | J32: =J28/J30 -> 0.070978328 | K32: =K28/K30 -> 0.10549714
B34: Operating Profit | G34: 1.537 | H34: 2.523 | I34: 4.86 | J34: 6.255 | K34: 4.076
B36: COS | G36: =G28-G34 -> 8.562 | H36: =H28-H34 -> 12.338 | I36: =I28-I34 -> 15.351 | J36: =J28-J34 -> 16.671 | K36: =K28-K34 -> 14.386
B37: Growth | H37: =H36/G36-1 -> 0.44101845 | I37: =I36/H36-1 -> 0.2442049 | J37: =J36/I36-1 -> 0.085987884 | K37: =K36/J36-1 -> -0.13706436

Sheet vs. Consensus
B2: Consensus
B3: HWM-US
B4: Product Segments (M) | C4: Actual | D4: Actual | E4: Actual | F4: Actual | G4: Estimate | H4: Estimate | I4: Estimate | J4: Estimate | K4: Estimate | R4: Estimate | S4: Estimate | T4: Estimate | U4: Estimate | V4: Estimate
C5: Dec '23 | D5: Mar '24 | E5: Jun '24 | F5: Sep '24 | G5: Dec '24E | H5: Mar '25E | I5: Jun '25E | J5: Sep '25E | K5: Dec '25E | M5: Dec '19 | N5: Dec '20 | O5: Dec '21 | P5: Dec '22 | Q5: Dec '23 | R5: Dec '24E | S5: Dec '25E | T5: Dec '26E | U5: Dec '27E | V5: Dec '28E
C6: Q4 | D6: Q1 | E6: Q2 | F6: Q3 | G6: Q4 | H6: Q1 | I6: Q2 | J6: Q3 | K6: Q4
B8: Engine Products | D8: 885 | E8: 933 | F8: 945 | G8: 962.49 | H8: 964.75 | I8: 1009.25 | J8: 1022.25 | K8: 1056.25 | N8: 2406 | O8: 2282 | P8: 2698 | Q8: 3266 | R8: =SUM(D8:G8) -> 3725.49 | S8: =SUM(H8:K8) -> 4052.5 | T8: 4654.14 | U8: 4955.25 | V8: 5736
B9: Fastening Systems | D9: 389 | E9: 394 | F9: 392 | G9: 391.44 | H9: 409.25 | I9: 417.25 | J9: 417.5 | K9: 430 | N9: 1245 | O9: 1044 | P9: 1117 | Q9: 1349 | R9: =SUM(D9:G9) -> 1566.44 | S9: =SUM(H9:K9) -> 1674 | T9: 1886.86 | U9: 2025.5 | V9: 2221
B10: Engineered Structures | D10: 262 | E10: 275 | F10: 253 | G10: 265.16 | H10: 270 | I10: 281.5 | J10: 277.5 | K10: 293.25 | N10: 927 | O10: 725 | P10: 790 | Q10: 878 | R10: =SUM(D10:G10) -> 1055.16 | S10: =SUM(H10:K10) -> 1122.25 | T10: 1261 | U10: 1344 | V10: 1476
B11: Forged Wheels | D11: 288 | E11: 278 | F11: 245 | G11: 246.744 | H11: 251 | I11: 252.333 | J11: 250 | K11: 272.667 | N11: 679 | O11: 921 | P11: 1058 | Q11: 1147 | R11: =SUM(D11:G11) -> 1057.744 | S11: =SUM(H11:K11) -> 1026 | T11: 1132 | U11: 1125.67 | V11: 1178
B12: Total Sales | D12: 1824 | E12: 1880 | F12: 1835 | G12: =SUM(G8:G11) -> 1865.834 | H12: =SUM(H8:H11) -> 1895 | I12: =SUM(I8:I11) -> 1960.333 | J12: =SUM(J8:J11) -> 1967.25 | K12: =SUM(K8:K11) -> 2052.167 | M12: 14192 | N12: 5259 | O12: 4972 | P12: 5663 | Q12: 6640 | R12: 7410.92 | S12: =SUM(S8:S11) -> 7874.75 | T12: =SUM(T8:T11) -> 8934 | U12: =SUM(U8:U11) -> 9450.42 | V12: =SUM(V8:V11) -> 10611
B14: Engine Products | D14: 216 | E14: 259 | F14: 272 | G14: 270.833 | H14: 267.333 | I14: 287.667 | J14: 294.333 | K14: 315 | N14: 417 | O14: 440 | P14: 604 | Q14: 758 | R14: 1010 | S14: 1184.67 | T14: 1435 | U14: 1527 | V14: 2092
B15: Fastening Systems | D15: 81 | E15: 88 | F15: 89 | G15: 85.8333 | H15: 87.6667 | I15: 97.6667 | J15: 95.6667 | K15: 100.333 | N15: 247 | O15: 190 | P15: 189 | Q15: 231.5 | R15: 341 | S15: 394.333 | T15: 465 | U15: 506.333 | V15: 638
B16: Engineered Structures | D16: 26 | E16: 29 | F16: 27 | G16: 28.3333 | H16: 26.6667 | I16: 29.6667 | J16: 30.3333 | K16: 36.3333 | N16: 73 | O16: 54 | P16: 63 | Q16: 55.5 | R16: 105.333 | S16: 127.167 | T16: 155.833 | U16: 175.667 | V16: 196
B17: Forged Wheels | D17: 72 | E17: 65 | F17: 53 | G17: 54.6 | H17: 54.5 | I17: 55.5 | J17: 55 | K17: 67.5 | N17: 153 | O17: 255 | P17: 238 | Q17: 270 | R17: 246.4 | S17: 208.8 | T17: 240.4 | U17: 253.5 | V17: 268
B18: Total Segment Operating Income | D18: 369 | E18: 414 | F18: 421 | G18: 423.917 | H18: 415.288 | I18: 450.52 | J18: 468.068 | K18: 492.469 | M18: 1666.5 | N18: 809 | O18: 866 | P18: 1011 | Q18: 1211 | R18: 1619.62 | S18: 1831.41 | T18: 2126.32 | U18: 2377.67 | V18: 3094
B20: Engine Products | D20: 249 | E20: 292 | F20: 307 | G20: 310.333 | H20: 308 | I20: 328 | J20: 340.333 | K20: 364 | P20: 729 | Q20: 887 | R20: =SUM(D20:G20) -> 1158.333 | S20: =SUM(H20:K20) -> 1340.333 | T20: 1634 | U20: 1610
B21: Fastening Systems | D21: 92 | E21: 101 | F21: 102 | G21: 100.75 | H21: 101 | I21: 110 | J21: 117.333 | K21: 124.333 | P21: 234 | Q21: 278 | R21: =SUM(D21:G21) -> 395.75 | S21: =SUM(H21:K21) -> 452.666 | T21: 528 | U21: 587
B22: Engineered Structures | D22: 37 | E22: 40 | F22: 38 | G22: 40.7667 | H22: 40.3333 | I22: 43.3333 | J22: 44.6667 | K22: 51.6667 | P22: 111 | Q22: 113 | R22: =SUM(D22:G22) -> 155.7667 | S22: =SUM(H22:K22) -> 180 | T22: 209.333 | U22: 233
B23: Forged Wheels | D23: 82 | E23: 75 | F23: 64 | G23: 62.26 | H23: 60.5 | I23: 60.5 | J23: 64 | K23: 79 | P23: 278 | Q23: 309 | R23: =SUM(D23:G23) -> 283.26 | S23: =SUM(H23:K23) -> 264 | T23: 328
B24: Segment Adj. EBITDA | D24: =SUM(D20:D23) -> 460 | E24: =SUM(E20:E23) -> 508 | F24: =SUM(F20:F23) -> 511 | G24: =SUM(G20:G23) -> 514.1097 | H24: =SUM(H20:H23) -> 509.8333 | I24: =SUM(I20:I23) -> 541.8333 | J24: =SUM(J20:J23) -> 566.3327 | K24: =SUM(K20:K23) -> 618.9997 | M24: =SUM(M20:M23) -> 0 | N24: =SUM(N20:N23) -> 0 | O24: =SUM(O20:O23) -> 0 | P24: =SUM(P20:P23) -> 1352 | Q24: =SUM(Q20:Q23) -> 1587 | R24: =SUM(R20:R23) -> 1993.1097 | S24: =SUM(S20:S23) -> 2236.999 | T24: =SUM(T20:T23) -> 2699.333 | ... V24: =SUM(V20:V23) -> 0
B25: Imputed Corp Expense | D25: =D26-SUM(D20:D23) -> -23 | E25: =E26-SUM(E20:E23) -> -25 | F25: =F26-SUM(F20:F23) -> -23 | G25: =G26-SUM(G20:G23) -> -21.2547 | H25: =H26-SUM(H20:H23) -> -23.3873 | I25: =I26-SUM(I20:I23) -> -21.5593 | J25: =J26-SUM(J20:J23) -> -28.8877 | K25: =K26-SUM(K20:K23) -> -52.8297 | P25: =P26-SUM(P20:P23) -> 0 | Q25: =Q26-SUM(Q20:Q23) -> -79 | R25: =SUM(D25:G25) -> -92.2547 | S25: =SUM(H25:K25) -> -126.664 | T25: =T26-SUM(T20:T23) -> -261.263 | U25: =U26-SUM(U20:U23) -> 385
B26: Adj. EBITDA | D26: 437 | E26: 483 | F26: 488 | G26: 492.855 | H26: 486.446 | I26: 520.274 | J26: 537.445 | K26: 566.17 | M26: 2251 | N26: 1088 | O26: 1135 | P26: 1352 | Q26: 1508 | R26: 1906.46 | S26: 2127.16 | T26: 2438.07 | U26: 2815 | V26: 3521
B28: Margin
B29: Engine Products | D29: =D20/D8 -> 0.28135593 | E29: =E20/E8 -> 0.31296892 | F29: =F20/F8 -> 0.32486772 | G29: =G20/G8 -> 0.32242725 | H29: =H20/H8 -> 0.31925369 | I29: =I20/I8 -> 0.32499381 | J29: =J20/J8 -> 0.33292541 | K29: =K20/K8 -> 0.34461538 | M29: =M20/M8 -> #DIV/0! | N29: =N20/N8 -> 0 | O29: =O20/O8 -> 0 | P29: =P20/P8 -> 0.27020015 | Q29: =Q20/Q8 -> 0.27158604 | R29: =R20/R8 -> 0.31092098 | S29: =S20/S8 -> 0.33074226 | T29: =T20/T8 -> 0.35108527 | ... V29: =V20/V8 -> 0
B30: Fastening Systems | D30: =D21/D9 -> 0.23650386 | E30: =E21/E9 -> 0.25634518 | F30: =F21/F9 -> 0.26020408 | G30: =G21/G9 -> 0.257383 | H30: =H21/H9 -> 0.24679291 | I30: =I21/I9 -> 0.26363092 | J30: =J21/J9 -> 0.28103713 | K30: =K21/K9 -> 0.28914651 | M30: =M21/M9 -> #DIV/0! | N30: =N21/N9 -> 0 | O30: =O21/O9 -> 0 | P30: =P21/P9 -> 0.2094897 | Q30: =Q21/Q9 -> 0.20607858 | R30: =R21/R9 -> 0.25264294 | S30: =S21/S9 -> 0.2704098 | T30: =T21/T9 -> 0.27982998 | ... V30: =V21/V9 -> 0
B31: Engineered Structures | D31: =D22/D10 -> 0.14122137 | E31: =E22/E10 -> 0.14545455 | F31: =F22/F10 -> 0.15019763 | G31: =G22/G10 -> 0.15374378 | H31: =H22/H10 -> 0.14938259 | I31: =I22/I10 -> 0.15393712 | J31: =J22/J10 -> 0.16096108 | K31: =K22/K10 -> 0.17618653 | M31: =M22/M10 -> #DIV/0! | N31: =N22/N10 -> 0 | O31: =O22/O10 -> 0 | P31: =P22/P10 -> 0.14050633 | Q31: =Q22/Q10 -> 0.12870159 | R31: =R22/R10 -> 0.14762377 | S31: =S22/S10 -> 0.16039207 | T31: =T22/T10 -> 0.16600555 | ... V31: =V22/V10 -> 0
B32: Forged Wheels | D32: =D23/D11 -> 0.28472222 | E32: =E23/E11 -> 0.26978417 | F32: =F23/F11 -> 0.26122449 | G32: =G23/G11 -> 0.2523263 | H32: =H23/H11 -> 0.24103586 | I32: =I23/I11 -> 0.23976254 | J32: =J23/J11 -> 0.256 | K32: =K23/K11 -> 0.2897307 | M32: =M23/M11 -> #DIV/0! | N32: =N23/N11 -> 0 | O32: =O23/O11 -> 0 | P32: =P23/P11 -> 0.26275992 | Q32: =Q23/Q11 -> 0.26939843 | R32: =R23/R11 -> 0.26779637 | S32: =S23/S11 -> 0.25730994 | T32: =T23/T11 -> 0.28975265 | ... V32: =V23/V11 -> 0
B33: Adj. EBITDA | D33: =D26/D12 -> 0.23958333 | E33: =E26/E12 -> 0.25691489 | F33: =F26/F12 -> 0.26594005 | G33: =G26/G12 -> 0.26414729 | H33: =H26/H12 -> 0.25669974 | I33: =I26/I12 -> 0.26540083 | J33: =J26/J12 -> 0.27319609 | K33: =K26/K12 -> 0.27588885 | M33: =M26/M12 -> 0.15861048 | N33: =N26/N12 -> 0.20688344 | O33: =O26/O12 -> 0.22827836 | P33: =P26/P12 -> 0.23874272 | Q33: =Q26/Q12 -> 0.22710843 | R33: =R26/R12 -> 0.25725011 | S33: =S26/S12 -> 0.27012413 | T33: =T26/T12 -> 0.27289792 | ... V33: =V26/V12 -> 0.33182546
B35: Model
B38: Engine Products | D38: =Model!O151 -> 885 | E38: =Model!P151 -> 933 | F38: =Model!Q151 -> 945 | G38: =Model!R151 -> 998.88124 | H38: =Model!S151 -> 998.11032 | I38: =Model!T151 -> 1038.4063 | J38: =Model!U151 -> 1059.6024 | K38: =Model!V151 -> 1136.2401 | O38: =Model!X151 -> 2282 | P38: =Model!Y151 -> 2698 | Q38: =Model!Z151 -> 3266 | R38: =Model!AA151 -> 3761.8812 | S38: =Model!AB151 -> 4232.3591 | T38: =Model!AC151 -> 5176.3548 | U38: =Model!AD151 -> 6050.9349 | V38: =Model!AE151 -> 7252.6806
B39: Fastening Systems | D39: =Model!O152 -> 389 | E39: =Model!P152 -> 394 | F39: =Model!Q152 -> 392 | G39: =Model!R152 -> 391.44 | H39: =Model!S152 -> 409.25 | I39: =Model!T152 -> 417.25 | J39: =Model!U152 -> 417.5 | K39: =Model!V152 -> 430 | O39: =Model!X152 -> 1044 | P39: =Model!Y152 -> 1117 | Q39: =Model!Z152 -> 1349 | R39: =Model!AA152 -> 1566.44 | S39: =Model!AB152 -> 1674 | T39: =Model!AC152 -> 1886.86 | U39: =Model!AD152 -> 2025.5 | V39: =Model!AE152 -> 2221
B40: Engineered Structures | D40: =Model!O153 -> 262 | E40: =Model!P153 -> 275 | F40: =Model!Q153 -> 253 | G40: =Model!R153 -> 265.16 | H40: =Model!S153 -> 270 | I40: =Model!T153 -> 281.5 | J40: =Model!U153 -> 277.5 | K40: =Model!V153 -> 293.25 | O40: =Model!X153 -> 725 | P40: =Model!Y153 -> 790 | Q40: =Model!Z153 -> 878 | R40: =Model!AA153 -> 1055.16 | S40: =Model!AB153 -> 1122.25 | T40: =Model!AC153 -> 1261 | U40: =Model!AD153 -> 1344 | V40: =Model!AE153 -> 1476
B41: Forged Wheels | D41: =Model!O154 -> 288 | E41: =Model!P154 -> 278 | F41: =Model!Q154 -> 245 | G41: =Model!R154 -> 246.744 | H41: =Model!S154 -> 251 | I41: =Model!T154 -> 252.333 | J41: =Model!U154 -> 250 | K41: =Model!V154 -> 272.667 | O41: =Model!X154 -> 921 | P41: =Model!Y154 -> 1058 | Q41: =Model!Z154 -> 1147 | R41: =Model!AA154 -> 1057.744 | S41: =Model!AB154 -> 1026 | T41: =Model!AC154 -> 1132 | U41: =Model!AD154 -> 1125.67 | V41: =Model!AE154 -> 1178
B42: Total Sales | D42: =SUM(D38:D41) -> 1824 | E42: =SUM(E38:E41) -> 1880 | F42: =SUM(F38:F41) -> 1835 | G42: =SUM(G38:G41) -> 1902.2252 | H42: =SUM(H38:H41) -> 1928.3603 | I42: =SUM(I38:I41) -> 1989.4893 | J42: =SUM(J38:J41) -> 2004.6024 | K42: =SUM(K38:K41) -> 2132.1571 | O42: =SUM(O38:O41) -> 4972 | P42: =SUM(P38:P41) -> 5663 | Q42: =SUM(Q38:Q41) -> 6640 | R42: =SUM(R38:R41) -> 7441.2252 | S42: =SUM(S38:S41) -> 8054.6091 | T42: =SUM(T38:T41) -> 9456.2148 | U42: =SUM(U38:U41) -> 10546.105 | V42: =SUM(V38:V41) -> 12127.681
B44: Engine Products | D44: =Model!O158 -> 249 | E44: =Model!P158 -> 292 | F44: =Model!Q158 -> 307 | G44: =Model!R158 -> 322.06653 | H44: =Model!S158 -> 318.6504 | I44: =Model!T158 -> 337.47563 | J44: =Model!U158 -> 352.76856 | K44: =Model!V158 -> 391.56581 | O44: =Model!X158 -> 564 | P44: =Model!Y158 -> 729 | Q44: =Model!Z158 -> 887 | R44: =Model!AA158 -> 1170.0665 | S44: =Model!AB158 -> 1400.4604 | T44: =Model!AC158 -> 1817.3419 | U44: =Model!AD158 -> 2245.4128 | V44: =Model!AE158 -> 2836.4166
B45: Fastening Systems | D45: =Model!O160 -> 92 | E45: =Model!P160 -> 101 | F45: =Model!Q160 -> 102 | G45: =Model!R160 -> 100.75 | H45: =Model!S160 -> 101 | I45: =Model!T160 -> 110 | J45: =Model!U160 -> 117.333 | K45: =Model!V160 -> 124.333 | O45: =Model!X160 -> 239 | P45: =Model!Y160 -> 234 | Q45: =Model!Z160 -> 278 | R45: =Model!AA160 -> 395.75 | S45: =Model!AB160 -> 452.666 | T45: =Model!AC160 -> 528 | U45: =Model!AD160 -> 587 | V45: =Model!AE160 -> 654.76187
B46: Engineered Structures | D46: =Model!O162 -> 37 | E46: =Model!P162 -> 40 | F46: =Model!Q162 -> 38 | G46: =Model!R162 -> 40.7667 | H46: =Model!S162 -> 40.3333 | I46: =Model!T162 -> 43.3333 | J46: =Model!U162 -> 44.6667 | K46: =Model!V162 -> 51.6667 | O46: =Model!X162 -> 103 | P46: =Model!Y162 -> 111 | Q46: =Model!Z162 -> 113 | R46: =Model!AA162 -> 155.7667 | S46: =Model!AB162 -> 180 | T46: =Model!AC162 -> 209.333 | U46: =Model!AD162 -> 233 | V46: =Model!AE162 -> 263.26393
B47: Forged Wheels | D47: =Model!O164 -> 82 | E47: =Model!P164 -> 75 | F47: =Model!Q164 -> 64 | G47: =Model!R164 -> 62.26 | H47: =Model!S164 -> 60.5 | I47: =Model!T164 -> 60.5 | J47: =Model!U164 -> 64 | K47: =Model!V164 -> 79 | O47: =Model!X164 -> 294 | P47: =Model!Y164 -> 278 | Q47: =Model!Z164 -> 309 | R47: =Model!AA164 -> 283.26 | S47: =Model!AB164 -> 264 | T47: =Model!AC164 -> 328 | U47: =Model!AD164 -> 331.79422 | V47: =Model!AE164 -> 353.10862
B48: Segment EBITDA | D48: =Model!O166 -> 460 | E48: =Model!P166 -> 508 | F48: =Model!Q166 -> 511 | G48: =Model!R166 -> 525.84323 | H48: =Model!S166 -> 520.4837 | I48: =Model!T166 -> 551.30893 | J48: =Model!U166 -> 578.76826 | K48: =Model!V166 -> 646.56551 | O48: =Model!X166 -> 1200 | P48: =Model!Y166 -> 1352 | Q48: =Model!Z166 -> 1587 | R48: =Model!AA166 -> 2004.8432 | S48: =Model!AB166 -> 2297.1264 | T48: =Model!AC166 -> 2882.6749 | U48: =Model!AD166 -> 3397.207 | V48: =Model!AE166 -> 4107.551
B49: Adj. EBITDA | D49: =Model!O171 -> 437 | E49: =Model!P171 -> 483 | F49: =Model!Q171 -> 487 | G49: =Model!R171 -> 500.96399 | H49: =Model!S171 -> 495.26264 | I49: =Model!T171 -> 525.28836 | J49: =Model!U171 -> 552.55002 | K49: =Model!V171 -> 618.67899 | O49: =Model!X171 -> 1135 | P49: =Model!Y171 -> 1271 | Q49: =Model!Z171 -> 1508 | R49: =Model!AA171 -> 1907.964 | S49: =Model!AB171 -> 2191.78 | T49: =Model!AC171 -> 2758.9969 | U49: =Model!AD171 -> 3259.2743 | V49: =Model!AE171 -> 3948.9328
B51: Margin
B52: Engine Products | D52: =D44/D38 -> 0.28135593 | E52: =E44/E38 -> 0.31296892 | F52: =F44/F38 -> 0.32486772 | G52: =G44/G38 -> 0.32242725 | H52: =H44/H38 -> 0.31925369 | I52: =I44/I38 -> 0.32499381 | J52: =J44/J38 -> 0.33292541 | K52: =K44/K38 -> 0.34461538 | O52: =O44/O38 -> 0.24715162 | P52: =P44/P38 -> 0.27020015 | Q52: =Q44/Q38 -> 0.27158604 | R52: =R44/R38 -> 0.31103229 | S52: =S44/S38 -> 0.33089357 | T52: =T44/T38 -> 0.35108527 | U52: =U44/U38 -> 0.37108527 | V52: =V44/V38 -> 0.39108527
B53: Fastening Systems | D53: =D45/D39 -> 0.23650386 | E53: =E45/E39 -> 0.25634518 | F53: =F45/F39 -> 0.26020408 | G53: =G45/G39 -> 0.257383 | H53: =H45/H39 -> 0.24679291 | I53: =I45/I39 -> 0.26363092 | J53: =J45/J39 -> 0.28103713 | K53: =K45/K39 -> 0.28914651 | O53: =O45/O39 -> 0.2289272 | P53: =P45/P39 -> 0.2094897 | Q53: =Q45/Q39 -> 0.20607858 | R53: =R45/R39 -> 0.25264294 | S53: =S45/S39 -> 0.2704098 | T53: =T45/T39 -> 0.27982998 | U53: =U45/U39 -> 0.28980499 | V53: =V45/V39 -> 0.29480499
B54: Engineered Structures | D54: =D46/D40 -> 0.14122137 | E54: =E46/E40 -> 0.14545455 | F54: =F46/F40 -> 0.15019763 | G54: =G46/G40 -> 0.15374378 | H54: =H46/H40 -> 0.14938259 | I54: =I46/I40 -> 0.15393712 | J54: =J46/J40 -> 0.16096108 | K54: =K46/K40 -> 0.17618653 | O54: =O46/O40 -> 0.14206897 | P54: =P46/P40 -> 0.14050633 | Q54: =Q46/Q40 -> 0.12870159 | R54: =R46/R40 -> 0.14762377 | S54: =S46/S40 -> 0.16039207 | T54: =T46/T40 -> 0.16600555 | U54: =U46/U40 -> 0.1733631 | V54: =V46/V40 -> 0.1783631
B55: Forged Wheels | D55: =D47/D41 -> 0.28472222 | E55: =E47/E41 -> 0.26978417 | F55: =F47/F41 -> 0.26122449 | G55: =G47/G41 -> 0.2523263 | H55: =H47/H41 -> 0.24103586 | I55: =I47/I41 -> 0.23976254 | J55: =J47/J41 -> 0.256 | K55: =K47/K41 -> 0.2897307 | O55: =O47/O41 -> 0.31921824 | P55: =P47/P41 -> 0.26275992 | Q55: =Q47/Q41 -> 0.26939843 | R55: =R47/R41 -> 0.26779637 | S55: =S47/S41 -> 0.25730994 | T55: =T47/T41 -> 0.28975265 | U55: =U47/U41 -> 0.29475265 | V55: =V47/V41 -> 0.29975265
B56: Adj. EBITDA | D56: =D49/D42 -> 0.23958333 | E56: =E49/E42 -> 0.25691489 | F56: =F49/F42 -> 0.2653951 | G56: =G49/G42 -> 0.26335682 | H56: =H49/H42 -> 0.25683097 | I56: =I49/I42 -> 0.26403175 | J56: =J49/J42 -> 0.27564071 | K56: =K49/K42 -> 0.29016576 | O56: =O49/O42 -> 0.22827836 | P56: =P49/P42 -> 0.22443934 | Q56: =Q49/Q42 -> 0.22710843 | R56: =R49/R42 -> 0.25640455 | S56: =S49/S42 -> 0.27211501 | T56: =T49/T42 -> 0.29176547 | U56: =U49/U42 -> 0.30905006 | V56: =V49/V42 -> 0.32561319
B58: Premium / (Discount) to CONS
B60: Engine Products | G60: =G38-G8 -> 36.391238 | H60: =H38-H8 -> 33.360317 | I60: =I38-I8 -> 29.156349 | J60: =J38-J8 -> 37.352381 | K60: =K38-K8 -> 79.990079 | R60: =R38-R8 -> 36.391238 | S60: =S38-S8 -> 179.85913 | T60: =T38-T8 -> 522.21478 | U60: =U38-U8 -> 1095.6849 | V60: =V38-V8 -> 1516.6806
B61: Fastening Systems | G61: =G39-G9 -> 0 | H61: =H39-H9 -> 0 | I61: =I39-I9 -> 0 | J61: =J39-J9 -> 0 | K61: =K39-K9 -> 0 | R61: =R39-R9 -> 0 | S61: =S39-S9 -> 0 | T61: =T39-T9 -> 0 | U61: =U39-U9 -> 0 | V61: =V39-V9 -> 0
B62: Engineered Structures | G62: =G40-G10 -> 0 | H62: =H40-H10 -> 0 | I62: =I40-I10 -> 0 | J62: =J40-J10 -> 0 | K62: =K40-K10 -> 0 | R62: =R40-R10 -> 0 | S62: =S40-S10 -> 0 | T62: =T40-T10 -> 0 | U62: =U40-U10 -> 0 | V62: =V40-V10 -> 0
B63: Forged Wheels | G63: =G41-G11 -> 0 | H63: =H41-H11 -> 0 | I63: =I41-I11 -> 0 | J63: =J41-J11 -> 0 | K63: =K41-K11 -> 0 | R63: =R41-R11 -> 0 | S63: =S41-S11 -> 0 | T63: =T41-T11 -> 0 | U63: =U41-U11 -> 0 | V63: =V41-V11 -> 0
B64: Total Sales | G64: =G42-G12 -> 36.391238 | H64: =H42-H12 -> 33.360317 | I64: =I42-I12 -> 29.156349 | J64: =J42-J12 -> 37.352381 | K64: =K42-K12 -> 79.990079 | R64: =R42-R12 -> 30.305238 | S64: =S42-S12 -> 179.85913 | T64: =T42-T12 -> 522.21478 | U64: =U42-U12 -> 1095.6849 | V64: =V42-V12 -> 1516.6806
B66: Engine Products | G66: =G44-G20 -> 11.733527 | H66: =H44-H20 -> 10.650405 | I66: =I44-I20 -> 9.4756329 | J66: =J44-J20 -> 12.435557 | K66: =K44-K20 -> 27.565812 | R66: =R44-R20 -> 11.733527 | S66: =S44-S20 -> 60.127406 | T66: =T44-T20 -> 183.34192 | U66: =U44-U20 -> 635.41282 | V66: =V44-V20 -> 2836.4166
B67: Fastening Systems | G67: =G45-G21 -> 0 | H67: =H45-H21 -> 0 | I67: =I45-I21 -> 0 | J67: =J45-J21 -> 0 | K67: =K45-K21 -> 0 | R67: =R45-R21 -> 0 | S67: =S45-S21 -> 0 | T67: =T45-T21 -> 0 | U67: =U45-U21 -> 0 | V67: =V45-V21 -> 654.76187
B68: Engineered Structures | G68: =G46-G22 -> 0 | H68: =H46-H22 -> 0 | I68: =I46-I22 -> 0 | J68: =J46-J22 -> 0 | K68: =K46-K22 -> 0 | R68: =R46-R22 -> 0 | S68: =S46-S22 -> 0 | T68: =T46-T22 -> 0 | U68: =U46-U22 -> 0 | V68: =V46-V22 -> 263.26393
B69: Forged Wheels | G69: =G47-G23 -> 0 | H69: =H47-H23 -> 0 | I69: =I47-I23 -> 0 | J69: =J47-J23 -> 0 | K69: =K47-K23 -> 0 | R69: =R47-R23 -> 0 | S69: =S47-S23 -> 0 | T69: =T47-T23 -> 0 | U69: =U47-U23 -> 331.79422 | V69: =V47-V23 -> 353.10862
R70: =R48-R24 -> 11.733527 | S70: =S48-S24 -> 60.127406 | T70: =T48-T24 -> 183.34192 | U70: =U48-U24 -> 967.20704 | V70: =V48-V24 -> 4107.551
B71: Adj. EBITDA | G71: =G49-G26 -> 8.1089865 | H71: =H49-H26 -> 8.8166432 | I71: =I49-I26 -> 5.0143638 | J71: =J49-J26 -> 15.105024 | K71: =K49-K26 -> 52.508989 | R71: =R49-R26 -> 1.5039865 | S71: =S49-S26 -> 64.62002 | T71: =T49-T26 -> 320.9269 | U71: =U49-U26 -> 444.27433 | V71: =V49-V26 -> 427.93282 | AA71: Capture rate | AB71: 0
T73: =T71/T64 -> 0.61454964 | U73: =U71/U64 -> 0.40547636 | V73: =V71/V64 -> 0.28215091
B75: Aero-Commercial | Z75: IRR | AA75: ='IRR Analysis'!D35 -> 0.30192311 | AB75: ='IRR Analysis'!E35 -> 0.25128168
B76: Engine Products | C76: =Model!N61 -> 474 | D76: =Model!O61 -> 492 | E76: =Model!P61 -> 528 | F76: =Model!Q61 -> 534 | G76: =$G124*G$8 -> 543.88324 | H76: =$G124*H$8 -> 545.16032 | I76: =$G124*I$8 -> 570.30635 | J76: =$G124*J$8 -> 577.65238 | K76: =$G124*K$8 -> 596.86508 | R76: =SUM(D76:G76) -> 2097.8832 | S76: =SUM(H76:K76) -> 2289.9841 | T76: =$G124*T$8 -> 2629.9585 | U76: =$G124*U$8 -> 2800.1095 | V76: =$G124*V$8 -> 3241.2952
B77: Fastening Systems | C77: =Model!N63 -> 227 | D77: =Model!O63 -> 244 | E77: =Model!P63 -> 251 | F77: =Model!Q63 -> 245 | G77: =$G125*G$9 -> 244.65 | H77: =$G125*H$9 -> 255.78125 | I77: =$G125*I$9 -> 260.78125 | J77: =$G125*J$9 -> 260.9375 | K77: =$G125*K$9 -> 268.75 | R77: =SUM(D77:G77) -> 984.65 | S77: =SUM(H77:K77) -> 1046.25 | T77: =$G125*T$9 -> 1179.2875 | U77: =$G125*U$9 -> 1265.9375 | V77: =$G125*V$9 -> 1388.125
B78: Engineered Structures | C78: =Model!N65 -> 183 | D78: =Model!O65 -> 192 | E78: =Model!P65 -> 200 | F78: =Model!Q65 -> 183 | G78: =$G126*G$10 -> 191.79557 | H78: =$G126*H$10 -> 195.29644 | I78: =$G126*I$10 -> 203.61462 | J78: =$G126*J$10 -> 200.72134 | K78: =$G126*K$10 -> 212.11364 | R78: =SUM(D78:G78) -> 766.79557 | S78: =SUM(H78:K78) -> 811.74605 | T78: =$G126*T$10 -> 912.10672 | U78: =$G126*U$10 -> 972.14229 | V78: =$G126*V$10 -> 1067.6206
B79: Forged Wheels | C79: =Model!N67 -> 0 | D79: =Model!O67 -> 0 | E79: =Model!P67 -> 0 | F79: =Model!Q67 -> 0 | G79: =$G127*G$11 -> 0 | H79: =$G127*H$11 -> 0 | I79: =$G127*I$11 -> 0 | J79: =$G127*J$11 -> 0 | K79: =$G127*K$11 -> 0 | R79: =SUM(D79:G79) -> 0 | S79: =SUM(H79:K79) -> 0 | T79: =$G127*T$11 -> 0 | U79: =$G127*U$11 -> 0 | V79: =$G127*V$11 -> 0
B80: Aero-Commercial
B81: Engine Products | C81: =Model!N77 -> 168 | D81: =Model!O77 -> 185 | E81: =Model!P77 -> 192 | F81: =Model!Q77 -> 189 | G81: =$G129*G$8 -> 192.498 | H81: =$G129*H$8 -> 192.95 | I81: =$G129*I$8 -> 201.85 | J81: =$G129*J$8 -> 204.45 | K81: =$G129*K$8 -> 211.25 | R81: =SUM(D81:G81) -> 758.498 | S81: =SUM(H81:K81) -> 810.5 | T81: =$G129*T$8 -> 930.828 | U81: =$G129*U$8 -> 991.05 | V81: =$G129*V$8 -> 1147.2
B82: Fastening Systems | C82: =Model!N79 -> 42 | D82: =Model!O79 -> 39 | E82: =Model!P79 -> 37 | F82: =Model!Q79 -> 43 | G82: =$G130*G$9 -> 42.938571 | H82: =$G130*H$9 -> 44.892219 | I82: =$G130*I$9 -> 45.76977 | J82: =$G130*J$9 -> 45.797194 | K82: =$G130*K$9 -> 47.168367 | R82: =SUM(D82:G82) -> 161.93857 | S82: =SUM(H82:K82) -> 183.62755 | T82: =$G130*T$9 -> 206.97699 | U82: =$G130*U$9 -> 222.18495 | V82: =$G130*V$9 -> 243.6301
B83: Engineered Structures | C83: =Model!N81 -> 41 | D83: =Model!O81 -> 56 | E83: =Model!P81 -> 61 | F83: =Model!Q81 -> 57 | G83: =$G131*G$10 -> 59.739605 | H83: =$G131*H$10 -> 60.83004 | I83: =$G131*I$10 -> 63.420949 | J83: =$G131*J$10 -> 62.519763 | K83: =$G131*K$10 -> 66.068182 | R83: =SUM(D83:G83) -> 233.7396 | S83: =SUM(H83:K83) -> 252.83893 | T83: =$G131*T$10 -> 284.09881 | U83: =$G131*U$10 -> 302.79842 | V83: =$G131*V$10 -> 332.53755
B84: Forged Wheels | C84: =Model!N83 -> 0 | D84: =Model!O83 -> 0 | E84: =Model!P83 -> 0 | F84: =Model!Q83 -> 0 | G84: =$G132*G$11 -> 0 | H84: =$G132*H$11 -> 0 | I84: =$G132*I$11 -> 0 | J84: =$G132*J$11 -> 0 | K84: =$G132*K$11 -> 0 | R84: =SUM(D84:G84) -> 0 | S84: =SUM(H84:K84) -> 0 | T84: =$G132*T$11 -> 0 | U84: =$G132*U$11 -> 0 | V84: =$G132*V$11 -> 0
B85: Commercial Transport
B86: Engine Products | C86: =Model!N92 -> 0 | D86: =Model!O92 -> 0 | E86: =Model!P92 -> 0 | F86: =Model!Q92 -> 0 | G86: =$G134*G$8 -> 0 | H86: =$G134*H$8 -> 0 | I86: =$G134*I$8 -> 0 | J86: =$G134*J$8 -> 0 | K86: =$G134*K$8 -> 0 | R86: =SUM(D86:G86) -> 0 | S86: =SUM(H86:K86) -> 0 | T86: =$G134*T$8 -> 0 | U86: =$G134*U$8 -> 0 | V86: =$G134*V$8 -> 0
B87: Fastening Systems | C87: =Model!N94 -> 63 | D87: =Model!O94 -> 66 | E87: =Model!P94 -> 68 | F87: =Model!Q94 -> 65 | G87: =$G135*G$9 -> 64.907143 | H87: =$G135*H$9 -> 67.860332 | I87: =$G135*I$9 -> 69.186862 | J87: =$G135*J$9 -> 69.228316 | K87: =$G135*K$9 -> 71.30102 | R87: =SUM(D87:G87) -> 263.90714 | S87: =SUM(H87:K87) -> 277.57653 | T87: =$G135*T$9 -> 312.87219 | U87: =$G135*U$9 -> 335.86097 | V87: =$G135*V$9 -> 368.27806
B88: Engineered Structures | C88: =Model!N96 -> 0 | D88: =Model!O96 -> 0 | E88: =Model!P96 -> 0 | F88: =Model!Q96 -> 0 | G88: =$G136*G$10 -> 0 | H88: =$G136*H$10 -> 0 | I88: =$G136*I$10 -> 0 | J88: =$G136*J$10 -> 0 | K88: =$G136*K$10 -> 0 | R88: =SUM(D88:G88) -> 0 | S88: =SUM(H88:K88) -> 0 | T88: =$G136*T$10 -> 0 | U88: =$G136*U$10 -> 0 | V88: =$G136*V$10 -> 0
B89: Forged Wheels | C89: =Model!N98 -> 275 | D89: =Model!O98 -> 288 | E89: =Model!P98 -> 278 | F89: =Model!Q98 -> 245 | G89: =$G137*G$11 -> 246.744 | H89: =$G137*H$11 -> 251 | I89: =$G137*I$11 -> 252.333 | J89: =$G137*J$11 -> 250 | K89: =$G137*K$11 -> 272.667 | R89: =SUM(D89:G89) -> 1057.744 | S89: =SUM(H89:K89) -> 1026 | T89: =$G137*T$11 -> 1132 | U89: =$G137*U$11 -> 1125.67 | V89: =$G137*V$11 -> 1178
B90: Industrial and Other
B91: Engine Products | C91: =Model!N111 -> 210 | D91: =Model!O111 -> 208 | E91: =Model!P111 -> 213 | F91: =Model!Q111 -> 222 | G91: =$G139*G$8 -> 226.10876 | H91: =$G139*H$8 -> 226.63968 | I91: =$G139*I$8 -> 237.09365 | J91: =$G139*J$8 -> 240.14762 | K91: =$G139*K$8 -> 248.13492 | R91: =SUM(D91:G91) -> 869.10876 | S91: =SUM(H91:K91) -> 952.01587 | T91: =$G139*T$8 -> 1093.3535 | U91: =$G139*U$8 -> 1164.0905 | V91: =$G139*V$8 -> 1347.5048
B92: Fastening Systems | C92: =Model!N113 -> 28 | D92: =Model!O113 -> 40 | E92: =Model!P113 -> 38 | F92: =Model!Q113 -> 39 | G92: =$G140*G$9 -> 38.944286 | H92: =$G140*H$9 -> 40.716199 | I92: =$G140*I$9 -> 41.512117 | J92: =$G140*J$9 -> 41.53699 | K92: =$G140*K$9 -> 42.780612 | R92: =SUM(D92:G92) -> 155.94429 | S92: =SUM(H92:K92) -> 166.54592 | T92: =$G140*T$9 -> 187.72332 | U92: =$G140*U$9 -> 201.51658 | V92: =$G140*V$9 -> 220.96684
B93: Engineered Structures | C93: =Model!N115 -> 20 | D93: =Model!O115 -> 14 | E93: =Model!P115 -> 14 | F93: =Model!Q115 -> 13 | G93: =$G141*G$10 -> 13.624822 | H93: =$G141*H$10 -> 13.873518 | I93: =$G141*I$10 -> 14.464427 | J93: =$G141*J$10 -> 14.258893 | K93: =$G141*K$10 -> 15.068182 | R93: =SUM(D93:G93) -> 54.624822 | S93: =SUM(H93:K93) -> 57.66502 | T93: =$G141*T$10 -> 64.794466 | U93: =$G141*U$10 -> 69.059289 | V93: =$G141*V$10 -> 75.841897
B94: Forged Wheels | C94: =Model!N117 -> 0 | D94: =Model!O117 -> 0 | E94: =Model!P117 -> 0 | F94: =Model!Q117 -> 0 | G94: =$G142*G$11 -> 0 | H94: =$G142*H$11 -> 0 | I94: =$G142*I$11 -> 0 | J94: =$G142*J$11 -> 0 | K94: =$G142*K$11 -> 0 | R94: =SUM(D94:G94) -> 0 | S94: =SUM(H94:K94) -> 0 | T94: =$G142*T$11 -> 0 | U94: =$G142*U$11 -> 0 | V94: =$G142*V$11 -> 0
B96: Total | C96: =SUM(C76:C94) -> 1731 | D96: =SUM(D76:D94) -> 1824 | E96: =SUM(E76:E94) -> 1880 | F96: =SUM(F76:F94) -> 1835 | G96: =SUM(G76:G94) -> 1865.834 | H96: =SUM(H76:H94) -> 1895 | I96: =SUM(I76:I94) -> 1960.333 | J96: =SUM(J76:J94) -> 1967.25 | K96: =SUM(K76:K94) -> 2052.167 | R96: =SUM(R76:R94) -> 7404.834 | S96: =SUM(S76:S94) -> 7874.75 | T96: =SUM(T76:T94) -> 8934 | U96: =SUM(U76:U94) -> 9450.42 | V96: =SUM(V76:V94) -> 10611
B98: % Growth YoY
B99: Aero-Commercial
B100: Engine Products | G100: =G76/C76-1 -> 0.14743299 | H100: =H76/D76-1 -> 0.10804943 | I100: =I76/E76-1 -> 0.080125661 | J100: =J76/F76-1 -> 0.081746032 | K100: =K76/G76-1 -> 0.097413999 | S100: =S76/R76-1 -> 0.091568914 | T100: =T76/S76-1 -> 0.14846144 | U100: =U76/T76-1 -> 0.064697237 | V100: =V76/U76-1 -> 0.15756016
B101: Fastening Systems | G101: =G77/C77-1 -> 0.077753304 | H101: =H77/D77-1 -> 0.048283811 | I101: =I77/E77-1 -> 0.038969124 | J101: =J77/F77-1 -> 0.06505102 | K101: =K77/G77-1 -> 0.098508073 | S101: =S77/R77-1 -> 0.062560301 | T101: =T77/S77-1 -> 0.12715651 | U101: =U77/T77-1 -> 0.07347657 | V101: =V77/U77-1 -> 0.096519378
B102: Engineered Structures | G102: =G78/C78-1 -> 0.048063241 | H102: =H78/D78-1 -> 0.017168972 | I102: =I78/E78-1 -> 0.018073123 | J102: =J78/F78-1 -> 0.096837945 | K102: =K78/G78-1 -> 0.10593604 | S102: =S78/R78-1 -> 0.058621197 | T102: =T78/S78-1 -> 0.12363555 | U102: =U78/T78-1 -> 0.065820777 | V102: =V78/U78-1 -> 0.098214286
B103: Forged Wheels
B104: Aero-Commercial
B105: Engine Products | G105: =G81/C81-1 -> 0.14582143 | H105: =H81/D81-1 -> 0.042972973 | I105: =I81/E81-1 -> 0.051302083 | J105: =J81/F81-1 -> 0.081746032 | K105: =K81/G81-1 -> 0.097413999 | S105: =S81/R81-1 -> 0.068559179 | T105: =T81/S81-1 -> 0.14846144 | U105: =U81/T81-1 -> 0.064697237 | V105: =V81/U81-1 -> 0.15756016
B106: Fastening Systems | G106: =G82/C82-1 -> 0.022346939 | H106: =H82/D82-1 -> 0.15108255 | I106: =I82/E82-1 -> 0.23702082 | J106: =J82/F82-1 -> 0.06505102 | K106: =K82/G82-1 -> 0.098508073 | S106: =S82/R82-1 -> 0.13393338 | T106: =T82/S82-1 -> 0.12715651 | U106: =U82/T82-1 -> 0.07347657 | V106: =V82/U82-1 -> 0.096519378
B107: Engineered Structures | G107: =G83/C83-1 -> 0.45706353 | H107: =H83/D83-1 -> 0.086250706 | I107: =I83/E83-1 -> 0.039687682 | J107: =J83/F83-1 -> 0.096837945 | K107: =K83/G83-1 -> 0.10593604 | S107: =S83/R83-1 -> 0.081711989 | T107: =T83/S83-1 -> 0.12363555 | U107: =U83/T83-1 -> 0.065820777 | V107: =V83/U83-1 -> 0.098214286
B108: Forged Wheels
B109: Commercial Transport
B110: Engine Products
B111: Fastening Systems | G111: =G87/C87-1 -> 0.030272109 | H111: =H87/D87-1 -> 0.028186843 | I111: =I87/E87-1 -> 0.017453857 | J111: =J87/F87-1 -> 0.06505102 | K111: =K87/G87-1 -> 0.098508073 | S111: =S87/R87-1 -> 0.051796202 | T111: =T87/S87-1 -> 0.12715651 | U111: =U87/T87-1 -> 0.07347657 | V111: =V87/U87-1 -> 0.096519378
B112: Engineered Structures
B113: Forged Wheels | G113: =G89/C89-1 -> -0.10274909 | H113: =H89/D89-1 -> -0.12847222 | I113: =I89/E89-1 -> -0.092327338 | J113: =J89/F89-1 -> 0.020408163 | K113: =K89/G89-1 -> 0.10506031 | S113: =S89/R89-1 -> -0.030011042 | T113: =T89/S89-1 -> 0.10331384 | U113: =U89/T89-1 -> -0.0055918728 | V113: =V89/U89-1 -> 0.046487869
B114: Industrial and Other
B115: Engine Products | G115: =G91/C91-1 -> 0.07670839 | H115: =H91/D91-1 -> 0.089613858 | I115: =I91/E91-1 -> 0.11311573 | J115: =J91/F91-1 -> 0.081746032 | K115: =K91/G91-1 -> 0.097413999 | S115: =S91/R91-1 -> 0.095393252 | T115: =T91/S91-1 -> 0.14846144 | U115: =U91/T91-1 -> 0.064697237 | V115: =V91/U91-1 -> 0.15756016
B116: Fastening Systems | G116: =G92/C92-1 -> 0.39086735 | H116: =H92/D92-1 -> 0.017904974 | I116: =I92/E92-1 -> 0.092424141 | J116: =J92/F92-1 -> 0.06505102 | K116: =K92/G92-1 -> 0.098508073 | S116: =S92/R92-1 -> 0.067983463 | T116: =T92/S92-1 -> 0.12715651 | U116: =U92/T92-1 -> 0.07347657 | V116: =V92/U92-1 -> 0.096519378
B117: Engineered Structures | G117: =G93/C93-1 -> -0.31875889 | H117: =H93/D93-1 -> -0.0090344438 | I117: =I93/E93-1 -> 0.033173348 | J117: =J93/F93-1 -> 0.096837945 | K117: =K93/G93-1 -> 0.10593604 | S117: =S93/R93-1 -> 0.055655973 | T117: =T93/S93-1 -> 0.12363555 | U117: =U93/T93-1 -> 0.065820777 | V117: =V93/U93-1 -> 0.098214286
...

Sheet Sheet1
D3: 2012 | G3: 2010 | H3: 2011 | I3: =H3+1 -> 2012 | J3: =I3+1 -> 2013 | K3: 2014 | L3: 2015 | M3: 2016 | N3: 2017 | O3: 2018 | P3: 2019 | Q3: 2020 | R3: 2021 | S3: =R3+1 -> 2022 | T3: =S3+1 -> 2023 | U3: =T3+1 -> 2024
C4: Sales | L4: 2991 | M4: 2967 | N4: 3271
C5: COGS | L5: 2437 | M5: 2375 | N5: 2656
C7: Gross Profit | L7: =L4-L5 -> 554 | M7: =M4-M5 -> 592 | N7: =N4-N5 -> 615 | R7: 1376 | S7: 1560 | T7: 1867 | U7: 2330.1115
L8: =L7/L4 -> 0.18522233 | M8: =M7/M4 -> 0.19952814 | N8: =N7/N4 -> 0.1880159 | P8: 0.22 | R8: 0.2767498 | S8: 0.27547236 | T8: 0.2811747 | U8: 0.30975977
E11: HXL | F11: Sales | P11: 2355.7 | U11: 456.5
F12: COGS | P12: 1715.3 | U12: 350
F13: GP | P13: =P11-P12 -> 640.4 | U13: =U11-U12 -> 106.5
P14: =P13/P11 -> 0.27185125 | U14: =U13/U11 -> 0.23329682
E16: TDG | F16: Sales | G16: 827654 | M16: 3171411 | P16: 5223203 | U16: 7940
F17: COGS | M17: 1443348 | P17: 2413932 | U17: 3268
F18: GP | G18: 473066 | M18: =M16-M17 -> 1728063 | P18: =P16-P17 -> 2809271 | U18: =U16-U17 -> 4672
G19: =G18/G16 -> 0.5715746 | M19: =M18/M16 -> 0.54488775 | P19: =P18/P16 -> 0.5378445 | U19: =U18/U16 -> 0.5884131
E21: HON | F21: Sales | P21: 14054 | R21: 11026 | U21: 11472
F22: COGS | P22: 9398 | R22: 7191 | U22: 7081
F23: GP | P23: =P21-P22 -> 4656 | R23: =R21-R22 -> 3835 | U23: =U21-U22 -> 4391
P24: =P23/P21 -> 0.33129358 | R24: =R23/R21 -> 0.34781426 | U24: =U23/U21 -> 0.38275802
E26: Henkel | F26: Sales | U26: 21514
F27: COS | U27: 11853
F28: GP | U28: =U26-U27 -> 9661
U29: =U28/U26 -> 0.44905643

Sheet Data Center Demand Build
C4: 2023 | D4: 2024 | E4: =D4+1 -> 2025 | F4: =E4+1 -> 2026 | G4: =F4+1 -> 2027 | H4: =G4+1 -> 2028 | I4: =H4+1 -> 2029 | J4: =I4+1 -> 2030 | L4: '23-'30 CAGR
B5: MW Capacity Installed | C5: 55000 | D5: =C5*(1+$L$5) -> 67002.13 | E5: =D5*(1+$L$5) -> 81623.371 | F5: =E5*(1+$L$5) -> 99435.267 | G5: =F5*(1+$L$5) -> 121134.08 | H5: =G5*(1+$L$5) -> 147568.03 | I5: =H5*(1+$L$5) -> 179770.41 | J5: 219000 | L5: =RATE(7,,-C5,J5) -> 0.21822054
B7: Utility Constrain % | D7: 0 | E7: 0.1 | F7: 0.2 | G7: 0.4 | H7: =G7 -> 0.4 | I7: =H7 -> 0.4 | J7: =I7 -> 0.4
B9: Utility Constrained MW | D9: =D7*D5 -> 0 | E9: =E7*E5 -> 8162.3371 | F9: =F7*F5 -> 19887.053 | G9: =G7*G5 -> 48453.634 | H9: =H7*H5 -> 59027.212 | I9: =I7*I5 -> 71908.162 | J9: =J7*J5 -> 87600
B11: Gas Turbine Capture | D11: 0.5 | E11: =D11 -> 0.5 | F11: =E11 -> 0.5 | G11: =F11 -> 0.5 | H11: =G11 -> 0.5 | I11: =H11 -> 0.5 | J11: =I11 -> 0.5
B13: Gas Turbine MW | D13: =D11*D9 -> 0 | E13: =E11*E9 -> 4081.1685 | F13: =F11*F9 -> 9943.5267 | G13: =G11*G9 -> 24226.817 | H13: =H11*H9 -> 29513.606 | I13: =I11*I9 -> 35954.081 | J13: =J11*J9 -> 43800
B15: Avg. MW / unit | D15: 20 | E15: =D15 -> 20 | F15: =E15 -> 20 | G15: =F15 -> 20 | H15: =G15 -> 20 | I15: =H15 -> 20 | J15: =I15 -> 20
B17: # of Units | D17: =D13/D15 -> 0 | E17: =E13/E15 -> 204.05843 | F17: =F13/F15 -> 497.17633 | G17: =G13/G15 -> 1211.3408 | H17: =H13/H15 -> 1475.6803 | I17: =I13/I15 -> 1797.7041 | J17: =J13/J15 -> 2190
B19: Memo: Engine Products Commercial Aero Ship Set | D19: =Model!AA74 -> 1.5224116 | E19: =Model!AB74 -> 1.4905257 | F19: =Model!AC74 -> 1.6149164 | G19: =Model!AD74 -> 1.6220726 | H19: =Model!AE74 -> 1.7713648 | I19: =Model!AF74 -> 1.7546538 | J19: =Model!AG74 -> 1.7381004
B21: Premium / (Discount) to Commercial Aero Ship Set | D21: -0.75 | E21: =D21 -> -0.75 | F21: =E21 -> -0.75 | G21: =F21 -> -0.75 | H21: =G21 -> -0.75 | I21: =H21 -> -0.75 | J21: =I21 -> -0.75
B23: $ / Gas Turbine Volume | D23: =D19*(1+D21) -> 0.38060291 | E23: =E19*(1+E21) -> 0.37263144 | F23: =F19*(1+F21) -> 0.40372909 | G23: =G19*(1+G21) -> 0.40551816 | H23: =H19*(1+H21) -> 0.44284119 | I23: =I19*(1+I21) -> 0.43866345 | J23: =J19*(1+J21) -> 0.43452511
B25: Revenue | D25: =D23*D17 -> 0 | E25: =E23*E17 -> 76.038584 | F25: =F23*F17 -> 200.72455 | G25: =G23*G17 -> 491.22071 | H25: =H23*H17 -> 653.49202 | I25: =I23*I17 -> 788.58705 | J25: =J23*J17 -> 951.61

Sheet DCF
B2: Assumptions
B4: Value Date | C4: 45657
B5: Stub period | C5: 1
B6: End | C6: 45657
B7: Tax Rate | C7: 0.15
B8: WACC | C8: 0.095
B9: PGR | C9: 0.04
B12: Discounted Cash Flow Analysis
C14: 2024 | D14: =C14+1 -> 2025 | E14: =D14+1 -> 2026 | F14: =E14+1 -> 2027 | G14: =F14+1 -> 2028 | H14: =G14+1 -> 2029 | I14: =H14+1 -> 2030 | J14: Terminal Year
B16: Revenue | C16: =Model!AA122 -> 7441.2252 | D16: =Model!AB122 -> 8054.6091 | E16: =Model!AC122 -> 9456.2148 | F16: =Model!AD122 -> 10546.105 | G16: =Model!AE122 -> 12127.681 | H16: =Model!AF122 -> 13278.624 | I16: =Model!AG122 -> 14618.822 | J16: =I16 -> 14618.822
B17: % Growth | D17: =D16/C16-1 -> 0.082430496 | E17: =E16/D16-1 -> 0.17401287 | F17: =F16/E16-1 -> 0.11525649 | G17: =G16/F16-1 -> 0.14996776 | H17: =H16/G16-1 -> 0.094902164 | I17: =I16/H16-1 -> 0.10092899
B19: EBIT | C19: =Model!AA186 -> 1678.7158 | D19: =Model!AB186 -> 1909.8687 | E19: =Model!AC186 -> 2286.1862 | F19: =Model!AD186 -> 2837.4301 | G19: =Model!AE186 -> 3524.464 | H19: =Model!AF186 -> 4142.6587 | I19: =Model!AG186 -> 4883.5123 | J19: =I19 -> 4883.5123
B20: % Margin | C20: =C19/C$16 -> 0.22559669 | D20: =D19/D$16 -> 0.23711501 | E20: =E19/E$16 -> 0.24176547 | F20: =F19/F$16 -> 0.26905006 | G20: =G19/G$16 -> 0.29061319 | H20: =H19/H$16 -> 0.31197952 | I20: =I19/I$16 -> 0.33405649 | J20: =J19/J$16 -> 0.33405649
B22: Plus: D&A | C22: =-Model!AA184 -> -270.57788 | D22: =-Model!AB184 -> -281.91132 | E22: =-Model!AC184 -> -472.81074 | F22: =-Model!AD184 -> -421.8442 | G22: =-Model!AE184 -> -424.46882 | H22: =-Model!AF184 -> -398.35871 | I22: =-Model!AG184 -> -365.47055 | J22: =I22 -> -365.47055
B23: Less: Cash Taxes | C23: =C19*-$C$7 -> -251.80737 | D23: =D19*-$C$7 -> -286.48031 | E23: =E19*-$C$7 -> -342.92792 | F23: =F19*-$C$7 -> -425.61452 | G23: =G19*-$C$7 -> -528.6696 | H23: =H19*-$C$7 -> -621.39881 | I23: =I19*-$C$7 -> -732.52685 | J23: =I23 -> -732.52685
B24: Less: CapEx | C24: =Model!AA292 -> -304.00407 | D24: =Model!AB292 -> -359.93349 | E24: =Model!AC292 -> -378.24859 | F24: =Model!AD292 -> -369.11367 | G24: =Model!AE292 -> -363.83042 | H24: =Model!AF292 -> -331.96559 | I24: =Model!AG292 -> -292.37644 | J24: =I24 -> -292.37644
B25: Less: Change in NWC | C25: =Model!AA317 -> -327.40833 | D25: =Model!AB317 -> -131.83396 | E25: =Model!AC317 -> -150.98777 | F25: =Model!AD317 -> -55.016599 | G25: =Model!AE317 -> -106.93356 | H25: =Model!AF317 -> -6.5355474 | I25: =Model!AG317 -> -3.3371126 | J25: =I25 -> -3.3371126
B26: Unlevered Free Cash Flow | C26: =C19+SUM(C22:C25) -> 524.91816 | D26: =D19+SUM(D22:D25) -> 849.70963 | E26: =E19+SUM(E22:E25) -> 941.21114 | F26: =F19+SUM(F22:F25) -> 1565.8411 | G26: =G19+SUM(G22:G25) -> 2100.5616 | H26: =H19+SUM(H22:H25) -> 2784.4001 | I26: =I19+SUM(I22:I25) -> 3489.8014 | J26: =J19+SUM(J22:J25) -> 3489.8014
B27: Stubbed UFCF | C27: =C26 -> 524.91816 | D27: =D26*C5 -> 849.70963 | E27: =E26 -> 941.21114 | F27: =F26 -> 1565.8411 | G27: =G26 -> 2100.5616 | H27: =H26 -> 2784.4001 | I27: =I26 -> 3489.8014 | J27: =J26 -> 3489.8014
B29: Discount Period | D29: =C5/2 -> 0.5 | E29: =D29+1 -> 1.5 | F29: =E29+1 -> 2.5 | G29: =F29+1 -> 3.5 | H29: =G29+1 -> 4.5 | I29: =H29+1 -> 5.5 | J29: =H29 -> 4.5
B30: Discount Factor | D30: =1/(1+$D$35)^D29 -> 0.95563697 | E30: =1/(1+$D$35)^E29 -> 0.87272782 | F30: =1/(1+$D$35)^F29 -> 0.79701171 | G30: =1/(1+$D$35)^G29 -> 0.72786458 | H30: =1/(1+$D$35)^H29 -> 0.66471651 | I30: =1/(1+$D$35)^I29 -> 0.60704704 | J30: =1/(1+$D$35)^J29 -> 0.66471651
B31: PV of Free Cash Flows | D31: =D30*D27 -> 812.01394 | E31: =E30*E27 -> 821.42114 | F31: =F30*F27 -> 1247.9937 | G31: =G30*G27 -> 1528.9244 | H31: =H30*H27 -> 1850.8367 | I31: =I30*I27 -> 2118.4736 | J31: =J30*J27 -> 2319.7286
B34: Perpetuity Growth Methodology
B35: Discount Rate | D35: =C8 -> 0.095
B36: Perpetuity Growth Rate | D36: =C9 -> 0.04
B38: Discount Factor for TV | D38: =J30 -> 0.66471651
B39: Free Cash Flow in Terminal Year | D39: =J26 -> 3489.8014
B40: Terminal Value | D40: =(D39*(1+D36)/(D35-D36)) -> 65988.972
B42: Present Value of Projection Period | D42: =SUM(D31:I31) -> 8379.6635
B43: Present Value of Terminal Value | D43: =D40*D38 -> 43863.959
B44: Implied Enterprise Value | D44: =SUM(D42:D43) -> 52243.622
B46: Less: Net Debt | D46: =SUM('HWM- TSM'!E15:E16) -> 2919
B47: Implied Equity Value | D47: =D44-D46 -> 49324.622
B49: FDSO | D49: ='HWM- TSM'!C3 -> 406.26065
B50: Implied DCF Value Per Share | D50: =D47/D49 -> 121.41127
B52: Current Price | D52: ='HWM- TSM'!C5 -> 110.83
B53: Implied Premium / (Discount) to Current | D53: =D50/D52-1 -> 0.095472999
B55: Implied Terminal EBITDA Multiple Calculation
B56: Adjusted Terminal Valuation | D56: =+D40*(1+D35)^(0.5) -> 69052.343
B57: Terminal Year EBITDA | D57: =J19+J22 -> 4518.0418
B58: Implied Terminal EBITDA Multiple | D58: =D56/D57 -> 15.283688
B61: Sensitivity Analysis
B64: Valuation Sensitivities - PGR & WACC
B66: Implied Price per Share
D67: Perpetuity Growth Rate
C68: =D50 -> 121.41127 | D68: =E68-0.25% -> 0.035 | E68: =F68-0.25% -> 0.0375 | F68: 0.04 | G68: =F68+0.25% -> 0.0425 | H68: =G68+0.25% -> 0.045
C69: =C70-0.25% -> 0.09 | D69: 123.47043 | E69: 128.97117 | F69: 135.02199 | G69: 141.70973 | H69: 149.14056
B70: Discount | C70: =C71-0.25% -> 0.0925 | D70: 117.45315 | E70: 122.43546 | F70: 127.89227 | G70: 133.89476 | H70: 140.52909
B71: Rate | C71: 0.095 | D71: 111.93794 | E71: 116.46867 | F71: 121.41127 | G71: 126.8246 | H71: 132.77927
C72: =C71+0.25% -> 0.0975 | D72: 106.8646 | E72: 110.99972 | F72: 115.49443 | G72: 120.39774 | H72: 125.76803
C73: =C72+0.25% -> 0.1 | D73: 102.18216 | E73: 105.96893 | F73: 110.07125 | G73: 114.5303 | H73: 119.39472
B76: Implied Premium / (Discount) to Current Share Price
D77: Perpetuity Growth Rate
D78: =E78-0.25% -> 0.035 | E78: =F78-0.25% -> 0.0375 | F78: 0.04 | G78: =F78+0.25% -> 0.0425 | H78: =G78+0.25% -> 0.045
C79: =C80-0.25% -> 0.09 | D79: =D69/$D$52-1 -> 0.11405245 | E79: =E69/$D$52-1 -> 0.16368469 | F79: =F69/$D$52-1 -> 0.21828016 | G79: =G69/$D$52-1 -> 0.27862251 | H79: =H69/$D$52-1 -> 0.34566958
B80: Discount | C80: =C81-0.25% -> 0.0925 | D80: =D70/$D$52-1 -> 0.059759557 | E80: =E70/$D$52-1 -> 0.10471404 | F80: =F70/$D$52-1 -> 0.15394991 | G80: =G70/$D$52-1 -> 0.20810936 | H80: =H70/$D$52-1 -> 0.26796981
B81: Rate | C81: 0.095 | D81: =D71/$D$52-1 -> 0.0099967865 | E81: =E71/$D$52-1 -> 0.050876714 | F81: =F71/$D$52-1 -> 0.095472999 | G81: =G71/$D$52-1 -> 0.14431655 | H81: =H71/$D$52-1 -> 0.19804445
C82: =C81+0.25% -> 0.0975 | D82: =D72/$D$52-1 -> -0.035779146 | E82: =E72/$D$52-1 -> 0.0015313916 | F82: =F72/$D$52-1 -> 0.042086324 | G82: =G72/$D$52-1 -> 0.086328069 | H82: =H72/$D$52-1 -> 0.13478331
C83: =C82+0.25% -> 0.1 | D83: =D73/$D$52-1 -> -0.078027956 | E83: =E73/$D$52-1 -> -0.043860641 | F83: =F73/$D$52-1 -> -0.0068460488 | G83: =G73/$D$52-1 -> 0.033387203 | H83: =H73/$D$52-1 -> 0.077278023

Sheet WACC
B2: WACC Calculation
B4: WACC Calculation
G5: Prospective Cost of Equity and WACC
G6: Low | H6: High
B7: Prospective US Equity Risk Premium | G7: 0.04 | H7: 0.05
B9: Multiply by: Prospective Levered Equity Beta | G9: ='Beta Determination'!K46 -> 1.1356286 | H9: =G9 -> 1.1356286
B10: Corresponding Prospective Unlevered Equity Beta | G10: ='Beta Determination'!K44 -> 1.0769402 | H10: =G10 -> 1.0769402
B11: Adjusted Prospective US Equity Risk Premium | G11: =G7*G9 -> 0.045425144 | H11: =H7*H9 -> 0.05678143
B12: Add: Risk-Free Rate of Return (Rf) | G12: 0.0489 | H12: =G12 -> 0.0489
B13: Illustrative Prospective Cost of Equity | G13: =SUM(G11:G12) -> 0.094325144 | H13: =SUM(H11:H12) -> 0.10568143
B14: Multiply by: Prospective E/(D+E) | G14: =1-G29 -> 0.93226131 | H14: =1-H29 -> 0.93226131
B15: Cost of Equity Portion | G15: =G13*G14 -> 0.087935682 | H15: =H13*H14 -> 0.098522708 | N15: 24FYQ3
B17: Assumed Cost of Debt (Kd) | G17: =N19 -> 0.051856217 | H17: =G17 -> 0.051856217 | L17: Interest Exp | N17: =Model!Q190*4 -> 176
B18: Assumed Tax Rate | G18: 0.15 | H18: =G18 -> 0.15 | L18: Tot. Debt | N18: ='[7]HWM- TSM'!$E$15 -> 3394
B19: After-Tax Cost of Debt | G19: =G17*(1-G18) -> 0.044077784 | H19: =H17*(1-H18) -> 0.044077784 | L19: Implied Rate | N19: =N17/N18 -> 0.051856217
B20: Multiply by: Prospective D/(D+E) | G20: =1-G14 -> 0.067738688 | H20: =1-H14 -> 0.067738688
B21: Cost of Debt Portion | G21: =G19*G20 -> 0.0029857713 | H21: =H19*H20 -> 0.0029857713
B23: Prospective WACC Range | G23: =G21+G15 -> 0.090921454 | H23: =H21+H15 -> 0.10150848
B25: Midpoint WACC | G25: =AVERAGE(G23:H23) -> 0.096214967
B27: Memo:
B28: D/E | G28: =H28 -> 0.072660624 | H28: ='Beta Determination'!K45 -> 0.072660624
B29: D/(D+E) | G29: =G28/(1+G28) -> 0.067738688 | H29: =H28/(1+H28) -> 0.067738688

Sheet Beta Determination
A3: Howmet Marginal Tax Rate | D3: 0.25
G7: Market Value of Common Equity | H7: Total Debt + Pref Stock | I7: Leverage Ratios
C8: Company | F8: 5 Years | I8: D / E | J8: D / (D + E) | K8: 5 Years | M8: Marginal Tax Rate
C10: Howmet | F10: 1.3 | G10: ='[7]HWM- TSM'!$E$14 -> 45069.948 | H10: ='[7]HWM- TSM'!$E$15 -> 3394 | I10: =H10/G10 -> 0.075305168 | J10: =H10/(H10+G10) -> 0.070031439 | K10: =F10/(1+($I10*(1-($M10)))) -> 1.2305026 | M10: 0.25
C12: Aerospace Peers
C13: Transdigm | F13: 1.39 | G13: =ROIC!F12 -> 75595.824 | H13: ='TDG - TSM'!E16 -> 24880 | I13: =H13/G13 -> 0.32911871 | J13: =H13/(H13+G13) -> 0.24762176 | K13: =F13/(1+($I13*(1-($M13)))) -> 1.1148191 | M13: 0.25
C14: Heico | F14: 1.26 | G14: =ROIC!F7 -> 33662.579 | H14: ='HEI- TSM'!E15 -> 2229.374 | I14: =H14/G14 -> 0.066227072 | J14: =H14/(H14+G14) -> 0.062113478 | K14: =F14/(1+($I14*(1-($M14)))) -> 1.2003769 | M14: =M13 -> 0.25
C15: Ametek | F15: 1.16 | G15: =ROIC!F5 -> 42663.614 | H15: ='AME - TSM'!E16 -> 2336.534 | I15: =H15/G15 -> 0.054766434 | J15: =H15/(H15+G15) -> 0.051922807 | K15: =F15/(1+($I15*(1-($M15)))) -> 1.1142331 | M15: =M14 -> 0.25
C16: Mean | F16: =AVERAGE(F13:F15) -> 1.27 | G16: =AVERAGE(G13:G15) -> 50640.672 | H16: =AVERAGE(H13:H15) -> 9815.3027 | I16: =AVERAGE(I13:I15) -> 0.1500374 | J16: =AVERAGE(J13:J15) -> 0.12055268 | K16: =AVERAGE(K13:K15) -> 1.143143
C17: Median | F17: =MEDIAN(F13:F15) -> 1.26 | G17: =MEDIAN(G13:G15) -> 42663.614 | H17: =MEDIAN(H13:H15) -> 2336.534 | I17: =MEDIAN(I13:I15) -> 0.066227072 | J17: =MEDIAN(J13:J15) -> 0.062113478 | K17: =MEDIAN(K13:K15) -> 1.1148191
C20: Reference Range - Prospective Unlevered Equity Beta | K20: =MAX(K17:K17) -> 1.1148191
C21: Target Debt / Equity Ratio | K21: =I17 -> 0.066227072
C22: Refernce Range - Prospective Levered Equity Beta | K22: =K20*(1+(K21*(1-$D$3))) -> 1.1701925
C24: Industrial Compounder Peers
C25: Amphenol | F25: 1.24 | G25: =ROIC!F6 -> 45057.954 | H25: ='APH - TSM'!E15 -> 2909.6 | I25: =H25/G25 -> 0.064574614 | J25: =H25/(H25+G25) -> 0.060657669 | K25: =F25/(1+($I25*(1-($M25)))) -> 1.1827197 | M25: =$M$15 -> 0.25
C26: IDEX | F26: 0.95 | G26: =ROIC!F8 -> 16159.728 | H26: ='IEX- TSM'!E16 -> 2075.1 | I26: =H26/G26 -> 0.12841181 | J26: =H26/(H26+G26) -> 0.11379871 | K26: =F26/(1+($I26*(1-($M26)))) -> 0.86654412 | M26: =$M$15 -> 0.25
C27: Eaton | F27: 1.03 | G27: =ROIC!F11 -> 134140.62 | H27: ='ETN - TSM'!E15 -> 9392 | I27: =H27/G27 -> 0.070016079 | J27: =H27/(H27+G27) -> 0.065434605 | K27: =F27/(1+($I27*(1-($M27)))) -> 0.97861111 | M27: =$M$15 -> 0.25
C28: Roper | F28: 1.03 | G28: =ROIC!F9 -> 56981.315 | H28: ='ROP- TSM'!E15 -> 8376.6 | I28: =H28/G28 -> 0.14700609 | J28: =H28/(H28+G28) -> 0.12816504 | K28: =F28/(1+($I28*(1-($M28)))) -> 0.92771517 | M28: =$M$15 -> 0.25
C29: Mean | F29: =AVERAGE(F25:F28) -> 1.0625 | G29: =AVERAGE(G25:G28) -> 63084.903 | H29: =AVERAGE(H25:H28) -> 5688.325 | I29: =AVERAGE(I25:I28) -> 0.10250215 | J29: =AVERAGE(J25:J28) -> 0.092014008 | K29: =AVERAGE(K25:K28) -> 0.98889754
C30: Median | F30: =MEDIAN(F25:F28) -> 1.03 | G30: =MEDIAN(G25:G28) -> 51019.634 | H30: =MEDIAN(H25:H28) -> 5643.1 | I30: =MEDIAN(I25:I28) -> 0.099213947 | J30: =MEDIAN(J25:J28) -> 0.08961666 | K30: =MEDIAN(K25:K28) -> 0.95316314
C33: Reference Range - Prospective Unlevered Equity Beta | K33: =MAX(K30:K30) -> 0.95316314
C34: Target Debt / Equity Ratio | K34: =I29 -> 0.10250215
C35: Refernce Range - Prospective Levered Equity Beta | K35: =K33*(1+(K34*(1-$D$3))) -> 1.0264391
C38: Total Comp Set
C40: Mean | F40: =AVERAGE(F10,F13,F14,F15,F25,F26,F27,F28) -> 1.17 | G40: =AVERAGE(G10,G13,G14,G15,G25,G26,G27,G28) -> 56166.447 | H40: =AVERAGE(H10,H13,H14,H15,H25,H26,H27,H28) -> 6949.151 | I40: =AVERAGE(I10,I13,I14,I15,I25,I26,I27,I28) -> 0.11692825 | J40: =AVERAGE(J10,J13,J14,J15,J25,J26,J27,J28) -> 0.099968189 | K40: =AVERAGE(K10,K13,K14,K15,K25,K26,K27,K28) -> 1.0769402
C41: Median | F41: =MEDIAN(F10,F13,F14,F15,F25,F26,F27,F28) -> 1.2 | G41: =MEDIAN(G10,G13,G14,G15,G25,G26,G27,G28) -> 45063.951 | H41: =MEDIAN(H10,H13,H14,H15,H25,H26,H27,H28) -> 3151.8 | I41: =MEDIAN(I10,I13,I14,I15,I25,I26,I27,I28) -> 0.072660624 | J41: =MEDIAN(J10,J13,J14,J15,J25,J26,J27,J28) -> 0.067733022 | K41: =MEDIAN(K10,K13,K14,K15,K25,K26,K27,K28) -> 1.1145261
C44: Reference Range - Prospective Unlevered Equity Beta | K44: =K40 -> 1.0769402
C45: Target Debt / Equity Ratio | K45: =I41 -> 0.072660624
C46: Refernce Range - Prospective Levered Equity Beta | K46: =K44*(1+(K45*(1-$D$3))) -> 1.1356286

Sheet IRR Analysis
C4: 45657 | D4: 46022 | E4: 46387 | F4: Downside
B6: EBITDA (NTM) | D6: =Model!AC171 -> 2758.9969 | E6: =Model!AD171 -> 3259.2743 | F6: =E6 -> 3259.2743
B8: Multiple - 6 month High | D8: 25.4 | E8: =D8 -> 25.4
B9: Multiple - 6 month Low | D9: 19.4 | E9: =D9 -> 19.4 | F9: 15
B10: Average Multiple | D10: =AVERAGE(D8:D9) -> 22.4 | E10: =AVERAGE(E8:E9) -> 22.4 | F10: =F9 -> 15
B12: TEV | D12: =D$6*D10 -> 61801.531 | E12: =E$6*E10 -> 73007.745 | F12: =F$6*F10 -> 48889.115
B13: Less: Net Debt | D13: =SUM(Model!AB235-Model!AB211) -> 2192.4537 | E13: =SUM(Model!AC235-Model!AC211) -> 1307.3958 | F13: =SUM(Model!AD235-Model!AD211) -> -25.968006
B15: Equity Value | D15: =D12-D$13 -> 59609.077 | E15: =E12-E$13 -> 71700.349 | F15: =F12-F$13 -> 48915.083
B16: FDSO | D16: =Model!AB199 -> 410.50413 | E16: =Model!AC199 -> 410.50413 | F16: =Model!AD199 -> 410.50413
B18: Implied Share Price | D18: =D15/D$16 -> 145.20945 | E18: =E15/E$16 -> 174.66414 | F18: =F15/F$16 -> 119.15857
B20: Shares Purchased (mm) | C20: =C22/C21 -> 0.44951901 | D20: =C20 -> 0.44951901 | E20: =D20 -> 0.44951901 | F20: =E20 -> 0.44951901
B21: Entry Price | C21: 111.23
B22: Total Value ($m) | C22: 50
B24: Exit Value | D24: =D18*D$20 -> 65.274407 | E24: =E18*E$20 -> 78.514851 | F24: =F18*F$20 -> 53.564041
B26: Broker Fee | C26: 0.0025 | D26: =C26 -> 0.0025 | E26: =C26 -> 0.0025 | F26: =D26 -> 0.0025
B27: Broker Fee ($m) | C27: =C26*-C22 -> -0.125 | D27: =D26*-D24 -> -0.16318602 | E27: =E26*-E24 -> -0.19628713 | F27: =F26*-F24 -> -0.1339101
B29: DPS | D29: =Model!AB322 -> 0.32851848 | E29: =Model!AC322 -> 0.36137033 | F29: =Model!AA322 -> 0.26776452
B30: Dividends | D30: =D29*D20 -> 0.14767531 | E30: =E29*E20 -> 0.16244284 | F30: =F29*F20 -> 0.12036525
B32: Total Cash Flow - 1 Year | C32: =-C22+C27+C30 -> -50.125 | D32: =D24+D27+D30 -> 65.258896
B33: Total Cash Flow - 2 Year | C33: =C32 -> -50.125 | E33: =E24+E27+E30 -> 78.481006
B35: IRR | D35: =XIRR(C32:D32,C4:D4) -> 0.30192311 | E35: =XIRR(C33:E33,C4:E4) -> 0.25128168
B37: Downside

Sheet Financial Overview
C3: 2023 | D3: =C3+1 -> 2024 | E3: =D3+1 -> 2025 | F3: =E3+1 -> 2026 | G3: =F3+1 -> 2027 | H3: =G3+1 -> 2028 | I3: =H3+1 -> 2029 | J3: =I3+1 -> 2030
B5: Aero Units
B7: Aero-Commercial Units | C7: =Model!Z36 -> 1485 | D7: =Model!AA36 -> 1378 | E7: =Model!AB36 -> 1536.36 | F7: =Model!AC36 -> 1628.5416 | G7: =Model!AD36 -> 1726.2541 | H7: =Model!AE36 -> 1829.8293 | I7: =Model!AF36 -> 1939.6191 | J7: =Model!AG36 -> 2055.9962
B8: Implied Ship Set | C8: =Model!X72 -> 1.8132261 | D8: =Model!Y72 -> 1.9742424 | E8: =Model!Z72 -> 2.1744108 | F8: =Model!AA72 -> 2.7934171 | G8: =Model!AB72 -> 2.6998751 | H8: =Model!AC72 -> 2.8991293 | I8: =Model!AD72 -> 2.9185676 | J8: =Model!AE72 -> 3.1134274
B10: Aero-Defense Units | C10: =Model!Z56 -> 317 | D10: =Model!AA56 -> 291.28 | E10: =Model!AB56 -> 476.45159 | F10: =Model!AC56 -> 506 | G10: =Model!AD56 -> 519 | H10: =Model!AE56 -> 532 | I10: =Model!AF56 -> 546 | J10: =Model!AG56 -> 560
B11: Implied Ship Set | C11: =Model!Z88 -> 3.2018927 | D11: =Model!AA88 -> 3.9624285 | E11: =Model!AB88 -> 2.6171945 | F11: =Model!AC88 -> 2.8100866 | G11: =Model!AD88 -> 2.9210662 | H11: =Model!AE88 -> 3.2394129 | I11: =Model!AF88 -> 3.3141686 | J11: =Model!AG88 -> 3.3928801
B13: Sales
B14: Aero- Commercial | C14: =Model!Z127 -> 3229 | D14: =Model!AA127 -> 3849.3288 | E14: =Model!AB127 -> 4147.9802 | F14: =Model!AC127 -> 4721.3527 | G14: =Model!AD127 -> 5038.1893 | H14: =Model!AE127 -> 5697.0408 | I14: =Model!AF127 -> 5981.8928 | J14: =Model!AG127 -> 6280.9875
B15: Aero- Defense | C15: =Model!Z128 -> 1015 | D15: =Model!AA128 -> 1154.1762 | E15: =Model!AB128 -> 1246.9665 | F15: =Model!AC128 -> 1421.9038 | G15: =Model!AD128 -> 1516.0334 | H15: =Model!AE128 -> 1723.3677 | I15: =Model!AF128 -> 1809.536 | J15: =Model!AG128 -> 1900.0128
B16: Commercial Transport | C16: =Model!Z129 -> 1402 | D16: =Model!AA129 -> 1321.6511 | E16: =Model!AB129 -> 1303.5765 | F16: =Model!AC129 -> 1444.8722 | G16: =Model!AD129 -> 1461.531 | H16: =Model!AE129 -> 1546.2781 | I16: =Model!AF129 -> 1623.592 | J16: =Model!AG129 -> 1704.7716
B17: Industrial & Other | C17: =Model!Z130 -> 994 | D17: =Model!AA130 -> 1116.0691 | E17: =Model!AB130 -> 1356.0859 | F17: =Model!AC130 -> 1868.0861 | G17: =Model!AD130 -> 2530.3513 | H17: =Model!AE130 -> 3160.9941 | I17: =Model!AF130 -> 3863.6029 | J17: =Model!AG130 -> 4733.05
B18: Total Sales | C18: =SUM(C14:C17) -> 6640 | D18: =SUM(D14:D17) -> 7441.2252 | E18: =SUM(E14:E17) -> 8054.6091 | F18: =SUM(F14:F17) -> 9456.2148 | G18: =SUM(G14:G17) -> 10546.105 | H18: =SUM(H14:H17) -> 12127.681 | I18: =SUM(I14:I17) -> 13278.624 | J18: =SUM(J14:J17) -> 14618.822
B19: Memo : Data Center Sales | C19: =Model!Z110 -> 0 | D19: =Model!AA110 -> 0 | E19: =Model!AB110 -> 76.038584 | F19: =Model!AC110 -> 200.72455 | G19: =Model!AD110 -> 491.22071 | H19: =Model!AE110 -> 653.49202 | I19: =Model!AF110 -> 788.58705 | J19: =Model!AG110 -> 951.61
B21: Gross Profit | C21: =Model!Z181 -> 1867 | D21: =Model!AA181 -> 2307.4077 | E21: =Model!AB181 -> 2604.3867 | F21: =Model!AC181 -> 3243.4025 | G21: =Model!AD181 -> 3799.5108 | H21: =Model!AE181 -> 4570.1873 | I21: =Model!AF181 -> 5221.2303 | J21: =Model!AG181 -> 5997.849
B22: Margin % | C22: =C21/C$18 -> 0.2811747 | D22: =D21/D$18 -> 0.31008437 | E22: =E21/E$18 -> 0.32334117 | F22: =F21/F$18 -> 0.34299162 | G22: =G21/G$18 -> 0.36027622 | H22: =H21/H$18 -> 0.37683935 | I22: =I21/I$18 -> 0.39320568 | J22: =J21/J$18 -> 0.41028265
B24: EBITDA
B25: Engine Products | C25: =Model!Z158 -> 887 | D25: =Model!AA158 -> 1170.0665 | E25: =Model!AB158 -> 1400.4604 | F25: =Model!AC158 -> 1817.3419 | G25: =Model!AD158 -> 2245.4128 | H25: =Model!AE158 -> 2836.4166 | I25: =Model!AF158 -> 3354.4039 | J25: =Model!AG158 -> 3985.0102
B26: Fastening Systems | C26: =Model!Z160 -> 278 | D26: =Model!AA160 -> 395.75 | E26: =Model!AB160 -> 452.666 | F26: =Model!AC160 -> 528 | G26: =Model!AD160 -> 587 | H26: =Model!AE160 -> 654.76187 | I26: =Model!AF160 -> 699.16022 | J26: =Model!AG160 -> 746.36149
B27: Engineered Structures | C27: =Model!Z162 -> 113 | D27: =Model!AA162 -> 155.7667 | E27: =Model!AB162 -> 180 | F27: =Model!AC162 -> 209.333 | G27: =Model!AD162 -> 233 | H27: =Model!AE162 -> 263.26393 | I27: =Model!AF162 -> 284.17613 | J27: =Model!AG162 -> 306.52138
B28: Forged Wheels | C28: =Model!Z164 -> 309 | D28: =Model!AA164 -> 283.26 | E28: =Model!AB164 -> 264 | F28: =Model!AC164 -> 328 | G28: =Model!AD164 -> 331.79422 | H28: =Model!AE164 -> 353.10862 | I28: =Model!AF164 -> 376.94855 | J28: =Model!AG164 -> 402.28971
B29: Segment Adj. EBITDA | C29: =SUM(C25:C28) -> 1587 | D29: =SUM(D25:D28) -> 2004.8432 | E29: =SUM(E25:E28) -> 2297.1264 | F29: =SUM(F25:F28) -> 2882.6749 | G29: =SUM(G25:G28) -> 3397.207 | H29: =SUM(H25:H28) -> 4107.551 | I29: =SUM(I25:I28) -> 4714.6888 | J29: =SUM(J25:J28) -> 5440.1827
B31: Total Adj. EBITDA | C31: =Model!Z171 -> 1508 | D31: =Model!AA171 -> 1907.964 | E31: =Model!AB171 -> 2191.78 | F31: =Model!AC171 -> 2758.9969 | G31: =Model!AD171 -> 3259.2743 | H31: =Model!AE171 -> 3948.9328 | I31: =Model!AF171 -> 4541.0174 | J31: =Model!AG171 -> 5248.9829
B32: Margin % | C32: =C31/C$18 -> 0.22710843 | D32: =D31/D$18 -> 0.25640455 | E32: =E31/E$18 -> 0.27211501 | F32: =F31/F$18 -> 0.29176547 | G32: =G31/G$18 -> 0.30905006 | H32: =H31/H$18 -> 0.32561319 | I32: =I31/I$18 -> 0.34197952 | J32: =J31/J$18 -> 0.35905649
B34: CapEx | C34: =-Model!Z292 -> 246 | D34: =-Model!AA292 -> 304.00407 | E34: =-Model!AB292 -> 359.93349 | F34: =-Model!AC292 -> 378.24859 | G34: =-Model!AD292 -> 369.11367 | H34: =-Model!AE292 -> 363.83042 | I34: =-Model!AF292 -> 331.96559 | J34: =-Model!AG292 -> 292.37644
B36: EBITDA - CapEx | C36: =C31-C34 -> 1262 | D36: =D31-D34 -> 1603.9599 | E36: =E31-E34 -> 1831.8465 | F36: =F31-F34 -> 2380.7483 | G36: =G31-G34 -> 2890.1607 | H36: =H31-H34 -> 3585.1024 | I36: =I31-I34 -> 4209.0518 | J36: =J31-J34 -> 4956.6065
B37: Margin % | C37: =C36/C$18 -> 0.19006024 | D37: =D36/D$18 -> 0.21555051 | E37: =E36/E$18 -> 0.22742836 | F37: =F36/F$18 -> 0.25176547 | G37: =G36/G$18 -> 0.27405006 | H37: =H36/H$18 -> 0.29561319 | I37: =I36/I$18 -> 0.31697952 | J37: =J36/J$18 -> 0.33905649
B40: Other Items
B42: Dividends per Share | C42: =Model!Z322 -> 0.17550374 | D42: =Model!AA322 -> 0.26776452 | E42: =Model!AB322 -> 0.32851848 | F42: =Model!AC322 -> 0.36137033 | G42: =Model!AD322 -> 0.5420555 | H42: =Model!AE322 -> 0.70467215 | I42: =Model!AF322 -> 0.70467215 | J42: =Model!AG322 -> 0.70467215
B43: Growth % | D43: =D42/C42-1 -> 0.52569125 | E43: =E42/D42-1 -> 0.22689324 | F43: =F42/E42-1 -> 0.1 | G43: =G42/F42-1 -> 0.5 | H43: =H42/G42-1 -> 0.3 | I43: =I42/H42-1 -> 0 | J43: =J42/I42-1 -> 0
B45: Net Leverage | C45: =Model!Z342 -> 2.0530504 | D45: =Model!AA342 -> 1.4780611 | E45: =Model!AB342 -> 1.0003074 | F45: =Model!AC342 -> 0.47386635 | G45: =Model!AD342 -> -0.0079674196 | H45: =Model!AE342 -> -0.52730035 | I45: =Model!AF342 -> -1.0504148 | J45: =Model!AG342 -> -1.5425771

Sheet ROIC
A1: As of | B1: 45646 | K1: 2023 | L1: =K1+1 -> 2024 | M1: =L1+1 -> 2025 | N1: =M1+1 -> 2026 | Q1: 2024
B2: Ticker | C2: Company Name | D2: Current Share Price | E2: FDSO | F2: Market Cap | G2: Net Debt | H2: TEV | I2: BVE | J2: Goodwill | K2: EBIT | L2: EBIT | M2: EBIT | N2: EBIT | Q2: EBITDA | R2: Tax Rate | S2: ROIC | T2: IC | U2: WACC | V2: EV / IC | W2: Excess Returns | Y2: EV / '24 EBITDA | Z2: EV / '24 EBIT | AA2: 2024 Rev | AB2: 2024 GP | AC2: '24E GP Margin | AD2: '24E EBITDA Margin | AE2: '27E GP Margin | AF2: '27E EBITDA Margin
B3: HWM | C3: Howmet | D3: 110.83 | E3: ='HWM- TSM'!E12 -> 406.65838 | F3: =D3*E3 -> 45069.948 | G3: =SUM('HWM- TSM'!E15:E16) -> 2919 | H3: =SUM(F3:G3) -> 47988.948 | I3: 4503 | J3: 4047 | K3: 1200 | L3: 1620 | M3: 1840 | N3: 2140 | Q3: 1900 | R3: 0.25 | S3: =(M3*(1-R3))/(G3+I3-J3) -> 0.40888889 | T3: =I3+G3-J3 -> 3375 | U3: 0.095 | V3: =H3/T3 -> 14.218947 | W3: =S3-U3 -> 0.31388889 | Y3: =H3/Q3 -> 25.257341 | Z3: =H3/N3 -> 22.424742 | AA3: 7419 | AB3: 2302 | AC3: =AB3/AA3 -> 0.3102844 | AD3: =Q3/AA3 -> 0.2560992 | AE3: =Model!AD182 -> 0.36027622 | AF3: =Model!AD172 -> 0.30905006
B5: AME | C5: Ametek | D5: ='AME - TSM'!C5 -> 183.36 | E5: ='AME - TSM'!E13 -> 232.67678 | F5: =D5*E5 -> 42663.614 | G5: =SUM('AME - TSM'!E16:E17) -> 1940.268 | H5: =SUM(F5:G5) -> 44603.882 | I5: =9550.223 -> 9550.223 | J5: 6550.267 | K5: 1707 | L5: 1805 | M5: 1966 | N5: 2123 | Q5: 2190 | R5: 0.25 | S5: =(M5*(1-R5))/(G5+I5-J5) -> 0.29846825 | T5: =I5+G5-J5 -> 4940.224 | U5: =$U$3 -> 0.095 | V5: =H5/T5 -> 9.0287166 | W5: =S5-U5 -> 0.20346825 | Y5: =H5/Q5 -> 20.367069 | Z5: =H5/N5 -> 21.009836 | AA5: 7018 | AB5: 2501 | AC5: =AB5/AA5 -> 0.35636934 | AD5: =Q5/AA5 -> 0.31205472
B6: APH | C6: Amphenol | D6: ='APH - TSM'!C5 -> 120.04 | E6: ='APH - TSM'!E12 -> 375.35783 | F6: =D6*E6 -> 45057.954 | G6: =SUM('APH - TSM'!E15:E16) -> 2000.9 | H6: =SUM(F6:G6) -> 47058.854 | I6: 9452 | J6: 8352.1 | K6: 2594 | L6: 3214 | M6: 3750 | N6: 4133 | Q6: 3834 | R6: 0.25 | S6: =(M6*(1-R6))/(G6+I6-J6) -> 0.90702399 | T6: =I6+G6-J6 -> 3100.8 | U6: =$U$3 -> 0.095 | V6: =H6/T6 -> 15.176359 | W6: =S6-U6 -> 0.81202399 | Y6: =H6/Q6 -> 12.274088 | Z6: =H6/N6 -> 11.386125 | AA6: 14970 | AB6: 5038 | AC6: =AB6/AA6 -> 0.33653975 | AD6: =Q6/AA6 -> 0.25611222
B7: HEI | C7: Heico | D7: ='HEI- TSM'!C5 -> 238.94 | E7: ='HEI- TSM'!E12 -> 140.88298 | F7: =D7*E7 -> 33662.579 | G7: =SUM('HEI- TSM'!E15:E16) -> 2067.271 | H7: =SUM(F7:G7) -> 35729.85 | I7: 3697.406 | J7: 3380.295 | K7: 625 | L7: 824 | M7: 933 | N7: 1022 | Q7: 1112 | R7: 0.25 | S7: =(M7*(1-R7))/(G7+I7-J7) -> 0.29347227 | T7: =I7+G7-J7 -> 2384.382 | U7: =$U$3 -> 0.095 | V7: =H7/T7 -> 14.984952 | W7: =S7-U7 -> 0.19847227 | Y7: =H7/Q7 -> 32.13116 | Z7: =H7/N7 -> 34.960714 | AA7: 3858 | AB7: 1502 | AC7: =AB7/AA7 -> 0.38932089 | AD7: =Q7/AA7 -> 0.28823224
B8: IEX | C8: IDEX | D8: ='IEX- TSM'!C5 -> 212.38 | E8: ='IEX- TSM'!E13 -> 76.088747 | F8: =D8*E8 -> 16159.728 | G8: =SUM('IEX- TSM'!E16:E17) -> 1442.5 | H8: =SUM(F8:G8) -> 17602.228 | I8: 3818.9 | J8: 3316 | K8: 743 | L8: 704 | M8: 787 | N8: 887 | Q8: 886 | R8: 0.25 | S8: =(M8*(1-R8))/(G8+I8-J8) -> 0.30340804 | T8: =I8+G8-J8 -> 1945.4 | U8: =$U$3 -> 0.095 | V8: =H8/T8 -> 9.0481279 | W8: =S8-U8 -> 0.20840804 | Y8: =H8/Q8 -> 19.867075 | Z8: =H8/N8 -> 19.844677 | AA8: 3277 | AB8: 1464 | AC8: =AB8/AA8 -> 0.44675008 | AD8: =Q8/AA8 -> 0.27036924
B9: ROP | C9: Roper | D9: ='ROP- TSM'!C5 -> 525.4 | E9: ='ROP- TSM'!E12 -> 108.45321 | F9: =D9*E9 -> 56981.315 | G9: =SUM('ROP- TSM'!E15:E16) -> 8107 | H9: =SUM(F9:G9) -> 65088.315 | I9: 18515.5 | J9: 19267.2 | K9: 1756 | L9: 2011 | M9: 2243 | N9: 2497 | Q9: 2842 | R9: 0.25 | S9: =(M9*(1-R9))/(G9+I9-J9) -> 0.22871263 | T9: =I9+G9-J9 -> 7355.3 | U9: =$U$3 -> 0.095 | V9: =H9/T9 -> 8.849172 | W9: =S9-U9 -> 0.13371263 | Y9: =H9/Q9 -> 22.902292 | Z9: =H9/N9 -> 26.066606 | AA9: 7000 | AB9: 4876 | AC9: =AB9/AA9 -> 0.69657143 | AD9: =Q9/AA9 -> 0.406
B10: VRT | C10: Vertiv | D10: ='VRT- TSM'!C5 -> 120.04 | E10: ='VRT- TSM'!E12 -> 387.88934 | F10: =D10*E10 -> 46562.236 | G10: =SUM('VRT- TSM'!E15:E16) -> 2000.9 | H10: =SUM(F10:G10) -> 48563.136 | I10: 1813.7 | J10: 1348.9 | K10: 873 | L10: 1329 | M10: 1818 | N10: 2279 | Q10: 1575 | R10: 0.25 | S10: =(M10*(1-R10))/(G10+I10-J10) -> 0.55298698 | T10: =I10+G10-J10 -> 2465.7 | U10: =$U$3 -> 0.095 | V10: =H10/T10 -> 19.695476 | W10: =S10-U10 -> 0.45798698 | Y10: =H10/Q10 -> 30.833737 | Z10: =H10/N10 -> 21.308967 | AA10: 7811 | AB10: 2883 | AC10: =AB10/AA10 -> 0.36909487 | AD10: =Q10/AA10 -> 0.20163871
B11: ETN | C11: Eaton | D11: ='ETN - TSM'!C5 -> 338.12 | E11: ='ETN - TSM'!E12 -> 396.72488 | F11: =D11*E11 -> 134140.62 | G11: =SUM('ETN - TSM'!E15:E16) -> 7398 | H11: =SUM(F11:G11) -> 141538.62 | I11: 19162 | J11: 15044 | K11: 3996 | L11: 4971 | M11: 5545 | N11: 6175 | Q11: 5810 | R11: 0.25 | S11: =(M11*(1-R11))/(G11+I11-J11) -> 0.361128 | T11: =I11+G11-J11 -> 11516 | U11: =$U$3 -> 0.095 | V11: =H11/T11 -> 12.290606 | W11: =S11-U11 -> 0.266128 | Y11: =H11/Q11 -> 24.361208 | Z11: =H11/N11 -> 22.921233 | AA11: 25031 | AB11: 9429 | AC11: =AB11/AA11 -> 0.3766929 | AD11: =Q11/AA11 -> 0.23211218
B12: TDG | C12: Transdigm | D12: ='TDG - TSM'!C5 -> 1276.15 | E12: ='TDG - TSM'!E13 -> 59.237413 | F12: =D12*E12 -> 75595.824 | G12: =SUM('TDG - TSM'!E16:E17) -> 18619 | H12: =SUM(F12:G12) -> 94214.824 | I12: 0 | J12: 10419 | K12: 2923 | L12: 3531 | M12: 4185 | N12: 4637 | Q12: 4173 | R12: 0.25 | S12: =(M12*(1-R12))/(G12+I12-J12) -> 0.38277439 | T12: =I12+G12-J12 -> 8200 | U12: =$U$3 -> 0.095 | V12: =H12/T12 -> 11.489613 | W12: =S12-U12 -> 0.28777439 | Y12: =H12/Q12 -> 22.57724 | Z12: =H12/N12 -> 20.318056 | AA12: 7940 | AB12: 4672 | AC12: =AB12/AA12 -> 0.5884131 | AD12: =Q12/AA12 -> 0.52556675
Y15: Equation | Z15: 31%=.0193x
Y16: Implied EV / IC Multiple | Z16: =W3/0.0193 -> 16.263673
Y17: HWM Invested Capital | Z17: =T3 -> 3375
Y18: HWM Implied Valuation | Z18: =Z17*Z16 -> 54889.896
Y19: Implied TEV / '24 EBITDA | Z19: =Z18/Q3 -> 28.889419
Y21: Less: Net Debt | Z21: =-G3 -> -2919
Y22: Implied Equity | Z22: =Z18+Z21 -> 51970.896
Y23: FDSO | Z23: =E3 -> 406.65838
Y24: Implied Share Price | Z24: =Z22/Z23 -> 127.79989
Y25: Premium to Current | Z25: =Z24/D3-1 -> 0.15311641

Sheet Sheet2
C1: 2011 | D1: =C1+1 -> 2012 | E1: =D1+1 -> 2013 | F1: =E1+1 -> 2014 | G1: =F1+1 -> 2015 | H1: =G1+1 -> 2016 | I1: =H1+1 -> 2017 | J1: =I1+1 -> 2018 | K1: =J1+1 -> 2019 | ... P1: =O1+1 -> 2024 | R1: '14-22 | AA1: '11-14 | AB1: '13-19 | AC1: '15-20 | AD1: '19-24
B2: Heico | AB2: =K4/F4-1 -> 1.2696629 | AC2: =L4/E4-1 -> 2.3432836 | AD2: =M4/F4-1 -> 1.7865169 | AE2: Active | AF2: 302 | AG2: =AF2/$AF$4 -> 0.52889667
B3: Patents | C3: 11 | D3: 36 | E3: 20 | F3: 22 | G3: 16 | H3: 19 | I3: 27 | J3: 25 | K3: 26 | L3: 22 | M3: 24 | N3: 15 | O3: 5 | Q3: =(K3/E3)^(1/($K$1-$E$1))-1 -> 0.044697508 | R3: =(N3/F3)^(1/($N$1-$F$1))-1 -> -0.046746141 | AA3: =(F3/C3)^(1/($F$1-$C$1))-1 -> 0.25992105 | AB3: =(K3/F3)^(1/($K$1-$F$1))-1 -> 0.033975227 | AC3: =(N3/F3)^(1/($N$1-$F$1))-1 -> -0.046746141 | AD3: =(P3/K3)^(1/($P$1-$K$1))-1 -> -1 | AE3: Dead | AF3: 269 | AG3: =AF3/$AF$4 -> 0.47110333
B4: Patents | C4: =SUM($C$3:C3) -> 11 | D4: =SUM($C$3:D3) -> 47 | E4: =SUM($C$3:E3) -> 67 | F4: =SUM($C$3:F3) -> 89 | G4: =SUM($C$3:G3) -> 105 | H4: =SUM($C$3:H3) -> 124 | I4: =SUM($C$3:I3) -> 151 | J4: =SUM($C$3:J3) -> 176 | ... O4: =SUM($C$3:O3) -> 268 | Q4: =(K4/E4)^(1/($K$1-$E$1))-1 -> 0.2019307 | R4: =(N4/F4)^(1/($N$1-$F$1))-1 -> 0.14504016 | AA4: =(F4/C4)^(1/($F$1-$C$1))-1 -> 1.0075472 | AB4: =(K4/F4)^(1/($K$1-$F$1))-1 -> 0.17812744 | AC4: =(N4/F4)^(1/($N$1-$F$1))-1 -> 0.14504016 | AF4: =SUM(AF2:AF3) -> 571
D5: =D4/C4-1 -> 3.2727273 | E5: =E4/D4-1 -> 0.42553191 | F5: =F4/E4-1 -> 0.32835821 | G5: =G4/F4-1 -> 0.17977528 | H5: =H4/G4-1 -> 0.18095238 | I5: =I4/H4-1 -> 0.21774194 | J5: =J4/I4-1 -> 0.16556291 | K5: =K4/J4-1 -> 0.14772727 | ... O5: =O4/N4-1 -> 0.019011407 | R5: =(N5/F5)^(1/($N$1-$F$1))-1 -> -0.19060324
B6: Gross profit margin | F6: =(1132311-733999)/1132311 -> 0.35176908 | K6: =(2055647-1241807)/2055647 -> 0.39590455 | P6: =(3857669-2355943)/3857669 -> 0.38928327 | R6: =P6-F6 -> 0.037514188 | AB6: =(K6/F6)^(1/($K$1-$F$1))-1 -> 0.023921272 | AC6: =(P6/K6)^(1/($P$1-$K$1))-1 -> -0.0033674911 | AD6: =(P6/K6)^(1/($P$1-$K$1))-1 -> -0.0033674911
B7: EPS | F7: 1.8 | K7: 2.39 | P7: 3.67 | R7: =(P7/F7)^(1/($P$1-$F$1))-1 -> 0.073839453 | AB7: =(K7/F7)^(1/($K$1-$F$1))-1 -> 0.05833968 | AC7: =(P7/K7)^(1/($P$1-$K$1))-1 -> 0.089566226 | AD7: =(P7/K7)^(1/($P$1-$K$1))-1 -> 0.089566226
B9: HWM | AB9: =K11/F11-1 -> 1.3474265 | AC9: =L11/E11-1 -> 2.4800995 | AD9: =M11/F11-1 -> 1.7095588
B10: Patents | C10: 144 | D10: 132 | E10: 126 | F10: 142 | G10: 115 | H10: 151 | I10: 172 | J10: 133 | K10: 162 | L10: 122 | M10: 75 | N10: 34 | Q10: =(K10/E10)^(1/($K$1-$E$1))-1 -> 0.042775322 | R10: =(N10/F10)^(1/($N$1-$F$1))-1 -> -0.16362928 | AA10: =(F10/C10)^(1/($F$1-$C$1))-1 -> -0.00465123 | AB10: =(K10/F10)^(1/($K$1-$F$1))-1 -> 0.026704189 | AC10: =(N10/F10)^(1/($N$1-$F$1))-1 -> -0.16362928 | AE10: Active | AF10: 1828 | AG10: =AF10/$AF$12 -> 0.30935861
B11: Patents | C11: =SUM($C$10:C10) -> 144 | D11: =SUM($C$10:D10) -> 276 | E11: =SUM($C$10:E10) -> 402 | F11: =SUM($C$10:F10) -> 544 | G11: =SUM($C$10:G10) -> 659 | H11: =SUM($C$10:H10) -> 810 | I11: =SUM($C$10:I10) -> 982 | J11: =SUM($C$10:J10) -> 1115 | ... N11: =SUM($C$10:N10) -> 1508 | Q11: =(K11/E11)^(1/($K$1-$E$1))-1 -> 0.21244154 | R11: =(N11/F11)^(1/($N$1-$F$1))-1 -> 0.13592669 | AA11: =(F11/C11)^(1/($F$1-$C$1))-1 -> 0.55744291 | AB11: =(K11/F11)^(1/($K$1-$F$1))-1 -> 0.18609206 | AC11: =(N11/F11)^(1/($N$1-$F$1))-1 -> 0.13592669 | AE11: Inactive | AF11: 4081 | AG11: =AF11/$AF$12 -> 0.69064139
D12: =D11/C11-1 -> 0.91666667 | E12: =E11/D11-1 -> 0.45652174 | F12: =F11/E11-1 -> 0.35323383 | G12: =G11/F11-1 -> 0.21139706 | H12: =H11/G11-1 -> 0.22913505 | I12: =I11/H11-1 -> 0.21234568 | J12: =J11/I11-1 -> 0.13543788 | K12: =K11/J11-1 -> 0.14529148 | ... N12: =N11/M11-1 -> 0.023066486 | R12: =(N12/F12)^(1/($N$1-$F$1))-1 -> -0.28900771 | AF12: =SUM(AF10:AF11) -> 5909
B14: Gross profit margin | F14: =(23906-19137)/23906 -> 0.19948967 | K14: =(14192-11227)/14192 -> 0.20892052 | P14: =(5539-3830)/5539 -> 0.30853945 | R14: =P14-F14 -> 0.10904978 | AB14: =(K14/F14)^(1/($K$1-$F$1))-1 -> 0.0092810929 | AC14: =(P14/K14)^(1/($P$1-$K$1))-1 -> 0.081100132 | AD14: =(P14/K14)^(1/($P$1-$K$1))-1 -> 0.081100132
B15: EPS | F15: 0.21 | K15: 1.03 | P15: =2.06/9*12 -> 2.7466667 | R15: =(P15/F15)^(1/($P$1-$F$1))-1 -> 0.29317907 | AB15: =(K15/F15)^(1/($K$1-$F$1))-1 -> 0.37443304 | AC15: =(P15/K15)^(1/($P$1-$K$1))-1 -> 0.21672868 | AD15: =(P15/K15)^(1/($P$1-$K$1))-1 -> 0.21672868
B17: HON | C17: 3 | D17: 41 | E17: 264 | F17: 739 | G17: 1239 | H17: 1484 | I17: 1772 | J17: 1895 | K17: 2391 | L17: 2337 | M17: 2038 | AC17: =(M17/C17)^(1/($M$1-$C$1))-1 -> 0.91958918
B18: Patents | C18: =SUM($C$17:C17) -> 3 | D18: =SUM($C$17:D17) -> 44 | E18: =SUM($C$17:E17) -> 308 | F18: =SUM($C$17:F17) -> 1047 | G18: =SUM($C$17:G17) -> 2286 | H18: =SUM($C$17:H17) -> 3770 | I18: =SUM($C$17:I17) -> 5542 | J18: =SUM($C$17:J17) -> 7437 | ... M18: =SUM($C$17:M17) -> 14203 | AC18: =(M18/C18)^(1/($M$1-$C$1))-1 -> 1.330912
B21: Gross profit margin
B23: HXL | AB23: =K25/F25-1 -> 2.1636364 | AD23: =M25/F25-1 -> 2.9890909
B24: Patents | C24: 49 | D24: 50 | E24: 72 | F24: 104 | G24: 119 | H24: 113 | I24: 133 | J24: 113 | K24: 117 | L24: 133 | M24: 94 | N24: 74 | O24: 7 | AA24: =(F24/C24)^(1/($F$1-$C$1))-1 -> 0.28512613 | AB24: =(K24/F24)^(1/($K$1-$F$1))-1 -> 0.023836256 | AC24: =(N24/F24)^(1/($N$1-$F$1))-1 -> -0.041648565
B25: Patents | C25: =SUM($C$24:C24) -> 49 | D25: =SUM($C$24:D24) -> 99 | E25: =SUM($C$24:E24) -> 171 | F25: =SUM($C$24:F24) -> 275 | G25: =SUM($C$24:G24) -> 394 | H25: =SUM($C$24:H24) -> 507 | I25: =SUM($C$24:I24) -> 640 | J25: =SUM($C$24:J24) -> 753 | ... N25: =SUM($C$24:N24) -> 1171 | AA25: =(F25/C25)^(1/($F$1-$C$1))-1 -> 0.77710138 | AB25: =(K25/F25)^(1/($K$1-$F$1))-1 -> 0.25903358 | AC25: =(N25/F25)^(1/($N$1-$F$1))-1 -> 0.19854136
D26: =D25/C25-1 -> 1.0204082 | E26: =E25/D25-1 -> 0.72727273 | F26: =F25/E25-1 -> 0.60818713 | G26: =G25/F25-1 -> 0.43272727 | H26: =H25/G25-1 -> 0.28680203 | I26: =I25/H25-1 -> 0.26232742 | J26: =J25/I25-1 -> 0.1765625 | K26: =K25/J25-1 -> 0.15537849 | ... N26: =N25/M25-1 -> 0.0674567
B28: Gross profit margin | F28: =508.8/1855.5 -> 0.2742118 | K28: =640.4/2355.7 -> 0.27185125 | P28: =330.1/1331.5 -> 0.24791588 | AB28: =(K28/F28)^(1/($K$1-$F$1))-1 -> -0.0017276564 | AC28: =(P28/K28)^(1/($P$1-$K$1))-1 -> -0.018264258 | AD28: =(P28/K28)^(1/($P$1-$K$1))-1 -> -0.018264258
B29: EPS | F29: 2.12 | K29: 3.61 | P29: =1.46/9*12 -> 1.9466667 | AB29: =(K29/F29)^(1/($K$1-$F$1))-1 -> 0.11233158 | AC29: =(P29/K29)^(1/($P$1-$K$1))-1 -> -0.11619414 | AD29: =(P29/K29)^(1/($P$1-$K$1))-1 -> -0.11619414

Sheet Capitalized Earnings
C2: =ROIC!B3 -> HWM | E2: AME | F2: APH | G2: GEV | H2: ETN | I2: TDG | J2: HEI | K2: IEX | L2: ROP | M2: VRT
B3: Tax Rate | C3: 0.25 | E3: 0.25 | F3: 0.25 | G3: 0.25 | H3: 0.25 | I3: 0.25 | J3: 0.25 | K3: 0.25 | L3: 0.25 | M3: 0.25
B5: EBIT
B6: 2023 | C6: 1200 | E6: 1707 | F6: 2594 | G6: -432 | H6: 3996 | I6: 2923 | J6: 625 | K6: 743 | L6: 1756 | M6: 873
B7: =B6+1 -> 2024 | C7: 1620 | E7: 1805 | F7: 3214 | G7: =-289+527-359+852 -> 731 | H7: 4971 | I7: 3531 | J7: 824 | K7: 704 | L7: 2011 | M7: 1329
B8: =B7+1 -> 2025 | C8: 1840 | E8: 1966 | F8: 3750 | G8: =145+481+489+1003 -> 2118 | H8: 5545 | I8: 4185 | J8: 933 | K8: 787 | L8: 2243 | M8: 1818
B9: =B8+1 -> 2026 | C9: 2140 | E9: 2123 | F9: 4133 | G9: =413+733+818+1321 -> 3285 | H9: 6175 | I9: 4637 | J9: 1022 | K9: 887 | L9: 2497 | M9: 2279
B11: NOPAT
B12: 2023 | C12: =C6*(1-C$3) -> 900 | E12: =E6*(1-E$3) -> 1280.25 | F12: =F6*(1-F$3) -> 1945.5 | G12: =G6*(1-G$3) -> -324 | H12: =H6*(1-H$3) -> 2997 | I12: =I6*(1-I$3) -> 2192.25 | J12: =J6*(1-J$3) -> 468.75 | K12: =K6*(1-K$3) -> 557.25 | L12: =L6*(1-L$3) -> 1317 | M12: =M6*(1-M$3) -> 654.75
B13: =B12+1 -> 2024 | C13: =C7*(1-C$3) -> 1215 | E13: =E7*(1-E$3) -> 1353.75 | F13: =F7*(1-F$3) -> 2410.5 | G13: =G7*(1-G$3) -> 548.25 | H13: =H7*(1-H$3) -> 3728.25 | I13: =I7*(1-I$3) -> 2648.25 | J13: =J7*(1-J$3) -> 618 | K13: =K7*(1-K$3) -> 528 | L13: =L7*(1-L$3) -> 1508.25 | M13: =M7*(1-M$3) -> 996.75
B14: =B13+1 -> 2025 | C14: =C8*(1-C$3) -> 1380 | E14: =E8*(1-E$3) -> 1474.5 | F14: =F8*(1-F$3) -> 2812.5 | G14: =G8*(1-G$3) -> 1588.5 | H14: =H8*(1-H$3) -> 4158.75 | I14: =I8*(1-I$3) -> 3138.75 | J14: =J8*(1-J$3) -> 699.75 | K14: =K8*(1-K$3) -> 590.25 | L14: =L8*(1-L$3) -> 1682.25 | M14: =M8*(1-M$3) -> 1363.5
B15: =B14+1 -> 2026 | C15: =C9*(1-C$3) -> 1605 | E15: =E9*(1-E$3) -> 1592.25 | F15: =F9*(1-F$3) -> 3099.75 | G15: =G9*(1-G$3) -> 2463.75 | H15: =H9*(1-H$3) -> 4631.25 | I15: =I9*(1-I$3) -> 3477.75 | J15: =J9*(1-J$3) -> 766.5 | K15: =K9*(1-K$3) -> 665.25 | L15: =L9*(1-L$3) -> 1872.75 | M15: =M9*(1-M$3) -> 1709.25
B17: WACC | C17: 0.095 | E17: =$C$17 -> 0.095 | F17: =$C$17 -> 0.095 | G17: =$C$17 -> 0.095 | H17: =$C$17 -> 0.095 | I17: =$C$17 -> 0.095 | J17: =$C$17 -> 0.095 | K17: =$C$17 -> 0.095 | L17: =$C$17 -> 0.095 | M17: =$C$17 -> 0.095
B19: Capitalized Current NOPAT | C19: =C12/C17 -> 9473.6842 | E19: =E12/E17 -> 13476.316 | F19: =F12/F17 -> 20478.947 | G19: =G12/G17 -> -3410.5263 | H19: =H12/H17 -> 31547.368 | I19: =I12/I17 -> 23076.316 | J19: =J12/J17 -> 4934.2105 | K19: =K12/K17 -> 5865.7895 | L19: =L12/L17 -> 13863.158 | M19: =M12/M17 -> 6892.1053
B20: PV Projected Period | C20: =NPV(C17,C13:C15) -> 3482.9786 | E20: =NPV(E17,E13:E15) -> 3678.7939 | F20: =NPV(F17,F13:F15) -> 6907.9622 | G20: =NPV(G17,G13:G15) -> 3702.036 | H20: =NPV(H17,H13:H15) -> 10400.647 | I20: =NPV(I17,I13:I15) -> 7685.0868 | J20: =NPV(J17,J13:J15) -> 1731.7904 | K20: =NPV(K17,K13:K15) -> 1481.157 | L20: =NPV(L17,L13:L15) -> 4206.7995 | M20: =NPV(M17,M13:M15) -> 3349.3048
B23: Current EV | C23: =ROIC!H3 -> 47988.948 | E23: =ROIC!H5 -> 44603.882 | F23: =ROIC!H6 -> 47058.854 | G23: 86610 | H23: =ROIC!H11 -> 141538.62 | I23: =ROIC!H12 -> 94214.824 | J23: =ROIC!H7 -> 35729.85 | K23: =ROIC!H8 -> 17602.228 | L23: =ROIC!H9 -> 65088.315 | M23: =ROIC!H10 -> 48563.136
B24: Less: PV Projected Period | C24: =-C20 -> -3482.9786 | E24: =-E20 -> -3678.7939 | F24: =-F20 -> -6907.9622 | G24: =-G20 -> -3702.036 | H24: =-H20 -> -10400.647 | I24: =-I20 -> -7685.0868 | J24: =-J20 -> -1731.7904 | K24: =-K20 -> -1481.157 | L24: =-L20 -> -4206.7995 | M24: =-M20 -> -3349.3048
B25: Implied PV of TV | C25: =SUM(C23:C24) -> 44505.969 | E25: =SUM(E23:E24) -> 40925.088 | F25: =SUM(F23:F24) -> 40150.892 | G25: =SUM(G23:G24) -> 82907.964 | H25: =SUM(H23:H24) -> 131137.97 | I25: =SUM(I23:I24) -> 86529.737 | J25: =SUM(J23:J24) -> 33998.059 | K25: =SUM(K23:K24) -> 16121.071 | L25: =SUM(L23:L24) -> 60881.515 | M25: =SUM(M23:M24) -> 45213.832
B26: Implied FV of TV | C26: =C25*(1+C17)^2.5 -> 55841.048 | E26: =E25*(1+E17)^2.5 -> 51348.164 | F26: =F25*(1+F17)^2.5 -> 50376.79 | G26: =G25*(1+G17)^2.5 -> 104023.52 | H26: =H25*(1+H17)^2.5 -> 164537.07 | I26: =I25*(1+I17)^2.5 -> 108567.71 | J26: =J25*(1+J17)^2.5 -> 42656.913 | K26: =K25*(1+K17)^2.5 -> 20226.894 | L26: =L25*(1+L17)^2.5 -> 76387.228 | M26: =M25*(1+M17)^2.5 -> 56729.194
B28: Implied Perp Growth | C28: =+(C26*C17-C15)/(C26+C15) -> 0.064406512 | E28: =+(E26*E17-E15)/(E26+E15) -> 0.062066488 | F28: =+(F26*F17-F15)/(F26+F15) -> 0.031528687 | G28: =+(G26*G17-G15)/(G26+G15) -> 0.069665458 | H28: =+(H26*H17-H15)/(H26+H15) -> 0.065022645 | I28: =+(I26*I17-I15)/(I26+I15) -> 0.061012579 | J28: =+(J26*J17-J15)/(J26+J15) -> 0.075671314 | K28: =+(K26*K17-K15)/(K26+K15) -> 0.060132886 | L28: =+(L26*L17-L15)/(L26+L15) -> 0.068796808 | M28: =+(M26*M17-M15)/(M26+M15) -> 0.062972646
B30: Current EV | C30: =C23 -> 47988.948 | E30: =E23 -> 44603.882 | F30: =F23 -> 47058.854 | G30: =G23 -> 86610 | H30: =H23 -> 141538.62 | I30: =I23 -> 94214.824 | J30: =J23 -> 35729.85 | K30: =K23 -> 17602.228 | L30: =L23 -> 65088.315 | M30: =M23 -> 48563.136
B31: Less: Current NOPAT | C31: =-C19 -> -9473.6842 | E31: =-E19 -> -13476.316 | F31: =-F19 -> -20478.947 | G31: =-G19 -> 3410.5263 | H31: =-H19 -> -31547.368 | I31: =-I19 -> -23076.316 | J31: =-J19 -> -4934.2105 | K31: =-K19 -> -5865.7895 | L31: =-L19 -> -13863.158 | M31: =-M19 -> -6892.1053 | O31: Implied Perp G | Q31: =C28 -> 0.064406512 | S31: =E28 -> 0.062066488 | T31: =F28 -> 0.031528687 | U31: =G28 -> 0.069665458 | V31: =H28 -> 0.065022645 | W31: =I28 -> 0.061012579 | X31: =J28 -> 0.075671314 | Y31: =K28 -> 0.060132886 | Z31: =L28 -> 0.068796808 | AA31: =M28 -> 0.062972646
B32: Implied TV | C32: =SUM(C30:C31) -> 38515.264 | E32: =SUM(E30:E31) -> 31127.566 | F32: =SUM(F30:F31) -> 26579.907 | G32: =SUM(G30:G31) -> 90020.526 | H32: =SUM(H30:H31) -> 109991.25 | I32: =SUM(I30:I31) -> 71138.508 | J32: =SUM(J30:J31) -> 30795.639 | K32: =SUM(K30:K31) -> 11736.439 | L32: =SUM(L30:L31) -> 51225.157 | M32: =SUM(M30:M31) -> 41671.031
B33: Implied FV of TV | C33: =C32 -> 38515.264 | E33: =E32 -> 31127.566 | F33: =F32 -> 26579.907 | G33: =G32 -> 90020.526 | H33: =H32 -> 109991.25 | I33: =I32 -> 71138.508 | J33: =J32 -> 30795.639 | K33: =K32 -> 11736.439 | L33: =L32 -> 51225.157 | M33: =M32 -> 41671.031
B35: =B33 -> Implied FV of TV | C35: =C33-C20 -> 35032.285 | E35: =E33-E20 -> 27448.773 | F35: =F33-F20 -> 19671.945 | G35: =G33-G20 -> 86318.49 | H35: =H33-H20 -> 99590.601 | I35: =I33-I20 -> 63453.422 | J35: =J33-J20 -> 29063.849 | K35: =K33-K20 -> 10255.282 | L35: =L33-L20 -> 47018.357 | M35: =M33-M20 -> 38321.726
B36: Implied Future Value | C36: =C35/C30 -> 0.73000736 | E36: =E35/E30 -> 0.61538976 | F36: =F35/F30 -> 0.41802855 | G36: =G35/G30 -> 0.99663423 | H36: =H35/H30 -> 0.70362848 | I36: =I35/I30 -> 0.67349721 | J36: =J35/J30 -> 0.81343328 | K36: =K35/K30 -> 0.5826127 | L36: =L35/L30 -> 0.72237786 | M36: =M35/M30 -> 0.78911144
B37: Capitalized 2023A NOPAT | C37: =C19/C30 -> 0.19741388 | E37: =E19/E30 -> 0.30213325 | F37: =F19/F30 -> 0.43517735 | G37: =G19/G30 -> -0.039377974 | H37: =H19/H30 -> 0.22288877 | I37: =I19/I30 -> 0.24493296 | J37: =J19/J30 -> 0.13809771 | K37: =K19/K30 -> 0.33324131 | L37: =L19/L30 -> 0.21298997 | M37: =M19/M30 -> 0.14192051
B38: PV of 2024 -2026E NOPAT | C38: =C20/C30 -> 0.072578766 | E38: =E20/E30 -> 0.082476989 | F38: =F20/F30 -> 0.1467941 | G38: =G20/G30 -> 0.042743748 | H38: =H20/H30 -> 0.073482752 | I38: =I20/I30 -> 0.081569825 | J38: =J20/J30 -> 0.048469009 | K38: =K20/K30 -> 0.084145994 | L38: =L20/L30 -> 0.064632177 | M38: =M20/M30 -> 0.068968049

Sheet TSM>>

Sheet TDG - TSM
B3: Basic shares | C3: 56.230448
B5: Current Share Price | C5: 1276.15
B7: Options | C7: WAEP | D7: ITM? | E7: Proceeds
B8: 0.120116 | C8: 712.29 | D8: =IF(C8<C5,C8,0) -> 712.29 | E8: =D8*B8 -> 85.557426
B9: 2.89284 | C9: 390.75 | D9: =IF(C9<C6,C9,0) -> 0 | E9: =D9*B9 -> 0
B10: 0.074215 | C10: 226.34 | D10: =IF(C10<C7,C10,0) -> 226.34 | E10: =D10*B10 -> 16.797823
B11: =SUM(B8:B10) -> 3.087171 | E11: =B11-(SUM(E8:E10)/C5) -> 3.0069647
B13: Total FDSO | E13: =E11+C3 -> 59.237413
B15: Fully Dilluted Market Cap | E15: =E13*C5 -> 75595.824
B16: Plus: Debt | E16: =24296+98+486 -> 24880
B17: Less: Cash | E17: =-6261 -> -6261
B18: Enterprise Value | E18: =SUM(E15:E17) -> 94214.824

Sheet APH - TSM
B3: Basic shares | C3: 375.33599
B5: Current Share Price | C5: 120.04
B7: Options | C7: WAEP | D7: ITM? | E7: Proceeds
B8: 0.02184 | D8: =IF(C8<C5,C8,0) -> 0 | E8: =D8*B8 -> 0
B10: =SUM(B8:B9) -> 0.02184 | E10: =B10-(E8/C5) -> 0.02184
B12: Total FDSO | E12: =E10+C3 -> 375.35783
B14: Fully Dilluted Market Cap | E14: =E12*C5 -> 45057.954
B15: Plus: Debt | E15: 2909.6
B16: Less: Cash | E16: -908.7
B17: Enterprise Value | E17: =SUM(E14:E16) -> 47058.854

Sheet ETN - TSM
B3: Basic shares | C3: 395.2
B5: Current Share Price | C5: 338.12
B7: Options | C7: WAEP | D7: ITM? | E7: Proceeds
B8: 2.2 | C8: 103.76 | D8: =IF(C8<C5,C8,0) -> 103.76 | E8: =D8*B8 -> 228.272
B10: =SUM(B8:B9) -> 2.2 | E10: =B10-(E8/C5) -> 1.5248787
B12: Total FDSO | E12: =E10+C3 -> 396.72488
B14: Fully Dilluted Market Cap | E14: =E12*C5 -> 134140.62
B15: Plus: Debt | E15: =8678+714 -> 9392
B16: Less: Cash | E16: =-473-1521 -> -1994
B17: Enterprise Value | E17: =SUM(E14:E16) -> 141538.62

Sheet AME - TSM
B3: Basic shares | C3: =231.30768 -> 231.30768
B5: Current Share Price | C5: 183.36
B7: Options | C7: WAEP | D7: ITM? | E7: Proceeds
B8: 1.809 | C8: 96.89 | D8: =IF(C8<C5,C8,0) -> 96.89 | E8: =D8*B8 -> 175.27401
B9: 0.281
B10: 0.235
B11: =SUM(B8:B10) -> 2.325 | E11: =B11-(SUM(E8:E9)/C5) -> 1.369099
B13: Total FDSO | E13: =E11+C3 -> 232.67678
B15: Fully Dilluted Market Cap | E15: =E13*C5 -> 42663.614
B16: Plus: Debt | E16: =1765.473+571.061 -> 2336.534
B17: Less: Cash | E17: -396.266
B18: Enterprise Value | E18: =SUM(E15:E17) -> 44603.882

Sheet HWM- TSM
B3: Basic shares | C3: 406.26065
B5: Current Share Price | C5: 110.83
B7: Options | C7: WAEP | D7: ITM? | E7: Proceeds
B8: 0.5 | C8: 22.67 | D8: =IF(C8<C5,C8,0) -> 22.67 | E8: =D8*B8 -> 11.335
B10: =SUM(B8:B9) -> 0.5 | E10: =B10-(E8/C5) -> 0.39772625
B12: Total FDSO | E12: =E10+C3 -> 406.65838
B14: Fully Dilluted Market Cap | E14: =E12*C5 -> 45069.948
B15: Plus: Debt | E15: =3393+1 -> 3394
B16: Less: Cash | E16: -475
B17: Enterprise Value | E17: =SUM(E14:E16) -> 47988.948

Sheet IEX- TSM
B3: Basic shares | C3: 75.723308
B5: Current Share Price | C5: 212.38
B7: Options | C7: WAEP | D7: ITM? | E7: Proceeds
B8: 0.603219 | C8: 168.07 | D8: =IF(C8<C5,C8,0) -> 168.07 | E8: =D8*B8 -> 101.38302
B9: 0.180081
B10: 0.059505
B11: =SUM(B8:B10) -> 0.842805 | E11: =B11-(SUM(E8:E10)/C5) -> 0.36543888
B13: Total FDSO | E13: =E11+C3 -> 76.088747
B15: Fully Dilluted Market Cap | E15: =E13*C5 -> 16159.728
B16: Plus: Debt | E16: =2075.1 -> 2075.1
B17: Less: Cash | E17: =-633.2+0.6 -> -632.6
B18: Enterprise Value | E18: =SUM(E15:E17) -> 17602.228

Sheet ROP- TSM
B3: Basic shares | C3: 107.22915
B5: Current Share Price | C5: 525.4
B7: Options | C7: WAEP | D7: ITM? | E7: Proceeds
B8: 1.763 | C8: 291.74 | D8: =IF(C8<C5,C8,0) -> 291.74 | E8: =D8*B8 -> 514.33762
B9: 0.44
B10: =SUM(B8:B9) -> 2.203 | E10: =B10-(SUM(E8:E9)/C5) -> 1.2240552
B12: Total FDSO | E12: =E10+C3 -> 108.45321
B14: Fully Dilluted Market Cap | E14: =E12*C5 -> 56981.315
B15: Plus: Debt | E15: =7677.6+699 -> 8376.6
B16: Less: Cash | E16: -269.6
B17: Enterprise Value | E17: =SUM(E14:E16) -> 65088.315

Sheet HEI- TSM
B3: Basic shares | C3: =54.986227+83.843858 -> 138.83008
B5: Current Share Price | C5: 238.94
B7: Options | C7: WAEP | D7: ITM? | E7: Proceeds
B8: 3.435 | C8: 96.14 | D8: =IF(C8<C5,C8,0) -> 96.14 | E8: =D8*B8 -> 330.2409
B10: =SUM(B8:B9) -> 3.435 | E10: =B10-(E8/C5) -> 2.0528919
B12: Total FDSO | E12: =E10+C3 -> 140.88298
B14: Fully Dilluted Market Cap | E14: =E12*C5 -> 33662.579
B15: Plus: Debt | E15: =2225.267+4.107 -> 2229.374
B16: Less: Cash | E16: -162.103
B17: Enterprise Value | E17: =SUM(E14:E16) -> 35729.85

Sheet VRT- TSM
B3: Basic shares | C3: 375.33599
B5: Current Share Price | C5: 120.04
B7: Options | C7: WAEP | D7: ITM? | E7: Proceeds
B8: 11.155357 | C8: 14.3 | D8: =IF(C8<C5,C8,0) -> 14.3 | E8: =D8*B8 -> 159.52161
B9: 2.726895
B10: =SUM(B8:B9) -> 13.882252 | E10: =B10-(SUM(E8:E9)/C5) -> 12.553348
B12: Total FDSO | E12: =E10+C3 -> 387.88934
B14: Fully Dilluted Market Cap | E14: =E12*C5 -> 46562.236
B15: Plus: Debt | E15: 2909.6
B16: Less: Cash | E16: -908.7
B17: Enterprise Value | E17: =SUM(E14:E16) -> 48563.136

Sheet Energy Costs
O5: Cost per kW
N6: Turbine - industrial | O6: 785
N7: Turbine - aeroderivative | O7: 1294 | P7: =AVERAGE(O6:O7) -> 1039.5
N8: Wind power | O8: 1718 | P8: =O8/$P$7-1 -> 0.65271765
N9: Solar photovoltaic | O9: 1327 | P9: =O9/$P$7-1 -> 0.27657528
N10: Solar PV with storage | O10: 1748 | P10: =O10/$P$7-1 -> 0.68157768
N11: Nuclear | O11: =(6695+7547)/2 -> 7121 | P11: =O11/$P$7-1 -> 5.8504089
N12: Battery Storage | O12: 1316 | P12: =O12/$P$7-1 -> 0.26599327
N13: Fuel Cells | O13: =(6639+7224)/2 -> 6931.5 | P13: =O13/$P$7-1 -> 5.6681097 | Q13: =MEDIAN(P8:P13) -> 0.66714767
